Workbook

Sheet SECOP
B1: CONSOLIDADO EVALUACIÓN TÉCNICA SELECCION ABREVIADA MC-SA-MC-0001-2026 - Realizar las obras de reparaciones locativas del inmueble Casa Museo Guillermo León Valencia de Popayán - Cauca, ubicado en el centro histórico declarado bien de interés cultural del ámbito nacional
A2: N° | B2: NOMBRE PROPONENTE | C2: OFERTA ECONÓMICA EN EXCEL / PDF | D2: VALOR OFERTADO EN SECOP | E2: VALIDACIÓN | F2: OBSERVACIONES
A3: 1 | B3: CONSORCIO MANTENIMIENTOS | C3: 703740295 | D3: 703740295 | E3: =C3=D3 -> TRUE
A4: 2 | B4: GRUPO INARCO SAS | C4: 689688086 | D4: 689688086 | E4: =C4=D4 -> TRUE
A5: 3 | B5: CONSORCIO VENTURA & CO | C5: 686696495 | D5: 686696495 | E5: =C5=D5 -> TRUE | F5: el aiu (30%) es superior al establecido por la entidad (29,83%)
A6: 4 | B6: ID SAS | C6: 691092471 | D6: 691092471 | E6: =C6=D6 -> TRUE | F6: para la operación aritmetica del AIUutiliza el % de las casillas establecido por la entidad
A7: 5 | B7: CONSTRUSERVICIOS SAS | C7: 678535521 | D7: 678535521 | E7: =C7=D7 -> TRUE | F7: Supera el valor unitario de alguno de los ítems ofrecidos con respecto al valor establecido para cada ítem del Presupuesto Oficial. No presento aiu
A8: 6 | B8: CONSORCIO NVP | C8: 6.8656612e+08 | D8: 6.8656612e+08 | E8: =C8=D8 -> FALSE | F8: para la operación aritmetica del AIUutiliza el % de las casillas establecido por la entidad
A9: 7 | B9: CONSORCIO PATRIMONIAL LEON VALENCIA | C9: 683813159 | D9: 683813159 | E9: =C9=D9 -> TRUE | F9: el aiu (30%) es superior al establecido por la entidad (29,83%)
A10: 8 | B10: UNION TEMPORAL SCG OBRAS | C10: 682350184 | D10: 682350184 | E10: =C10=D10 -> TRUE | F10: el aiu (30%) es superior al establecido por la entidad (29,83%)
A11: 9 | B11: CONSTRUCCIONES E INVERSIONES ESTELAR SAS | C11: 682709673 | D11: 682709673 | E11: =C11=D11 -> TRUE
A12: 10 | B12: CONSORCIO OBRAS Y SOLUCIONES DM | C12: 679802533 | D12: 679802533 | E12: =C12=D12 -> TRUE | F12: para la operación aritmetica del AIUutiliza el % de las casillas establecido por la entidad
A13: 11 | B13: CONSORCIO C&C | C13: 679453143 | D13: 679453143 | E13: =C13=D13 -> TRUE
A14: 12 | B14: ERJ INGENIERIA E INVERSIONES SAS | C14: 667500570 | D14: 667500570 | E14: =C14=D14 -> TRUE
A15: 13 | B15: FUNDACION ESPELETIA | C15: 689945003 | D15: 689945003 | E15: =C15=D15 -> TRUE
A16: 14 | B16: JOSE RAUL GONZALEZ RIVERA | C16: 709547292 | D16: 709547292 | E16: =C16=D16 -> TRUE | F16: el aiu (30%) es superior al establecido por la entidad (29,83%). no presento el valor del item Certificacion RETIE y RETILAP
A17: 15 | B17: UT CAMPEN MINCULTURA 2026 | C17: 676441000 | D17: 676441000 | E17: =C17=D17 -> TRUE | F17: el aiu (30%) es superior al establecido por la entidad (29,83%)
A18: 16 | B18: ZILL | C18: 710565018 | D18: 710565018 | E18: =C18=D18 -> TRUE | F18: el aiu (30%) es superior al establecido por la entidad (29,83%)

Sheet EVALUACIÓN OFERTAS
A2: PRESUPUESTO OFICIAL | G2: 0
A3: =+SECOP!B1 -> CONSOLIDADO EVALUACIÓN TÉCNICA SELECCION ABREVIADA MC-SA-MC-0001-2026 - Realizar las obras de reparaciones locativas del inmueble Casa Museo Guillermo León Valencia de Popayán - Cauca, ubicado en el centro histórico declarado bien de interés cultural del ámbito nacional | G3: 1 | J3: 2 | M3: 3 | P3: 4 | S3: 5 | V3: 6 | Y3: 7 | AB3: 8 | AE3: 9 | AH3: 10 | AK3: 11 | AN3: 12 | AQ3: 13 | AT3: 14 | AW3: 15 | AZ3: 16 | BC3: 17 | BF3: 18 | BI3: 19
G4: =+SECOP!B3 -> CONSORCIO MANTENIMIENTOS | J4: =+SECOP!B4 -> GRUPO INARCO SAS | M4: =+SECOP!B5 -> CONSORCIO VENTURA & CO | P4: =+SECOP!B6 -> ID SAS | S4: =+SECOP!B7 -> CONSTRUSERVICIOS SAS | V4: =+SECOP!B8 -> CONSORCIO NVP | Y4: =+SECOP!B9 -> CONSORCIO PATRIMONIAL LEON VALENCIA | AB4: =+SECOP!B10 -> UNION TEMPORAL SCG OBRAS | AE4: =+SECOP!B11 -> CONSTRUCCIONES E INVERSIONES ESTELAR SAS | AH4: =+SECOP!B12 -> CONSORCIO OBRAS Y SOLUCIONES DM | AK4: =+SECOP!B13 -> CONSORCIO C&C | AN4: =+SECOP!B14 -> ERJ INGENIERIA E INVERSIONES SAS | AQ4: =+SECOP!B15 -> FUNDACION ESPELETIA | AT4: =+SECOP!B16 -> JOSE RAUL GONZALEZ RIVERA | AW4: =+SECOP!B17 -> UT CAMPEN MINCULTURA 2026 | AZ4: =+SECOP!B18 -> ZILL | BC4: =+SECOP!AX3 -> 0 | BF4: =+SECOP!AX4 -> 0 | BI4: =+SECOP!AX5 -> 0
A5: ITEM | B5: ACTIVIDAD | C5: UNIDAD | D5: CANTIDAD | E5: VALOR UNITARIO | F5: VALOR TOTAL | G5: Vr. UNITARIO OFERTADO | H5: Vr. TOTAL OFERTADO | I5: v | J5: Vr. UNITARIO OFERTADO | K5: Vr. TOTAL OFERTADO | L5: v | M5: Vr. UNITARIO OFERTADO | N5: Vr. TOTAL OFERTADO | O5: v | P5: Vr. UNITARIO OFERTADO | Q5: Vr. TOTAL OFERTADO | R5: v | S5: Vr. UNITARIO OFERTADO | T5: Vr. TOTAL OFERTADO | U5: v | V5: Vr. UNITARIO OFERTADO | W5: Vr. TOTAL OFERTADO | X5: v | Y5: Vr. UNITARIO OFERTADO | Z5: Vr. TOTAL OFERTADO | AA5: v | AB5: Vr. UNITARIO OFERTADO | AC5: Vr. TOTAL OFERTADO | AD5: v | AE5: Vr. UNITARIO OFERTADO | AF5: Vr. TOTAL OFERTADO | AG5: v | AH5: Vr. UNITARIO OFERTADO | AI5: Vr. TOTAL OFERTADO | AJ5: v | AK5: Vr. UNITARIO OFERTADO | AL5: Vr. TOTAL OFERTADO | AM5: v | AN5: Vr. UNITARIO OFERTADO | AO5: Vr. TOTAL OFERTADO | AP5: v | AQ5: Vr. UNITARIO OFERTADO | AR5: Vr. TOTAL OFERTADO | AS5: v | AT5: Vr. UNITARIO OFERTADO | AU5: Vr. TOTAL OFERTADO | AV5: v | AW5: Vr. UNITARIO OFERTADO | AX5: Vr. TOTAL OFERTADO | AY5: v | AZ5: Vr. UNITARIO OFERTADO | BA5: Vr. TOTAL OFERTADO | BB5: v | BC5: Vr. UNITARIO OFERTADO | BD5: Vr. TOTAL OFERTADO | BE5: v | BF5: Vr. UNITARIO OFERTADO | BG5: Vr. TOTAL OFERTADO | BH5: v | BI5: Vr. UNITARIO OFERTADO | BJ5: Vr. TOTAL OFERTADO | BK5: v
A6: 1 | B6: ACTIVIDADES PRELIMINARES | I6: =IF(OR(G6>$E6,G6<$K$2),$K$1,"") | L6: =IF(OR(J6>$E6,J6<$K$2),$K$1,"") | O6: =IF(OR(M6>$E6,M6<$K$2),$K$1,"") | R6: =IF(OR(P6>$E6,P6<$K$2),$K$1,"") | U6: =IF(OR(S6>$E6,S6<$K$2),$K$1,"") | X6: =IF(OR(V6>$E6,V6<$K$2),$K$1,"") | AA6: =IF(OR(Y6>$E6,Y6<$K$2),$K$1,"") | AD6: =IF(OR(AB6>$E6,AB6<$K$2),$K$1,"") | AG6: =IF(OR(AE6>$E6,AE6<$K$2),$K$1,"") | AJ6: =IF(OR(AH6>$E6,AH6<$K$2),$K$1,"") | AM6: =IF(OR(AK6>$E6,AK6<$K$2),$K$1,"") | AP6: =IF(OR(AN6>$E6,AN6<$K$2),$K$1,"") | AS6: =IF(OR(AQ6>$E6,AQ6<$K$2),$K$1,"") | AV6: =IF(OR(AT6>$E6,AT6<$K$2),$K$1,"") | AY6: =IF(OR(AW6>$E6,AW6<$K$2),$K$1,"") | BB6: =IF(OR(AZ6>$E6,AZ6<$K$2),$K$1,"") | BC6: 2551 | BD6: =+ROUND($D$6*BC6,0) -> 0 | BE6: =IF(OR(BC6>$E6,BC6<$K$2),$K$1,"") -> 0 | BF6: 2551 | BG6: =+ROUND($D$6*BF6,0) -> 0 | BH6: =IF(OR(BF6>$E6,BF6<$K$2),$K$1,"") -> 0 | BI6: 2434 | BJ6: =+ROUND($D$6*BI6,0) -> 0 | BK6: =IF(OR(BI6>$E6,BI6<$K$2),$K$1,"") -> 0
A7: 1.1 | B7: Suministro e instalación de andamios certificados para las actividades de trabajo en altura que lo requieran. | C7: dia | D7: 120 | E7: 96547 | F7: =+ROUND(D7*E7,0) -> 11585640 | G7: 93747 | H7: =+ROUND($D7*G7,0) -> 11249640 | I7: =IF(OR(G7>$E7,G7<$K$2),$K$1,"") | J7: 91816 | K7: =+ROUND($D7*J7,0) -> 11017920 | L7: =IF(OR(J7>$E7,J7<$K$2),$K$1,"") | M7: 91290.981 | N7: =+ROUND($D7*M7,0) -> 10954918 | O7: =IF(OR(M7>$E7,M7<$K$2),$K$1,"") | P7: 92005 | Q7: =+ROUND($D7*P7,0) -> 11040600 | R7: =IF(OR(P7>$E7,P7<$K$2),$K$1,"") | S7: 118105.95 | T7: =+ROUND($D7*S7,0) -> 14172713 | U7: =IF(OR(S7>$E7,S7<$K$2),$K$1,"") -> 0 | V7: 91458.973 | W7: =+ROUND($D7*V7,0) -> 10975077 | X7: =IF(OR(V7>$E7,V7<$K$2),$K$1,"") | Y7: 91092 | Z7: =+ROUND($D7*Y7,0) -> 10931040 | AA7: =IF(OR(Y7>$E7,Y7<$K$2),$K$1,"") | AB7: 90706 | AC7: =+ROUND($D7*AB7,0) -> 10884720 | AD7: =IF(OR(AB7>$E7,AB7<$K$2),$K$1,"") | AE7: 90875 | AF7: =+ROUND($D7*AE7,0) -> 10905000 | AG7: =IF(OR(AE7>$E7,AE7<$K$2),$K$1,"") | AH7: 90483 | AI7: =+ROUND($D7*AH7,0) -> 10857960 | AJ7: =IF(OR(AH7>$E7,AH7<$K$2),$K$1,"") | AK7: 90436 | AL7: =+ROUND($D7*AK7,0) -> 10852320 | AM7: =IF(OR(AK7>$E7,AK7<$K$2),$K$1,"") | AN7: 88823 | AO7: =+ROUND($D7*AN7,0) -> 10658760 | AP7: =IF(OR(AN7>$E7,AN7<$K$2),$K$1,"") | AQ7: 92434 | AR7: =+ROUND($D7*AQ7,0) -> 11092080 | AS7: =IF(OR(AQ7>$E7,AQ7<$K$2),$K$1,"") | AT7: 95581.53 | AU7: =+ROUND($D7*AT7,0) -> 11469784 | AV7: =IF(OR(AT7>$E7,AT7<$K$2),$K$1,"") | AW7: 90000 | AX7: =+ROUND($D7*AW7,0) -> 10800000 | AY7: =IF(OR(AW7>$E7,AW7<$K$2),$K$1,"") | AZ7: 94600 | BA7: =+ROUND($D7*AZ7,0) -> 11352000 | BB7: =IF(OR(AZ7>$E7,AZ7<$K$2),$K$1,"") | BC7: 16927 | BD7: =+ROUND($D$7*BC7,0) -> 2031240 | BE7: =IF(OR(BC7>$E7,BC7<$K$2),$K$1,"") | BF7: 16927 | BG7: =+ROUND($D$7*BF7,0) -> 2031240 | BH7: =IF(OR(BF7>$E7,BF7<$K$2),$K$1,"") | BI7: 16154 | BJ7: =+ROUND($D$7*BI7,0) -> 1938480 | BK7: =IF(OR(BI7>$E7,BI7<$K$2),$K$1,"")
A8: 1.2 | B8: Desconectar y anular bajantes de latón empotradas en muro de fachada diámetro aproximado de 3". (Incluye conexión horizontal a canal) | C8: ml | D8: 80.71 | E8: 21640 | F8: =+ROUND(D8*E8,0) -> 1746564 | G8: 21012 | H8: =+ROUND($D8*G8,0) -> 1695879 | I8: =IF(OR(G8>$E8,G8<$K$2),$K$1,"") | J8: 20580 | K8: =+ROUND($D8*J8,0) -> 1661012 | L8: =IF(OR(J8>$E8,J8<$K$2),$K$1,"") | M8: 20461.918 | N8: =+ROUND($D8*M8,0) -> 1651481 | O8: =IF(OR(M8>$E8,M8<$K$2),$K$1,"") | P8: 20622 | Q8: =+ROUND($D8*P8,0) -> 1664402 | R8: =IF(OR(P8>$E8,P8<$K$2),$K$1,"") | S8: 26472.212 | T8: =+ROUND($D8*S8,0) -> 2136572 | U8: =IF(OR(S8>$E8,S8<$K$2),$K$1,"") -> 0 | V8: 20499.572 | W8: =+ROUND($D8*V8,0) -> 1654520 | X8: =IF(OR(V8>$E8,V8<$K$2),$K$1,"") | Y8: 20417 | Z8: =+ROUND($D8*Y8,0) -> 1647856 | AA8: =IF(OR(Y8>$E8,Y8<$K$2),$K$1,"") | AB8: 20331 | AC8: =+ROUND($D8*AB8,0) -> 1640915 | AD8: =IF(OR(AB8>$E8,AB8<$K$2),$K$1,"") | AE8: 20369 | AF8: =+ROUND($D8*AE8,0) -> 1643982 | AG8: =IF(OR(AE8>$E8,AE8<$K$2),$K$1,"") | AH8: 20281 | AI8: =+ROUND($D8*AH8,0) -> 1636880 | AJ8: =IF(OR(AH8>$E8,AH8<$K$2),$K$1,"") | AK8: 20270 | AL8: =+ROUND($D8*AK8,0) -> 1635992 | AM8: =IF(OR(AK8>$E8,AK8<$K$2),$K$1,"") | AN8: 19909 | AO8: =+ROUND($D8*AN8,0) -> 1606855 | AP8: =IF(OR(AN8>$E8,AN8<$K$2),$K$1,"") | AQ8: 20718 | AR8: =+ROUND($D8*AQ8,0) -> 1672150 | AS8: =IF(OR(AQ8>$E8,AQ8<$K$2),$K$1,"") | AT8: 21423.6 | AU8: =+ROUND($D8*AT8,0) -> 1729099 | AV8: =IF(OR(AT8>$E8,AT8<$K$2),$K$1,"") | AW8: 20200 | AX8: =+ROUND($D8*AW8,0) -> 1630342 | AY8: =IF(OR(AW8>$E8,AW8<$K$2),$K$1,"") | AZ8: 21200 | BA8: =+ROUND($D8*AZ8,0) -> 1711052 | BB8: =IF(OR(AZ8>$E8,AZ8<$K$2),$K$1,"") | BC8: 1501727 | BD8: =+ROUND($D$8*BC8,0) -> 121204386 | BE8: =IF(OR(BC8>$E8,BC8<$K$2),$K$1,"") -> 0 | BF8: 1501727 | BG8: =+ROUND($D$8*BF8,0) -> 121204386 | BH8: =IF(OR(BF8>$E8,BF8<$K$2),$K$1,"") -> 0 | BI8: 1433113 | BJ8: =+ROUND($D$8*BI8,0) -> 115666550 | BK8: =IF(OR(BI8>$E8,BI8<$K$2),$K$1,"") -> 0
A9: 1.3 | B9: Retiro de canales de latón en patios internos y en fachada exterior. Incluye evacuación de escombros | C9: ml | D9: 181.19 | E9: 26530 | F9: =+ROUND(D9*E9,0) -> 4806971 | G9: 25761 | H9: =+ROUND($D9*G9,0) -> 4667636 | I9: =IF(OR(G9>$E9,G9<$K$2),$K$1,"") | J9: 25230 | K9: =+ROUND($D9*J9,0) -> 4571424 | L9: =IF(OR(J9>$E9,J9<$K$2),$K$1,"") | M9: 25085.707 | N9: =+ROUND($D9*M9,0) -> 4545279 | O9: =IF(OR(M9>$E9,M9<$K$2),$K$1,"") | P9: 25282 | Q9: =+ROUND($D9*P9,0) -> 4580846 | R9: =IF(OR(P9>$E9,P9<$K$2),$K$1,"") | S9: 32454.149 | T9: =+ROUND($D9*S9,0) -> 5880367 | U9: =IF(OR(S9>$E9,S9<$K$2),$K$1,"") -> 0 | V9: 25131.869 | W9: =+ROUND($D9*V9,0) -> 4553643 | X9: =IF(OR(V9>$E9,V9<$K$2),$K$1,"") | Y9: 25031 | Z9: =+ROUND($D9*Y9,0) -> 4535367 | AA9: =IF(OR(Y9>$E9,Y9<$K$2),$K$1,"") | AB9: 24925 | AC9: =+ROUND($D9*AB9,0) -> 4516161 | AD9: =IF(OR(AB9>$E9,AB9<$K$2),$K$1,"") | AE9: 24971 | AF9: =+ROUND($D9*AE9,0) -> 4524495 | AG9: =IF(OR(AE9>$E9,AE9<$K$2),$K$1,"") | AH9: 24864 | AI9: =+ROUND($D9*AH9,0) -> 4505108 | AJ9: =IF(OR(AH9>$E9,AH9<$K$2),$K$1,"") | AK9: 24851 | AL9: =+ROUND($D9*AK9,0) -> 4502753 | AM9: =IF(OR(AK9>$E9,AK9<$K$2),$K$1,"") | AN9: 24408 | AO9: =+ROUND($D9*AN9,0) -> 4422486 | AP9: =IF(OR(AN9>$E9,AN9<$K$2),$K$1,"") | AQ9: 25400 | AR9: =+ROUND($D9*AQ9,0) -> 4602226 | AS9: =IF(OR(AQ9>$E9,AQ9<$K$2),$K$1,"") | AT9: 26264.7 | AU9: =+ROUND($D9*AT9,0) -> 4758901 | AV9: =IF(OR(AT9>$E9,AT9<$K$2),$K$1,"") | AW9: 24700 | AX9: =+ROUND($D9*AW9,0) -> 4475393 | AY9: =IF(OR(AW9>$E9,AW9<$K$2),$K$1,"") | AZ9: 25900 | BA9: =+ROUND($D9*AZ9,0) -> 4692821 | BB9: =IF(OR(AZ9>$E9,AZ9<$K$2),$K$1,"") | BC9: 1501727 | BD9: =+ROUND($D$8*BC9,0) -> 121204386 | BE9: =IF(OR(BC9>$E9,BC9<$K$2),$K$1,"") -> 0 | BF9: 1501727 | BG9: =+ROUND($D$8*BF9,0) -> 121204386 | BH9: =IF(OR(BF9>$E9,BF9<$K$2),$K$1,"") -> 0 | BI9: 1433113 | BJ9: =+ROUND($D$8*BI9,0) -> 115666550 | BK9: =IF(OR(BI9>$E9,BI9<$K$2),$K$1,"") -> 0
A10: 1.4 | B10: Retiro de bajantes de latón adosadas a columna de madera en patios. Incluye evacuación de escombros | C10: ml | D10: 52.94 | E10: 26530 | F10: =+ROUND(D10*E10,0) -> 1404498 | G10: 25761 | H10: =+ROUND($D10*G10,0) -> 1363787 | I10: =IF(OR(G10>$E10,G10<$K$2),$K$1,"") | J10: 25230 | K10: =+ROUND($D10*J10,0) -> 1335676 | L10: =IF(OR(J10>$E10,J10<$K$2),$K$1,"") | M10: 25085.707 | N10: =+ROUND($D10*M10,0) -> 1328037 | O10: =IF(OR(M10>$E10,M10<$K$2),$K$1,"") | P10: 25282 | Q10: =+ROUND($D10*P10,0) -> 1338429 | R10: =IF(OR(P10>$E10,P10<$K$2),$K$1,"") | S10: 32454.149 | T10: =+ROUND($D10*S10,0) -> 1718123 | U10: =IF(OR(S10>$E10,S10<$K$2),$K$1,"") -> 0 | V10: 25131.869 | W10: =+ROUND($D10*V10,0) -> 1330481 | X10: =IF(OR(V10>$E10,V10<$K$2),$K$1,"") | Y10: 25031 | Z10: =+ROUND($D10*Y10,0) -> 1325141 | AA10: =IF(OR(Y10>$E10,Y10<$K$2),$K$1,"") | AB10: 24925 | AC10: =+ROUND($D10*AB10,0) -> 1319530 | AD10: =IF(OR(AB10>$E10,AB10<$K$2),$K$1,"") | AE10: 24971 | AF10: =+ROUND($D10*AE10,0) -> 1321965 | AG10: =IF(OR(AE10>$E10,AE10<$K$2),$K$1,"") | AH10: 24864 | AI10: =+ROUND($D10*AH10,0) -> 1316300 | AJ10: =IF(OR(AH10>$E10,AH10<$K$2),$K$1,"") | AK10: 24851 | AL10: =+ROUND($D10*AK10,0) -> 1315612 | AM10: =IF(OR(AK10>$E10,AK10<$K$2),$K$1,"") | AN10: 24408 | AO10: =+ROUND($D10*AN10,0) -> 1292160 | AP10: =IF(OR(AN10>$E10,AN10<$K$2),$K$1,"") | AQ10: 25400 | AR10: =+ROUND($D10*AQ10,0) -> 1344676 | AS10: =IF(OR(AQ10>$E10,AQ10<$K$2),$K$1,"") | AT10: 26264.7 | AU10: =+ROUND($D10*AT10,0) -> 1390453 | AV10: =IF(OR(AT10>$E10,AT10<$K$2),$K$1,"") | AW10: 24700 | AX10: =+ROUND($D10*AW10,0) -> 1307618 | AY10: =IF(OR(AW10>$E10,AW10<$K$2),$K$1,"") | AZ10: 25900 | BA10: =+ROUND($D10*AZ10,0) -> 1371146 | BB10: =IF(OR(AZ10>$E10,AZ10<$K$2),$K$1,"") | BC10: 1501727 | BD10: =+ROUND($D$8*BC10,0) -> 121204386 | BE10: =IF(OR(BC10>$E10,BC10<$K$2),$K$1,"") -> 0 | BF10: 1501727 | BG10: =+ROUND($D$8*BF10,0) -> 121204386 | BH10: =IF(OR(BF10>$E10,BF10<$K$2),$K$1,"") -> 0 | BI10: 1433113 | BJ10: =+ROUND($D$8*BI10,0) -> 115666550 | BK10: =IF(OR(BI10>$E10,BI10<$K$2),$K$1,"") -> 0
A11: 1.5 | B11: Limpieza de piedra laja de piso patio central, retiro de capa de musgo. Incluye cepillado con grata y aplicación de jabón no ionizado | C11: m2 | D11: 119.74 | E11: 25295 | F11: =+ROUND(D11*E11,0) -> 3028823 | G11: 24561 | H11: =+ROUND($D11*G11,0) -> 2940934 | I11: =IF(OR(G11>$E11,G11<$K$2),$K$1,"") | J11: 24056 | K11: =+ROUND($D11*J11,0) -> 2880465 | L11: =IF(OR(J11>$E11,J11<$K$2),$K$1,"") | M11: 23917.94 | N11: =+ROUND($D11*M11,0) -> 2863934 | O11: =IF(OR(M11>$E11,M11<$K$2),$K$1,"") | P11: 24105 | Q11: =+ROUND($D11*P11,0) -> 2886333 | R11: =IF(OR(P11>$E11,P11<$K$2),$K$1,"") | S11: 30943.373 | T11: =+ROUND($D11*S11,0) -> 3705160 | U11: =IF(OR(S11>$E11,S11<$K$2),$K$1,"") -> 0 | V11: 23961.953 | W11: =+ROUND($D11*V11,0) -> 2869204 | X11: =IF(OR(V11>$E11,V11<$K$2),$K$1,"") | Y11: 23866 | Z11: =+ROUND($D11*Y11,0) -> 2857715 | AA11: =IF(OR(Y11>$E11,Y11<$K$2),$K$1,"") | AB11: 23765 | AC11: =+ROUND($D11*AB11,0) -> 2845621 | AD11: =IF(OR(AB11>$E11,AB11<$K$2),$K$1,"") | AE11: 23809 | AF11: =+ROUND($D11*AE11,0) -> 2850890 | AG11: =IF(OR(AE11>$E11,AE11<$K$2),$K$1,"") | AH11: 23706 | AI11: =+ROUND($D11*AH11,0) -> 2838556 | AJ11: =IF(OR(AH11>$E11,AH11<$K$2),$K$1,"") | AK11: 23694 | AL11: =+ROUND($D11*AK11,0) -> 2837120 | AM11: =IF(OR(AK11>$E11,AK11<$K$2),$K$1,"") | AN11: 23271 | AO11: =+ROUND($D11*AN11,0) -> 2786470 | AP11: =IF(OR(AN11>$E11,AN11<$K$2),$K$1,"") | AQ11: 24217 | AR11: =+ROUND($D11*AQ11,0) -> 2899744 | AS11: =IF(OR(AQ11>$E11,AQ11<$K$2),$K$1,"") | AT11: 25042.05 | AU11: =+ROUND($D11*AT11,0) -> 2998535 | AV11: =IF(OR(AT11>$E11,AT11<$K$2),$K$1,"") | AW11: 23600 | AX11: =+ROUND($D11*AW11,0) -> 2825864 | AY11: =IF(OR(AW11>$E11,AW11<$K$2),$K$1,"") | AZ11: 24700 | BA11: =+ROUND($D11*AZ11,0) -> 2957578 | BB11: =IF(OR(AZ11>$E11,AZ11<$K$2),$K$1,"") | BC11: 1501727 | BD11: =+ROUND($D$8*BC11,0) -> 121204386 | BE11: =IF(OR(BC11>$E11,BC11<$K$2),$K$1,"") -> 0 | BF11: 1501727 | BG11: =+ROUND($D$8*BF11,0) -> 121204386 | BH11: =IF(OR(BF11>$E11,BF11<$K$2),$K$1,"") -> 0 | BI11: 1433113 | BJ11: =+ROUND($D$8*BI11,0) -> 115666550 | BK11: =IF(OR(BI11>$E11,BI11<$K$2),$K$1,"") -> 0
A12: 1.6 | B12: Retiro de sector de tejadillo colapsado en patio posterior. Incluye retiro de 4 m2 de teja de barro, retiro de elementos de madera colapsados en sección 7 x 12cm. Incluye retiro de escombros | C12: m2 | D12: 4 | E12: 29827 | F12: =+ROUND(D12*E12,0) -> 119308 | G12: 28962 | H12: =+ROUND($D12*G12,0) -> 115848 | I12: =IF(OR(G12>$E12,G12<$K$2),$K$1,"") | J12: 28365 | K12: =+ROUND($D12*J12,0) -> 113460 | L12: =IF(OR(J12>$E12,J12<$K$2),$K$1,"") | M12: 28203.218 | N12: =+ROUND($D12*M12,0) -> 112813 | O12: =IF(OR(M12>$E12,M12<$K$2),$K$1,"") | P12: 28424 | Q12: =+ROUND($D12*P12,0) -> 113696 | R12: =IF(OR(P12>$E12,P12<$K$2),$K$1,"") | S12: 36487.369 | T12: =+ROUND($D12*S12,0) -> 145949 | U12: =IF(OR(S12>$E12,S12<$K$2),$K$1,"") -> 0 | V12: 28255.117 | W12: =+ROUND($D12*V12,0) -> 113020 | X12: =IF(OR(V12>$E12,V12<$K$2),$K$1,"") | Y12: 28142 | Z12: =+ROUND($D12*Y12,0) -> 112568 | AA12: =IF(OR(Y12>$E12,Y12<$K$2),$K$1,"") | AB12: 28022 | AC12: =+ROUND($D12*AB12,0) -> 112088 | AD12: =IF(OR(AB12>$E12,AB12<$K$2),$K$1,"") | AE12: 28075 | AF12: =+ROUND($D12*AE12,0) -> 112300 | AG12: =IF(OR(AE12>$E12,AE12<$K$2),$K$1,"") | AH12: 27954 | AI12: =+ROUND($D12*AH12,0) -> 111816 | AJ12: =IF(OR(AH12>$E12,AH12<$K$2),$K$1,"") | AK12: 27939 | AL12: =+ROUND($D12*AK12,0) -> 111756 | AM12: =IF(OR(AK12>$E12,AK12<$K$2),$K$1,"") | AN12: 27441 | AO12: =+ROUND($D12*AN12,0) -> 109764 | AP12: =IF(OR(AN12>$E12,AN12<$K$2),$K$1,"") | AQ12: 28556 | AR12: =+ROUND($D12*AQ12,0) -> 114224 | AS12: =IF(OR(AQ12>$E12,AQ12<$K$2),$K$1,"") | AT12: 29528.73 | AU12: =+ROUND($D12*AT12,0) -> 118115 | AV12: =IF(OR(AT12>$E12,AT12<$K$2),$K$1,"") | AW12: 27800 | AX12: =+ROUND($D12*AW12,0) -> 111200 | AY12: =IF(OR(AW12>$E12,AW12<$K$2),$K$1,"") | AZ12: 29200 | BA12: =+ROUND($D12*AZ12,0) -> 116800 | BB12: =IF(OR(AZ12>$E12,AZ12<$K$2),$K$1,"") | BC12: 1501727 | BD12: =+ROUND($D$8*BC12,0) -> 121204386 | BE12: =IF(OR(BC12>$E12,BC12<$K$2),$K$1,"") -> 0 | BF12: 1501727 | BG12: =+ROUND($D$8*BF12,0) -> 121204386 | BH12: =IF(OR(BF12>$E12,BF12<$K$2),$K$1,"") -> 0 | BI12: 1433113 | BJ12: =+ROUND($D$8*BI12,0) -> 115666550 | BK12: =IF(OR(BI12>$E12,BI12<$K$2),$K$1,"") -> 0
B13: SUBTOTAL 1. ACTIVIDADES PRELIMINARES | F13: =SUM(F6:F12) -> 22691804 | H13: =SUM(H6:H12) -> 22033724 | I13: =IF(OR(G13>$E13,G13<$K$2),$K$1,"") | K13: =SUM(K6:K12) -> 21579957 | L13: =IF(OR(J13>$E13,J13<$K$2),$K$1,"") | N13: =SUM(N6:N12) -> 21456462 | O13: =IF(OR(M13>$E13,M13<$K$2),$K$1,"") | Q13: =SUM(Q6:Q12) -> 21624306 | R13: =IF(OR(P13>$E13,P13<$K$2),$K$1,"") | T13: =SUM(T6:T12) -> 27758884 | U13: =IF(OR(S13>$E13,S13<$K$2),$K$1,"") | W13: =SUM(W6:W12) -> 21495945 | X13: =IF(OR(V13>$E13,V13<$K$2),$K$1,"") | Z13: =SUM(Z6:Z12) -> 21409687 | AA13: =IF(OR(Y13>$E13,Y13<$K$2),$K$1,"") | AC13: =SUM(AC6:AC12) -> 21319035 | AD13: =IF(OR(AB13>$E13,AB13<$K$2),$K$1,"") | AF13: =SUM(AF6:AF12) -> 21358632 | AG13: =IF(OR(AE13>$E13,AE13<$K$2),$K$1,"") | AI13: =SUM(AI6:AI12) -> 21266620 | AJ13: =IF(OR(AH13>$E13,AH13<$K$2),$K$1,"") | AL13: =SUM(AL6:AL12) -> 21255553 | AM13: =IF(OR(AK13>$E13,AK13<$K$2),$K$1,"") | AO13: =SUM(AO6:AO12) -> 20876495 | AP13: =IF(OR(AN13>$E13,AN13<$K$2),$K$1,"") | AR13: =SUM(AR6:AR12) -> 21725100 | AS13: =IF(OR(AQ13>$E13,AQ13<$K$2),$K$1,"") | AU13: =SUM(AU6:AU12) -> 22464887 | AV13: =IF(OR(AT13>$E13,AT13<$K$2),$K$1,"") | AX13: =SUM(AX6:AX12) -> 21150417 | AY13: =IF(OR(AW13>$E13,AW13<$K$2),$K$1,"") | BA13: =SUM(BA6:BA12) -> 22201397 | BB13: =IF(OR(AZ13>$E13,AZ13<$K$2),$K$1,"") | BC13: 1501727 | BD13: =+ROUND($D$8*BC13,0) -> 121204386 | BE13: =IF(OR(BC13>$E13,BC13<$K$2),$K$1,"") -> 0 | BF13: 1501727 | BG13: =+ROUND($D$8*BF13,0) -> 121204386 | BH13: =IF(OR(BF13>$E13,BF13<$K$2),$K$1,"") -> 0 | BI13: 1433113 | BJ13: =+ROUND($D$8*BI13,0) -> 115666550 | BK13: =IF(OR(BI13>$E13,BI13<$K$2),$K$1,"") -> 0
A14: 2 | B14: INSTALACIONES DE EVACUACIÓN DE AGUAS LLUVIAS Y MANEJO DE HUMEDAD DESCENDENTE | I14: =IF(OR(G14>$E14,G14<$K$2),$K$1,"") | L14: =IF(OR(J14>$E14,J14<$K$2),$K$1,"") | O14: =IF(OR(M14>$E14,M14<$K$2),$K$1,"") | R14: =IF(OR(P14>$E14,P14<$K$2),$K$1,"") | U14: =IF(OR(S14>$E14,S14<$K$2),$K$1,"") | X14: =IF(OR(V14>$E14,V14<$K$2),$K$1,"") | AA14: =IF(OR(Y14>$E14,Y14<$K$2),$K$1,"") | AD14: =IF(OR(AB14>$E14,AB14<$K$2),$K$1,"") | AG14: =IF(OR(AE14>$E14,AE14<$K$2),$K$1,"") | AJ14: =IF(OR(AH14>$E14,AH14<$K$2),$K$1,"") | AM14: =IF(OR(AK14>$E14,AK14<$K$2),$K$1,"") | AP14: =IF(OR(AN14>$E14,AN14<$K$2),$K$1,"") | AS14: =IF(OR(AQ14>$E14,AQ14<$K$2),$K$1,"") | AV14: =IF(OR(AT14>$E14,AT14<$K$2),$K$1,"") | AY14: =IF(OR(AW14>$E14,AW14<$K$2),$K$1,"") | BB14: =IF(OR(AZ14>$E14,AZ14<$K$2),$K$1,"") | BC14: 1501727 | BD14: =+ROUND($D$8*BC14,0) -> 121204386 | BE14: =IF(OR(BC14>$E14,BC14<$K$2),$K$1,"") -> 0 | BF14: 1501727 | BG14: =+ROUND($D$8*BF14,0) -> 121204386 | BH14: =IF(OR(BF14>$E14,BF14<$K$2),$K$1,"") -> 0 | BI14: 1433113 | BJ14: =+ROUND($D$8*BI14,0) -> 115666550 | BK14: =IF(OR(BI14>$E14,BI14<$K$2),$K$1,"") -> 0
A15: 2.1 | B15: Caja de inspección 0.30x0.30M H=0.80M (incluye marco y tapa) para conexión de bajante en lámina y red horizontal de A.L. subterránea | C15: unidad | D15: 22 | E15: 211252 | F15: =+ROUND(D15*E15,0) -> 4647544 | G15: 205126 | H15: =+ROUND($D15*G15,0) -> 4512772 | I15: =IF(OR(G15>$E15,G15<$K$2),$K$1,"") | J15: 200901 | K15: =+ROUND($D15*J15,0) -> 4419822 | L15: =IF(OR(J15>$E15,J15<$K$2),$K$1,"") | M15: 199751.44 | N15: =+ROUND($D15*M15,0) -> 4394532 | O15: =IF(OR(M15>$E15,M15<$K$2),$K$1,"") | P15: 201314 | Q15: =+ROUND($D15*P15,0) -> 4428908 | R15: =IF(OR(P15>$E15,P15<$K$2),$K$1,"") | S15: 258424.57 | T15: =+ROUND($D15*S15,0) -> 5685341 | U15: =IF(OR(S15>$E15,S15<$K$2),$K$1,"") -> 0 | V15: 200119.02 | W15: =+ROUND($D15*V15,0) -> 4402618 | X15: =IF(OR(V15>$E15,V15<$K$2),$K$1,"") | Y15: 199316 | Z15: =+ROUND($D15*Y15,0) -> 4384952 | AA15: =IF(OR(Y15>$E15,Y15<$K$2),$K$1,"") | AB15: 198471 | AC15: =+ROUND($D15*AB15,0) -> 4366362 | AD15: =IF(OR(AB15>$E15,AB15<$K$2),$K$1,"") | AE15: 198841 | AF15: =+ROUND($D15*AE15,0) -> 4374502 | AG15: =IF(OR(AE15>$E15,AE15<$K$2),$K$1,"") | AH15: 197983 | AI15: =+ROUND($D15*AH15,0) -> 4355626 | AJ15: =IF(OR(AH15>$E15,AH15<$K$2),$K$1,"") | AK15: 197880 | AL15: =+ROUND($D15*AK15,0) -> 4353360 | AM15: =IF(OR(AK15>$E15,AK15<$K$2),$K$1,"") | AN15: 194352 | AO15: =+ROUND($D15*AN15,0) -> 4275744 | AP15: =IF(OR(AN15>$E15,AN15<$K$2),$K$1,"") | AQ15: 202253 | AR15: =+ROUND($D15*AQ15,0) -> 4449566 | AS15: =IF(OR(AQ15>$E15,AQ15<$K$2),$K$1,"") | AT15: 209139.48 | AU15: =+ROUND($D15*AT15,0) -> 4601069 | AV15: =IF(OR(AT15>$E15,AT15<$K$2),$K$1,"") | AW15: 196900 | AX15: =+ROUND($D15*AW15,0) -> 4331800 | AY15: =IF(OR(AW15>$E15,AW15<$K$2),$K$1,"") | AZ15: 207000 | BA15: =+ROUND($D15*AZ15,0) -> 4554000 | BB15: =IF(OR(AZ15>$E15,AZ15<$K$2),$K$1,"") | BC15: 1501727 | BD15: =+ROUND($D$8*BC15,0) -> 121204386 | BE15: =IF(OR(BC15>$E15,BC15<$K$2),$K$1,"") -> 0 | BF15: 1501727 | BG15: =+ROUND($D$8*BF15,0) -> 121204386 | BH15: =IF(OR(BF15>$E15,BF15<$K$2),$K$1,"") -> 0 | BI15: 1433113 | BJ15: =+ROUND($D$8*BI15,0) -> 115666550 | BK15: =IF(OR(BI15>$E15,BI15<$K$2),$K$1,"") -> 0
A16: 2.2 | B16: Suministro e instalación de red horizontal de A.LL. en PVC-S 4" subterránea bajo placa de contrapiso. Incluye regata y resane de acabado en piedra bola en patio (70%), concreto hecho en obra (30%). Incluye conexión a cajas de inspección existentes. | C16: ml | D16: 7.62 | E16: 352446 | F16: =+ROUND(D16*E16,0) -> 2685639 | G16: 342225 | H16: =+ROUND($D16*G16,0) -> 2607755 | I16: =IF(OR(G16>$E16,G16<$K$2),$K$1,"") | J16: 335176 | K16: =+ROUND($D16*J16,0) -> 2554041 | L16: =IF(OR(J16>$E16,J16<$K$2),$K$1,"") | M16: 333258.84 | N16: =+ROUND($D16*M16,0) -> 2539432 | O16: =IF(OR(M16>$E16,M16<$K$2),$K$1,"") | P16: 335866 | Q16: =+ROUND($D16*P16,0) -> 2559299 | R16: =IF(OR(P16>$E16,P16<$K$2),$K$1,"") | S16: 431147.19 | T16: =+ROUND($D16*S16,0) -> 3285342 | U16: =IF(OR(S16>$E16,S16<$K$2),$K$1,"") -> 0 | V16: 333872.1 | W16: =+ROUND($D16*V16,0) -> 2544105 | X16: =IF(OR(V16>$E16,V16<$K$2),$K$1,"") | Y16: 332533 | Z16: =+ROUND($D16*Y16,0) -> 2533901 | AA16: =IF(OR(Y16>$E16,Y16<$K$2),$K$1,"") | AB16: 331123 | AC16: =+ROUND($D16*AB16,0) -> 2523157 | AD16: =IF(OR(AB16>$E16,AB16<$K$2),$K$1,"") | AE16: 331740 | AF16: =+ROUND($D16*AE16,0) -> 2527859 | AG16: =IF(OR(AE16>$E16,AE16<$K$2),$K$1,"") | AH16: 330309 | AI16: =+ROUND($D16*AH16,0) -> 2516955 | AJ16: =IF(OR(AH16>$E16,AH16<$K$2),$K$1,"") | AK16: 330136 | AL16: =+ROUND($D16*AK16,0) -> 2515636 | AM16: =IF(OR(AK16>$E16,AK16<$K$2),$K$1,"") | AN16: 324250 | AO16: =+ROUND($D16*AN16,0) -> 2470785 | AP16: =IF(OR(AN16>$E16,AN16<$K$2),$K$1,"") | AQ16: 337432 | AR16: =+ROUND($D16*AQ16,0) -> 2571232 | AS16: =IF(OR(AQ16>$E16,AQ16<$K$2),$K$1,"") | AT16: 348921.54 | AU16: =+ROUND($D16*AT16,0) -> 2658782 | AV16: =IF(OR(AT16>$E16,AT16<$K$2),$K$1,"") | AW16: 328500 | AX16: =+ROUND($D16*AW16,0) -> 2503170 | AY16: =IF(OR(AW16>$E16,AW16<$K$2),$K$1,"") | AZ16: 345300 | BA16: =+ROUND($D16*AZ16,0) -> 2631186 | BB16: =IF(OR(AZ16>$E16,AZ16<$K$2),$K$1,"") | BC16: 1501727 | BD16: =+ROUND($D$8*BC16,0) -> 121204386 | BE16: =IF(OR(BC16>$E16,BC16<$K$2),$K$1,"") -> 0 | BF16: 1501727 | BG16: =+ROUND($D$8*BF16,0) -> 121204386 | BH16: =IF(OR(BF16>$E16,BF16<$K$2),$K$1,"") -> 0 | BI16: 1433113 | BJ16: =+ROUND($D$8*BI16,0) -> 115666550 | BK16: =IF(OR(BI16>$E16,BI16<$K$2),$K$1,"") -> 0
A17: 2.3 | B17: Suministro e instalación de red horizontal de A.LL. en PVC-S 3" subterránea bajo placa de contrapiso. Incluye regata y resane de acabado en piedra bola en patio (70%), concreto hecho en obra (30%). Incluye conexión a cajas de inspección existentes. | C17: ml | D17: 41.5 | E17: 370930 | F17: =+ROUND(D17*E17,0) -> 15393595 | G17: 360173 | H17: =+ROUND($D17*G17,0) -> 14947180 | I17: =IF(OR(G17>$E17,G17<$K$2),$K$1,"") | J17: 352754 | K17: =+ROUND($D17*J17,0) -> 14639291 | L17: =IF(OR(J17>$E17,J17<$K$2),$K$1,"") | M17: 350736.57 | N17: =+ROUND($D17*M17,0) -> 14555568 | O17: =IF(OR(M17>$E17,M17<$K$2),$K$1,"") | P17: 353480 | Q17: =+ROUND($D17*P17,0) -> 14669420 | R17: =IF(OR(P17>$E17,P17<$K$2),$K$1,"") | S17: 453758.67 | T17: =+ROUND($D17*S17,0) -> 18830985 | U17: =IF(OR(S17>$E17,S17<$K$2),$K$1,"") -> 0 | V17: 351381.99 | W17: =+ROUND($D17*V17,0) -> 14582353 | X17: =IF(OR(V17>$E17,V17<$K$2),$K$1,"") | Y17: 345000 | Z17: =+ROUND($D17*Y17,0) -> 14317500 | AA17: =IF(OR(Y17>$E17,Y17<$K$2),$K$1,"") | AB17: 348489 | AC17: =+ROUND($D17*AB17,0) -> 14462294 | AD17: =IF(OR(AB17>$E17,AB17<$K$2),$K$1,"") | AE17: 349138 | AF17: =+ROUND($D17*AE17,0) -> 14489227 | AG17: =IF(OR(AE17>$E17,AE17<$K$2),$K$1,"") | AH17: 347632 | AI17: =+ROUND($D17*AH17,0) -> 14426728 | AJ17: =IF(OR(AH17>$E17,AH17<$K$2),$K$1,"") | AK17: 347450 | AL17: =+ROUND($D17*AK17,0) -> 14419175 | AM17: =IF(OR(AK17>$E17,AK17<$K$2),$K$1,"") | AN17: 341256 | AO17: =+ROUND($D17*AN17,0) -> 14162124 | AP17: =IF(OR(AN17>$E17,AN17<$K$2),$K$1,"") | AQ17: 355128 | AR17: =+ROUND($D17*AQ17,0) -> 14737812 | AS17: =IF(OR(AQ17>$E17,AQ17<$K$2),$K$1,"") | AT17: 367220.7 | AU17: =+ROUND($D17*AT17,0) -> 15239659 | AV17: =IF(OR(AT17>$E17,AT17<$K$2),$K$1,"") | AW17: 345700 | AX17: =+ROUND($D17*AW17,0) -> 14346550 | AY17: =IF(OR(AW17>$E17,AW17<$K$2),$K$1,"") | AZ17: 363500 | BA17: =+ROUND($D17*AZ17,0) -> 15085250 | BB17: =IF(OR(AZ17>$E17,AZ17<$K$2),$K$1,"") | BC17: 1501727 | BD17: =+ROUND($D$8*BC17,0) -> 121204386 | BE17: =IF(OR(BC17>$E17,BC17<$K$2),$K$1,"") -> 0 | BF17: 1501727 | BG17: =+ROUND($D$8*BF17,0) -> 121204386 | BH17: =IF(OR(BF17>$E17,BF17<$K$2),$K$1,"") -> 0 | BI17: 1433113 | BJ17: =+ROUND($D$8*BI17,0) -> 115666550 | BK17: =IF(OR(BI17>$E17,BI17<$K$2),$K$1,"") -> 0
A18: 2.4 | B18: Suministro e instalación de red horizontal de A.L. en PCV-S 3" subterránea bajo placa de contrapiso. Incluye regata, resane de acabado y conexión a cajas de inspección. | C18: ml | D18: 14.3 | E18: 223011 | F18: =+ROUND(D18*E18,0) -> 3189057 | G18: 216544 | H18: =+ROUND($D18*G18,0) -> 3096579 | I18: =IF(OR(G18>$E18,G18<$K$2),$K$1,"") | J18: 212083 | K18: =+ROUND($D18*J18,0) -> 3032787 | L18: =IF(OR(J18>$E18,J18<$K$2),$K$1,"") | M18: 210870.28 | N18: =+ROUND($D18*M18,0) -> 3015445 | O18: =IF(OR(M18>$E18,M18<$K$2),$K$1,"") | P18: 212520 | Q18: =+ROUND($D18*P18,0) -> 3039036 | R18: =IF(OR(P18>$E18,P18<$K$2),$K$1,"") | S18: 272809.36 | T18: =+ROUND($D18*S18,0) -> 3901174 | U18: =IF(OR(S18>$E18,S18<$K$2),$K$1,"") -> 0 | V18: 211258.32 | W18: =+ROUND($D18*V18,0) -> 3020994 | X18: =IF(OR(V18>$E18,V18<$K$2),$K$1,"") | Y18: 210411 | Z18: =+ROUND($D18*Y18,0) -> 3008877 | AA18: =IF(OR(Y18>$E18,Y18<$K$2),$K$1,"") | AB18: 209519 | AC18: =+ROUND($D18*AB18,0) -> 2996122 | AD18: =IF(OR(AB18>$E18,AB18<$K$2),$K$1,"") | AE18: 209909 | AF18: =+ROUND($D18*AE18,0) -> 3001699 | AG18: =IF(OR(AE18>$E18,AE18<$K$2),$K$1,"") | AH18: 209004 | AI18: =+ROUND($D18*AH18,0) -> 2988757 | AJ18: =IF(OR(AH18>$E18,AH18<$K$2),$K$1,"") | AK18: 208894 | AL18: =+ROUND($D18*AK18,0) -> 2987184 | AM18: =IF(OR(AK18>$E18,AK18<$K$2),$K$1,"") | AN18: 205170 | AO18: =+ROUND($D18*AN18,0) -> 2933931 | AP18: =IF(OR(AN18>$E18,AN18<$K$2),$K$1,"") | AQ18: 213511 | AR18: =+ROUND($D18*AQ18,0) -> 3053207 | AS18: =IF(OR(AQ18>$E18,AQ18<$K$2),$K$1,"") | AT18: 220780.89 | AU18: =+ROUND($D18*AT18,0) -> 3157167 | AV18: =IF(OR(AT18>$E18,AT18<$K$2),$K$1,"") | AW18: 207800 | AX18: =+ROUND($D18*AW18,0) -> 2971540 | AY18: =IF(OR(AW18>$E18,AW18<$K$2),$K$1,"") | AZ18: 218500 | BA18: =+ROUND($D18*AZ18,0) -> 3124550 | BB18: =IF(OR(AZ18>$E18,AZ18<$K$2),$K$1,"") | BC18: 1501727 | BD18: =+ROUND($D$8*BC18,0) -> 121204386 | BE18: =IF(OR(BC18>$E18,BC18<$K$2),$K$1,"") -> 0 | BF18: 1501727 | BG18: =+ROUND($D$8*BF18,0) -> 121204386 | BH18: =IF(OR(BF18>$E18,BF18<$K$2),$K$1,"") -> 0 | BI18: 1433113 | BJ18: =+ROUND($D$8*BI18,0) -> 115666550 | BK18: =IF(OR(BI18>$E18,BI18<$K$2),$K$1,"") -> 0
A19: 2.5 | B19: Suministro e instalación de canales en lámina cal.20 acabado con wash primer y esmalte. Forma y dimensiones igual a la existente, color a definir. Incluye embudos esquineros similares a existentes. | C19: ml | D19: 181.19 | E19: 112862 | F19: =+ROUND(D19*E19,0) -> 20449466 | G19: 109589 | H19: =+ROUND($D19*G19,0) -> 19856431 | I19: =IF(OR(G19>$E19,G19<$K$2),$K$1,"") | J19: 107332 | K19: =+ROUND($D19*J19,0) -> 19447485 | L19: =IF(OR(J19>$E19,J19<$K$2),$K$1,"") | M19: 106717.79 | N19: =+ROUND($D19*M19,0) -> 19336197 | O19: =IF(OR(M19>$E19,M19<$K$2),$K$1,"") | P19: 107553 | Q19: =+ROUND($D19*P19,0) -> 19487528 | R19: =IF(OR(P19>$E19,P19<$K$2),$K$1,"") | S19: 138064.08 | T19: =+ROUND($D19*S19,0) -> 25015831 | U19: =IF(OR(S19>$E19,S19<$K$2),$K$1,"") -> 0 | V19: 106914.17 | W19: =+ROUND($D19*V19,0) -> 19371779 | X19: =IF(OR(V19>$E19,V19<$K$2),$K$1,"") | Y19: 106485 | Z19: =+ROUND($D19*Y19,0) -> 19294017 | AA19: =IF(OR(Y19>$E19,Y19<$K$2),$K$1,"") | AB19: 106034 | AC19: =+ROUND($D19*AB19,0) -> 19212300 | AD19: =IF(OR(AB19>$E19,AB19<$K$2),$K$1,"") | AE19: 106231 | AF19: =+ROUND($D19*AE19,0) -> 19247995 | AG19: =IF(OR(AE19>$E19,AE19<$K$2),$K$1,"") | AH19: 105773 | AI19: =+ROUND($D19*AH19,0) -> 19165010 | AJ19: =IF(OR(AH19>$E19,AH19<$K$2),$K$1,"") | AK19: 105718 | AL19: =+ROUND($D19*AK19,0) -> 19155044 | AM19: =IF(OR(AK19>$E19,AK19<$K$2),$K$1,"") | AN19: 103833 | AO19: =+ROUND($D19*AN19,0) -> 18813501 | AP19: =IF(OR(AN19>$E19,AN19<$K$2),$K$1,"") | AQ19: 108054 | AR19: =+ROUND($D19*AQ19,0) -> 19578304 | AS19: =IF(OR(AQ19>$E19,AQ19<$K$2),$K$1,"") | AT19: 111733.38 | AU19: =+ROUND($D19*AT19,0) -> 20244971 | AV19: =IF(OR(AT19>$E19,AT19<$K$2),$K$1,"") | AW19: 105200 | AX19: =+ROUND($D19*AW19,0) -> 19061188 | AY19: =IF(OR(AW19>$E19,AW19<$K$2),$K$1,"") | AZ19: 110600 | BA19: =+ROUND($D19*AZ19,0) -> 20039614 | BB19: =IF(OR(AZ19>$E19,AZ19<$K$2),$K$1,"") | BC19: 1501727 | BD19: =+ROUND($D$8*BC19,0) -> 121204386 | BE19: =IF(OR(BC19>$E19,BC19<$K$2),$K$1,"") -> 0 | BF19: 1501727 | BG19: =+ROUND($D$8*BF19,0) -> 121204386 | BH19: =IF(OR(BF19>$E19,BF19<$K$2),$K$1,"") -> 0 | BI19: 1433113 | BJ19: =+ROUND($D$8*BI19,0) -> 115666550 | BK19: =IF(OR(BI19>$E19,BI19<$K$2),$K$1,"") -> 0
A20: 2.6 | B20: Suministro e instalación de bajantes en lámina 3" de diámetro cal.20 adosadas a muro de fachada y adosadas a columna de madera. Incluye cintas de anclaje en lámina. | C20: ml | D20: 119.39 | E20: 102790 | F20: =+ROUND(D20*E20,0) -> 12272098 | G20: 99809 | H20: =+ROUND($D20*G20,0) -> 11916197 | I20: =IF(OR(G20>$E20,G20<$K$2),$K$1,"") | J20: 97753 | K20: =+ROUND($D20*J20,0) -> 11670731 | L20: =IF(OR(J20>$E20,J20<$K$2),$K$1,"") | M20: 97194.112 | N20: =+ROUND($D20*M20,0) -> 11604005 | O20: =IF(OR(M20>$E20,M20<$K$2),$K$1,"") | P20: 97954 | Q20: =+ROUND($D20*P20,0) -> 11694728 | R20: =IF(OR(P20>$E20,P20<$K$2),$K$1,"") | S20: 125743.01 | T20: =+ROUND($D20*S20,0) -> 15012458 | U20: =IF(OR(S20>$E20,S20<$K$2),$K$1,"") -> 0 | V20: 97372.967 | W20: =+ROUND($D20*V20,0) -> 11625359 | X20: =IF(OR(V20>$E20,V20<$K$2),$K$1,"") | Y20: 96982 | Z20: =+ROUND($D20*Y20,0) -> 11578681 | AA20: =IF(OR(Y20>$E20,Y20<$K$2),$K$1,"") | AB20: 96571 | AC20: =+ROUND($D20*AB20,0) -> 11529612 | AD20: =IF(OR(AB20>$E20,AB20<$K$2),$K$1,"") | AE20: 96751 | AF20: =+ROUND($D20*AE20,0) -> 11551102 | AG20: =IF(OR(AE20>$E20,AE20<$K$2),$K$1,"") | AH20: 96334 | AI20: =+ROUND($D20*AH20,0) -> 11501316 | AJ20: =IF(OR(AH20>$E20,AH20<$K$2),$K$1,"") | AK20: 96283 | AL20: =+ROUND($D20*AK20,0) -> 11495227 | AM20: =IF(OR(AK20>$E20,AK20<$K$2),$K$1,"") | AN20: 94567 | AO20: =+ROUND($D20*AN20,0) -> 11290354 | AP20: =IF(OR(AN20>$E20,AN20<$K$2),$K$1,"") | AQ20: 98411 | AR20: =+ROUND($D20*AQ20,0) -> 11749289 | AS20: =IF(OR(AQ20>$E20,AQ20<$K$2),$K$1,"") | AT20: 101762.1 | AU20: =+ROUND($D20*AT20,0) -> 12149377 | AV20: =IF(OR(AT20>$E20,AT20<$K$2),$K$1,"") | AW20: 95800 | AX20: =+ROUND($D20*AW20,0) -> 11437562 | AY20: =IF(OR(AW20>$E20,AW20<$K$2),$K$1,"") | AZ20: 100700 | BA20: =+ROUND($D20*AZ20,0) -> 12022573 | BB20: =IF(OR(AZ20>$E20,AZ20<$K$2),$K$1,"")
A21: 2.7 | B21: Caja de inspección 0.60x0.60M H=0.80M (incluye marco y tapa) para conexión entre cajas de 30x30 y red horizontal de ALL subterránea | C21: unidd | D21: 4 | E21: 1509283 | F21: =+ROUND(D21*E21,0) -> 6037132 | G21: 1465514 | H21: =+ROUND($D21*G21,0) -> 5862056 | I21: =IF(OR(G21>$E21,G21<$K$2),$K$1,"") | J21: 1435328 | K21: =+ROUND($D21*J21,0) -> 5741312 | L21: =IF(OR(J21>$E21,J21<$K$2),$K$1,"") | M21: 1427117.6 | N21: =+ROUND($D21*M21,0) -> 5708471 | O21: =IF(OR(M21>$E21,M21<$K$2),$K$1,"") | P21: 1438280 | Q21: =+ROUND($D21*P21,0) -> 5753120 | R21: =IF(OR(P21>$E21,P21<$K$2),$K$1,"") | S21: 1846305.9 | T21: =+ROUND($D21*S21,0) -> 7385224 | U21: =IF(OR(S21>$E21,S21<$K$2),$K$1,"") -> 0 | V21: 1429743.8 | W21: =+ROUND($D21*V21,0) -> 5718975 | X21: =IF(OR(V21>$E21,V21<$K$2),$K$1,"") | Y21: 1424009 | Z21: =+ROUND($D21*Y21,0) -> 5696036 | AA21: =IF(OR(Y21>$E21,Y21<$K$2),$K$1,"") | AB21: 1417971 | AC21: =+ROUND($D21*AB21,0) -> 5671884 | AD21: =IF(OR(AB21>$E21,AB21<$K$2),$K$1,"") | AE21: 1420612 | AF21: =+ROUND($D21*AE21,0) -> 5682448 | AG21: =IF(OR(AE21>$E21,AE21<$K$2),$K$1,"") | AH21: 1414485 | AI21: =+ROUND($D21*AH21,0) -> 5657940 | AJ21: =IF(OR(AH21>$E21,AH21<$K$2),$K$1,"") | AK21: 1413745 | AL21: =+ROUND($D21*AK21,0) -> 5654980 | AM21: =IF(OR(AK21>$E21,AK21<$K$2),$K$1,"") | AN21: 1388540 | AO21: =+ROUND($D21*AN21,0) -> 5554160 | AP21: =IF(OR(AN21>$E21,AN21<$K$2),$K$1,"") | AQ21: 1444988 | AR21: =+ROUND($D21*AQ21,0) -> 5779952 | AS21: =IF(OR(AQ21>$E21,AQ21<$K$2),$K$1,"") | AT21: 1494190.2 | AU21: =+ROUND($D21*AT21,0) -> 5976761 | AV21: =IF(OR(AT21>$E21,AT21<$K$2),$K$1,"") | AW21: 1406700 | AX21: =+ROUND($D21*AW21,0) -> 5626800 | AY21: =IF(OR(AW21>$E21,AW21<$K$2),$K$1,"") | AZ21: 1479000 | BA21: =+ROUND($D21*AZ21,0) -> 5916000 | BB21: =IF(OR(AZ21>$E21,AZ21<$K$2),$K$1,"")
B22: SUBTOTAL 2. INSTALACIONES DE EVACUACIÓN DE AGUAS LLUVIAS Y MANEJO DE HUMEDAD DESCENDENTE | F22: =SUM(F14:F21) -> 64674531 | H22: =SUM(H14:H21) -> 62798970 | I22: =IF(OR(G22>$E22,G22<$K$2),$K$1,"") | K22: =SUM(K14:K21) -> 61505469 | L22: =IF(OR(J22>$E22,J22<$K$2),$K$1,"") | N22: =SUM(N14:N21) -> 61153650 | O22: =IF(OR(M22>$E22,M22<$K$2),$K$1,"") | Q22: =SUM(Q14:Q21) -> 61632039 | R22: =IF(OR(P22>$E22,P22<$K$2),$K$1,"") | T22: =SUM(T14:T21) -> 79116355 | U22: =IF(OR(S22>$E22,S22<$K$2),$K$1,"") | W22: =SUM(W14:W21) -> 61266183 | X22: =IF(OR(V22>$E22,V22<$K$2),$K$1,"") | Z22: =SUM(Z14:Z21) -> 60813964 | AA22: =IF(OR(Y22>$E22,Y22<$K$2),$K$1,"") | AC22: =SUM(AC14:AC21) -> 60761731 | AD22: =IF(OR(AB22>$E22,AB22<$K$2),$K$1,"") | AF22: =SUM(AF14:AF21) -> 60874832 | AG22: =IF(OR(AE22>$E22,AE22<$K$2),$K$1,"") | AI22: =SUM(AI14:AI21) -> 60612332 | AJ22: =IF(OR(AH22>$E22,AH22<$K$2),$K$1,"") | AL22: =SUM(AL14:AL21) -> 60580606 | AM22: =IF(OR(AK22>$E22,AK22<$K$2),$K$1,"") | AO22: =SUM(AO14:AO21) -> 59500599 | AP22: =IF(OR(AN22>$E22,AN22<$K$2),$K$1,"") | AR22: =SUM(AR14:AR21) -> 61919362 | AS22: =IF(OR(AQ22>$E22,AQ22<$K$2),$K$1,"") | AU22: =SUM(AU14:AU21) -> 64027786 | AV22: =IF(OR(AT22>$E22,AT22<$K$2),$K$1,"") | AX22: =SUM(AX14:AX21) -> 60278610 | AY22: =IF(OR(AW22>$E22,AW22<$K$2),$K$1,"") | BA22: =SUM(BA14:BA21) -> 63373173 | BB22: =IF(OR(AZ22>$E22,AZ22<$K$2),$K$1,"")
A23: 3 | B23: CUBIERTAS | I23: =IF(OR(G23>$E23,G23<$K$2),$K$1,"") | L23: =IF(OR(J23>$E23,J23<$K$2),$K$1,"") | O23: =IF(OR(M23>$E23,M23<$K$2),$K$1,"") | R23: =IF(OR(P23>$E23,P23<$K$2),$K$1,"") | U23: =IF(OR(S23>$E23,S23<$K$2),$K$1,"") | X23: =IF(OR(V23>$E23,V23<$K$2),$K$1,"") | AA23: =IF(OR(Y23>$E23,Y23<$K$2),$K$1,"") | AD23: =IF(OR(AB23>$E23,AB23<$K$2),$K$1,"") | AG23: =IF(OR(AE23>$E23,AE23<$K$2),$K$1,"") | AJ23: =IF(OR(AH23>$E23,AH23<$K$2),$K$1,"") | AM23: =IF(OR(AK23>$E23,AK23<$K$2),$K$1,"") | AP23: =IF(OR(AN23>$E23,AN23<$K$2),$K$1,"") | AS23: =IF(OR(AQ23>$E23,AQ23<$K$2),$K$1,"") | AV23: =IF(OR(AT23>$E23,AT23<$K$2),$K$1,"") | AY23: =IF(OR(AW23>$E23,AW23<$K$2),$K$1,"") | BB23: =IF(OR(AZ23>$E23,AZ23<$K$2),$K$1,"")
A24: 3.1 | B24: Aseo general de cubierta, barrido. Incluye evacuación de escombros, retiro de cadáveres aviarios. Incluye retiro de material de sedimentación de muro de culata erosionado en lindero oriental. Nota: A las áreas de cielorraso sobre galerías es necesaria el tendido de planchones de apoyo, mientras que el área de cielorraso sobre salones posee placa de concreto accesible, se debe cuidar sin embargo de no concentrar cargas puntuales mas allá del operario y su herramienta | C24: m2 | D24: 1193.99 | E24: 16792 | F24: =+ROUND(D24*E24,0) -> 20049480 | G24: 16305 | H24: =+ROUND($D24*G24,0) -> 19468007 | I24: =IF(OR(G24>$E24,G24<$K$2),$K$1,"") | J24: 15969 | K24: =+ROUND($D24*J24,0) -> 19066826 | L24: =IF(OR(J24>$E24,J24<$K$2),$K$1,"") | M24: 15877.844 | N24: =+ROUND($D24*M24,0) -> 18957986 | O24: =IF(OR(M24>$E24,M24<$K$2),$K$1,"") | P24: 16002 | Q24: =+ROUND($D24*P24,0) -> 19106228 | R24: =IF(OR(P24>$E24,P24<$K$2),$K$1,"") | S24: 20541.654 | T24: =+ROUND($D24*S24,0) -> 24526529 | U24: =IF(OR(S24>$E24,S24<$K$2),$K$1,"") -> 0 | V24: 15907.062 | W24: =+ROUND($D24*V24,0) -> 18992872 | X24: =IF(OR(V24>$E24,V24<$K$2),$K$1,"") | Y24: 15843 | Z24: =+ROUND($D24*Y24,0) -> 18916384 | AA24: =IF(OR(Y24>$E24,Y24<$K$2),$K$1,"") | AB24: 15776 | AC24: =+ROUND($D24*AB24,0) -> 18836386 | AD24: =IF(OR(AB24>$E24,AB24<$K$2),$K$1,"") | AE24: 15805 | AF24: =+ROUND($D24*AE24,0) -> 18871012 | AG24: =IF(OR(AE24>$E24,AE24<$K$2),$K$1,"") | AH24: 15737 | AI24: =+ROUND($D24*AH24,0) -> 18789821 | AJ24: =IF(OR(AH24>$E24,AH24<$K$2),$K$1,"") | AK24: 15729 | AL24: =+ROUND($D24*AK24,0) -> 18780269 | AM24: =IF(OR(AK24>$E24,AK24<$K$2),$K$1,"") | AN24: 15449 | AO24: =+ROUND($D24*AN24,0) -> 18445952 | AP24: =IF(OR(AN24>$E24,AN24<$K$2),$K$1,"") | AQ24: 16077 | AR24: =+ROUND($D24*AQ24,0) -> 19195777 | AS24: =IF(OR(AQ24>$E24,AQ24<$K$2),$K$1,"") | AT24: 16624.08 | AU24: =+ROUND($D24*AT24,0) -> 19848985 | AV24: =IF(OR(AT24>$E24,AT24<$K$2),$K$1,"") | AW24: 15700 | AX24: =+ROUND($D24*AW24,0) -> 18745643 | AY24: =IF(OR(AW24>$E24,AW24<$K$2),$K$1,"") | AZ24: 16400 | BA24: =+ROUND($D24*AZ24,0) -> 19581436 | BB24: =IF(OR(AZ24>$E24,AZ24<$K$2),$K$1,"")
A25: 3.2 | B25: Limpieza de estructura de madera mediante grata metálica retirando capa externa de suciedad. Sección aproximada elementos 9x 15cm. Incluye limpieza de tirantes de cercha, diagonales, pendolones y correas. Nota: A las áreas de cielorraso sobre galerías es necesaria el tendido de planchones de apoyo, mientras que el área de cielorraso sobre salones posee placa de concreto accesible, se debe cuidar sin embargo de no concentrar cargas puntuales mas allá del operario y su herramienta | C25: ml | D25: 2456.58 | E25: 18225 | F25: =+ROUND(D25*E25,0) -> 44771171 | G25: 17696 | H25: =+ROUND($D25*G25,0) -> 43471640 | I25: =IF(OR(G25>$E25,G25<$K$2),$K$1,"") | J25: 17332 | K25: =+ROUND($D25*J25,0) -> 42577445 | L25: =IF(OR(J25>$E25,J25<$K$2),$K$1,"") | M25: 17232.831 | N25: =+ROUND($D25*M25,0) -> 42333828 | O25: =IF(OR(M25>$E25,M25<$K$2),$K$1,"") | P25: 17368 | Q25: =+ROUND($D25*P25,0) -> 42665881 | R25: =IF(OR(P25>$E25,P25<$K$2),$K$1,"") | S25: 22294.642 | T25: =+ROUND($D25*S25,0) -> 54768573 | U25: =IF(OR(S25>$E25,S25<$K$2),$K$1,"") -> 0 | V25: 17264.542 | W25: =+ROUND($D25*V25,0) -> 42411730 | X25: =IF(OR(V25>$E25,V25<$K$2),$K$1,"") | Y25: 17000 | Z25: =+ROUND($D25*Y25,0) -> 41761860 | AA25: =IF(OR(Y25>$E25,Y25<$K$2),$K$1,"") | AB25: 17122 | AC25: =+ROUND($D25*AB25,0) -> 42061563 | AD25: =IF(OR(AB25>$E25,AB25<$K$2),$K$1,"") | AE25: 17154 | AF25: =+ROUND($D25*AE25,0) -> 42140173 | AG25: =IF(OR(AE25>$E25,AE25<$K$2),$K$1,"") | AH25: 17080 | AI25: =+ROUND($D25*AH25,0) -> 41958386 | AJ25: =IF(OR(AH25>$E25,AH25<$K$2),$K$1,"") | AK25: 17071 | AL25: =+ROUND($D25*AK25,0) -> 41936277 | AM25: =IF(OR(AK25>$E25,AK25<$K$2),$K$1,"") | AN25: 16767 | AO25: =+ROUND($D25*AN25,0) -> 41189477 | AP25: =IF(OR(AN25>$E25,AN25<$K$2),$K$1,"") | AQ25: 17449 | AR25: =+ROUND($D25*AQ25,0) -> 42864864 | AS25: =IF(OR(AQ25>$E25,AQ25<$K$2),$K$1,"") | AT25: 18042.75 | AU25: =+ROUND($D25*AT25,0) -> 44323459 | AV25: =IF(OR(AT25>$E25,AT25<$K$2),$K$1,"") | AW25: 17000 | AX25: =+ROUND($D25*AW25,0) -> 41761860 | AY25: =IF(OR(AW25>$E25,AW25<$K$2),$K$1,"") | AZ25: 17800 | BA25: =+ROUND($D25*AZ25,0) -> 43727124 | BB25: =IF(OR(AZ25>$E25,AZ25<$K$2),$K$1,"")
A26: 3.3 | B26: Suministro e instalación de canal de limahoya en lámina cal.20 desarrollo 1.20ml. Incluye retiro de teja de barro pegada con mortero sobre teja "Española" de asbesto cemento, en un área aproximada de 3.5m2/ml de limahoya. Incluye reemplazo de unidades de teja por rotura, tanto de barro como "Española", (aproximadamente 3 tejas españolas/ml de limahoya, y 16 tejas de barro/ml de limahoya). Incluye instalación de membrana impermeabilzante de poliester con emulsión asfáltica sobre lámina limahoya. (Aplicación en frío) | C26: ml | D26: 68.86 | E26: 229732 | F26: =+ROUND(D26*E26,0) -> 15819346 | G26: 223070 | H26: =+ROUND($D26*G26,0) -> 15360600 | I26: =IF(OR(G26>$E26,G26<$K$2),$K$1,"") | J26: 218475 | K26: =+ROUND($D26*J26,0) -> 15044189 | L26: =IF(OR(J26>$E26,J26<$K$2),$K$1,"") | M26: 217225.39 | N26: =+ROUND($D26*M26,0) -> 14958140 | O26: =IF(OR(M26>$E26,M26<$K$2),$K$1,"") | P26: 218925 | Q26: =+ROUND($D26*P26,0) -> 15075176 | R26: =IF(OR(P26>$E26,P26<$K$2),$K$1,"") | S26: 281031.16 | T26: =+ROUND($D26*S26,0) -> 19351805 | U26: =IF(OR(S26>$E26,S26<$K$2),$K$1,"") -> 0 | V26: 217625.12 | W26: =+ROUND($D26*V26,0) -> 14985666 | X26: =IF(OR(V26>$E26,V26<$K$2),$K$1,"") | Y26: 216752 | Z26: =+ROUND($D26*Y26,0) -> 14925543 | AA26: =IF(OR(Y26>$E26,Y26<$K$2),$K$1,"") | AB26: 215833 | AC26: =+ROUND($D26*AB26,0) -> 14862260 | AD26: =IF(OR(AB26>$E26,AB26<$K$2),$K$1,"") | AE26: 216235 | AF26: =+ROUND($D26*AE26,0) -> 14889942 | AG26: =IF(OR(AE26>$E26,AE26<$K$2),$K$1,"") | AH26: 215303 | AI26: =+ROUND($D26*AH26,0) -> 14825765 | AJ26: =IF(OR(AH26>$E26,AH26<$K$2),$K$1,"") | AK26: 215190 | AL26: =+ROUND($D26*AK26,0) -> 14817983 | AM26: =IF(OR(AK26>$E26,AK26<$K$2),$K$1,"") | AN26: 211353 | AO26: =+ROUND($D26*AN26,0) -> 14553768 | AP26: =IF(OR(AN26>$E26,AN26<$K$2),$K$1,"") | AQ26: 219945 | AR26: =+ROUND($D26*AQ26,0) -> 15145413 | AS26: =IF(OR(AQ26>$E26,AQ26<$K$2),$K$1,"") | AT26: 227434.68 | AU26: =+ROUND($D26*AT26,0) -> 15661152 | AV26: =IF(OR(AT26>$E26,AT26<$K$2),$K$1,"") | AW26: 214100 | AX26: =+ROUND($D26*AW26,0) -> 14742926 | AY26: =IF(OR(AW26>$E26,AW26<$K$2),$K$1,"") | AZ26: 225100 | BA26: =+ROUND($D26*AZ26,0) -> 15500386 | BB26: =IF(OR(AZ26>$E26,AZ26<$K$2),$K$1,"")
A27: 3.4 | B27: Reparación de cumbreras dilatadas por volcamiento de correa adyacente. Incluye instalación de tabla de 4cm x 20 cm para cama de mortero, incluye mortero impermeabilizado (0,06m3/ml de cumbrera) sobre tabla y suministro e instalación de teja de barro como caballete (6 tejas/ml de cumbrera). Incluye reemplazo de unidades de teja por rotura, tanto de barro como "Española". | C27: ml | D27: 64.44 | E27: 167041 | F27: =+ROUND(D27*E27,0) -> 10764122 | G27: 162197 | H27: =+ROUND($D27*G27,0) -> 10451975 | I27: =IF(OR(G27>$E27,G27<$K$2),$K$1,"") | J27: 158856 | K27: =+ROUND($D27*J27,0) -> 10236681 | L27: =IF(OR(J27>$E27,J27<$K$2),$K$1,"") | M27: 157947.29 | N27: =+ROUND($D27*M27,0) -> 10178123 | O27: =IF(OR(M27>$E27,M27<$K$2),$K$1,"") | P27: 159183 | Q27: =+ROUND($D27*P27,0) -> 10257753 | R27: =IF(OR(P27>$E27,P27<$K$2),$K$1,"") | S27: 204341.26 | T27: =+ROUND($D27*S27,0) -> 13167750 | U27: =IF(OR(S27>$E27,S27<$K$2),$K$1,"") -> 0 | V27: 158237.94 | W27: =+ROUND($D27*V27,0) -> 10196853 | X27: =IF(OR(V27>$E27,V27<$K$2),$K$1,"") | Y27: 157603 | Z27: =+ROUND($D27*Y27,0) -> 10155937 | AA27: =IF(OR(Y27>$E27,Y27<$K$2),$K$1,"") | AB27: 156935 | AC27: =+ROUND($D27*AB27,0) -> 10112891 | AD27: =IF(OR(AB27>$E27,AB27<$K$2),$K$1,"") | AE27: 157227 | AF27: =+ROUND($D27*AE27,0) -> 10131708 | AG27: =IF(OR(AE27>$E27,AE27<$K$2),$K$1,"") | AH27: 156549 | AI27: =+ROUND($D27*AH27,0) -> 10088018 | AJ27: =IF(OR(AH27>$E27,AH27<$K$2),$K$1,"") | AK27: 156467 | AL27: =+ROUND($D27*AK27,0) -> 10082733 | AM27: =IF(OR(AK27>$E27,AK27<$K$2),$K$1,"") | AN27: 153678 | AO27: =+ROUND($D27*AN27,0) -> 9903010 | AP27: =IF(OR(AN27>$E27,AN27<$K$2),$K$1,"") | AQ27: 159925 | AR27: =+ROUND($D27*AQ27,0) -> 10305567 | AS27: =IF(OR(AQ27>$E27,AQ27<$K$2),$K$1,"") | AT27: 165370.59 | AU27: =+ROUND($D27*AT27,0) -> 10656481 | AV27: =IF(OR(AT27>$E27,AT27<$K$2),$K$1,"") | AW27: 155700 | AX27: =+ROUND($D27*AW27,0) -> 10033308 | AY27: =IF(OR(AW27>$E27,AW27<$K$2),$K$1,"") | AZ27: 163700 | BA27: =+ROUND($D27*AZ27,0) -> 10548828 | BB27: =IF(OR(AZ27>$E27,AZ27<$K$2),$K$1,"")
A28: 3.5 | B28: Remate superior contra muro lindero oriental (cumbrera). Incluye correa de remate en liston de madera cepillado 3.3X14 cm, caballete articulado, incluye flanche en mortero impermeabilizado. Incluye reemplazo de unidades de teja por rotura, tanto de barro como "Española". | C28: ml | D28: 27.36 | E28: 147653 | F28: =+ROUND(D28*E28,0) -> 4039786 | G28: 143371 | H28: =+ROUND($D28*G28,0) -> 3922631 | I28: =IF(OR(G28>$E28,G28<$K$2),$K$1,"") | J28: 140418 | K28: =+ROUND($D28*J28,0) -> 3841836 | L28: =IF(OR(J28>$E28,J28<$K$2),$K$1,"") | M28: 139614.77 | N28: =+ROUND($D28*M28,0) -> 3819860 | O28: =IF(OR(M28>$E28,M28<$K$2),$K$1,"") | P28: 140707 | Q28: =+ROUND($D28*P28,0) -> 3849744 | R28: =IF(OR(P28>$E28,P28<$K$2),$K$1,"") | S28: 180623.91 | T28: =+ROUND($D28*S28,0) -> 4941870 | U28: =IF(OR(S28>$E28,S28<$K$2),$K$1,"") -> 0 | V28: 139871.69 | W28: =+ROUND($D28*V28,0) -> 3826889 | X28: =IF(OR(V28>$E28,V28<$K$2),$K$1,"") | Y28: 139311 | Z28: =+ROUND($D28*Y28,0) -> 3811549 | AA28: =IF(OR(Y28>$E28,Y28<$K$2),$K$1,"") | AB28: 138720 | AC28: =+ROUND($D28*AB28,0) -> 3795379 | AD28: =IF(OR(AB28>$E28,AB28<$K$2),$K$1,"") | AE28: 138978 | AF28: =+ROUND($D28*AE28,0) -> 3802438 | AG28: =IF(OR(AE28>$E28,AE28<$K$2),$K$1,"") | AH28: 138379 | AI28: =+ROUND($D28*AH28,0) -> 3786049 | AJ28: =IF(OR(AH28>$E28,AH28<$K$2),$K$1,"") | AK28: 138307 | AL28: =+ROUND($D28*AK28,0) -> 3784080 | AM28: =IF(OR(AK28>$E28,AK28<$K$2),$K$1,"") | AN28: 135841 | AO28: =+ROUND($D28*AN28,0) -> 3716610 | AP28: =IF(OR(AN28>$E28,AN28<$K$2),$K$1,"") | AQ28: 141363 | AR28: =+ROUND($D28*AQ28,0) -> 3867692 | AS28: =IF(OR(AQ28>$E28,AQ28<$K$2),$K$1,"") | AT28: 146176.47 | AU28: =+ROUND($D28*AT28,0) -> 3999388 | AV28: =IF(OR(AT28>$E28,AT28<$K$2),$K$1,"") | AW28: 137600 | AX28: =+ROUND($D28*AW28,0) -> 3764736 | AY28: =IF(OR(AW28>$E28,AW28<$K$2),$K$1,"") | AZ28: 144600 | BA28: =+ROUND($D28*AZ28,0) -> 3956256 | BB28: =IF(OR(AZ28>$E28,AZ28<$K$2),$K$1,"")
A29: 3.6 | B29: Reemplazo de elementos de madera en mal estado, ya sea por intervención antitécnica o por afectación por xilófagos o por humedad descendente. CORREAS DE 0.12M X 0.05 M X 2,65M en Abarco o similar. Incluye acodalamiento de superficie de teja con planchones y parales acuñados. Las uniones deberán ser cajeadas y reforzadas con platina atornillada. | C29: unidad | D29: 20 | E29: 120282 | F29: =+ROUND(D29*E29,0) -> 2405640 | G29: 116794 | H29: =+ROUND($D29*G29,0) -> 2335880 | I29: =IF(OR(G29>$E29,G29<$K$2),$K$1,"") | J29: 114388 | K29: =+ROUND($D29*J29,0) -> 2287760 | L29: =IF(OR(J29>$E29,J29<$K$2),$K$1,"") | M29: 113733.85 | N29: =+ROUND($D29*M29,0) -> 2274677 | O29: =IF(OR(M29>$E29,M29<$K$2),$K$1,"") | P29: 114623 | Q29: =+ROUND($D29*P29,0) -> 2292460 | R29: =IF(OR(P29>$E29,P29<$K$2),$K$1,"") | S29: 147140.97 | T29: =+ROUND($D29*S29,0) -> 2942819 | U29: =IF(OR(S29>$E29,S29<$K$2),$K$1,"") -> 0 | V29: 113943.14 | W29: =+ROUND($D29*V29,0) -> 2278863 | X29: =IF(OR(V29>$E29,V29<$K$2),$K$1,"") | Y29: 113486 | Z29: =+ROUND($D29*Y29,0) -> 2269720 | AA29: =IF(OR(Y29>$E29,Y29<$K$2),$K$1,"") | AB29: 113005 | AC29: =+ROUND($D29*AB29,0) -> 2260100 | AD29: =IF(OR(AB29>$E29,AB29<$K$2),$K$1,"") | AE29: 113215 | AF29: =+ROUND($D29*AE29,0) -> 2264300 | AG29: =IF(OR(AE29>$E29,AE29<$K$2),$K$1,"") | AH29: 112727 | AI29: =+ROUND($D29*AH29,0) -> 2254540 | AJ29: =IF(OR(AH29>$E29,AH29<$K$2),$K$1,"") | AK29: 112668 | AL29: =+ROUND($D29*AK29,0) -> 2253360 | AM29: =IF(OR(AK29>$E29,AK29<$K$2),$K$1,"") | AN29: 110659 | AO29: =+ROUND($D29*AN29,0) -> 2213180 | AP29: =IF(OR(AN29>$E29,AN29<$K$2),$K$1,"") | AQ29: 115158 | AR29: =+ROUND($D29*AQ29,0) -> 2303160 | AS29: =IF(OR(AQ29>$E29,AQ29<$K$2),$K$1,"") | AT29: 119079.18 | AU29: =+ROUND($D29*AT29,0) -> 2381584 | AV29: =IF(OR(AT29>$E29,AT29<$K$2),$K$1,"") | AW29: 112100 | AX29: =+ROUND($D29*AW29,0) -> 2242000 | AY29: =IF(OR(AW29>$E29,AW29<$K$2),$K$1,"") | AZ29: 117800 | BA29: =+ROUND($D29*AZ29,0) -> 2356000 | BB29: =IF(OR(AZ29>$E29,AZ29<$K$2),$K$1,"")
A30: 3.7 | B30: Suministro e instalación de elementos de madera faltantes,DIAGONAL DE CERCHA DE 0.135M X 0.06M X longitud variable entre 0,80 y 1,50 en madera de Abarco o similar Incluye acodalamiento de superficie de teja con planchones y parales acuñados. Las uniones deberán ser cajeadas y reforzadas con platina atornillada. | C30: ml | D30: 58.73 | E30: 117053 | F30: =+ROUND(D30*E30,0) -> 6874523 | G30: 113658 | H30: =+ROUND($D30*G30,0) -> 6675134 | I30: =IF(OR(G30>$E30,G30<$K$2),$K$1,"") | J30: 111317 | K30: =+ROUND($D30*J30,0) -> 6537647 | L30: =IF(OR(J30>$E30,J30<$K$2),$K$1,"") | M30: 110680.63 | N30: =+ROUND($D30*M30,0) -> 6500274 | O30: =IF(OR(M30>$E30,M30<$K$2),$K$1,"") | P30: 111546 | Q30: =+ROUND($D30*P30,0) -> 6551097 | R30: =IF(OR(P30>$E30,P30<$K$2),$K$1,"") | S30: 143190.93 | T30: =+ROUND($D30*S30,0) -> 8409604 | U30: =IF(OR(S30>$E30,S30<$K$2),$K$1,"") -> 0 | V30: 110884.31 | W30: =+ROUND($D30*V30,0) -> 6512235 | X30: =IF(OR(V30>$E30,V30<$K$2),$K$1,"") | Y30: 110440 | Z30: =+ROUND($D30*Y30,0) -> 6486141 | AA30: =IF(OR(Y30>$E30,Y30<$K$2),$K$1,"") | AB30: 109971 | AC30: =+ROUND($D30*AB30,0) -> 6458597 | AD30: =IF(OR(AB30>$E30,AB30<$K$2),$K$1,"") | AE30: 110176 | AF30: =+ROUND($D30*AE30,0) -> 6470636 | AG30: =IF(OR(AE30>$E30,AE30<$K$2),$K$1,"") | AH30: 109701 | AI30: =+ROUND($D30*AH30,0) -> 6442740 | AJ30: =IF(OR(AH30>$E30,AH30<$K$2),$K$1,"") | AK30: 109644 | AL30: =+ROUND($D30*AK30,0) -> 6439392 | AM30: =IF(OR(AK30>$E30,AK30<$K$2),$K$1,"") | AN30: 107689 | AO30: =+ROUND($D30*AN30,0) -> 6324575 | AP30: =IF(OR(AN30>$E30,AN30<$K$2),$K$1,"") | AQ30: 112067 | AR30: =+ROUND($D30*AQ30,0) -> 6581695 | AS30: =IF(OR(AQ30>$E30,AQ30<$K$2),$K$1,"") | AT30: 115882.47 | AU30: =+ROUND($D30*AT30,0) -> 6805777 | AV30: =IF(OR(AT30>$E30,AT30<$K$2),$K$1,"") | AW30: 109100 | AX30: =+ROUND($D30*AW30,0) -> 6407443 | AY30: =IF(OR(AW30>$E30,AW30<$K$2),$K$1,"") | AZ30: 114700 | BA30: =+ROUND($D30*AZ30,0) -> 6736331 | BB30: =IF(OR(AZ30>$E30,AZ30<$K$2),$K$1,"")
A31: 3.8 | B31: Suministro e instalación de ejiones sobre tirante superior de cercha para impedir volcamiento de correas | C31: unidad | D31: 402 | E31: 54742 | F31: =+ROUND(D31*E31,0) -> 22006284 | G31: 53154 | H31: =+ROUND($D31*G31,0) -> 21367908 | I31: =IF(OR(G31>$E31,G31<$K$2),$K$1,"") | J31: 52060 | K31: =+ROUND($D31*J31,0) -> 20928120 | L31: =IF(OR(J31>$E31,J31<$K$2),$K$1,"") | M31: 51761.846 | N31: =+ROUND($D31*M31,0) -> 20808262 | O31: =IF(OR(M31>$E31,M31<$K$2),$K$1,"") | P31: 52167 | Q31: =+ROUND($D31*P31,0) -> 20971134 | R31: =IF(OR(P31>$E31,P31<$K$2),$K$1,"") | S31: 66965.889 | T31: =+ROUND($D31*S31,0) -> 26920287 | U31: =IF(OR(S31>$E31,S31<$K$2),$K$1,"") -> 0 | V31: 51857.097 | W31: =+ROUND($D31*V31,0) -> 20846553 | X31: =IF(OR(V31>$E31,V31<$K$2),$K$1,"") | Y31: 51649 | Z31: =+ROUND($D31*Y31,0) -> 20762898 | AA31: =IF(OR(Y31>$E31,Y31<$K$2),$K$1,"") | AB31: 51430 | AC31: =+ROUND($D31*AB31,0) -> 20674860 | AD31: =IF(OR(AB31>$E31,AB31<$K$2),$K$1,"") | AE31: 51526 | AF31: =+ROUND($D31*AE31,0) -> 20713452 | AG31: =IF(OR(AE31>$E31,AE31<$K$2),$K$1,"") | AH31: 51304 | AI31: =+ROUND($D31*AH31,0) -> 20624208 | AJ31: =IF(OR(AH31>$E31,AH31<$K$2),$K$1,"") | AK31: 51277 | AL31: =+ROUND($D31*AK31,0) -> 20613354 | AM31: =IF(OR(AK31>$E31,AK31<$K$2),$K$1,"") | AN31: 50363 | AO31: =+ROUND($D31*AN31,0) -> 20245926 | AP31: =IF(OR(AN31>$E31,AN31<$K$2),$K$1,"") | AQ31: 52410 | AR31: =+ROUND($D31*AQ31,0) -> 21068820 | AS31: =IF(OR(AQ31>$E31,AQ31<$K$2),$K$1,"") | AT31: 54194.58 | AU31: =+ROUND($D31*AT31,0) -> 21786221 | AV31: =IF(OR(AT31>$E31,AT31<$K$2),$K$1,"") | AW31: 51000 | AX31: =+ROUND($D31*AW31,0) -> 20502000 | AY31: =IF(OR(AW31>$E31,AW31<$K$2),$K$1,"") | AZ31: 53600 | BA31: =+ROUND($D31*AZ31,0) -> 21547200 | BB31: =IF(OR(AZ31>$E31,AZ31<$K$2),$K$1,"")
A32: 3.9 | B32: Restitución de tejadillo colapsado en su condición original según detalle. Incluye reconfiguración de estructura en repisa de 5x10cm, implementación de pañete de mortero sobre malla con vena y suministro e instalación de teja de barro sobre cama de mortero. | C32: m² | D32: 4 | E32: 266246 | F32: =+ROUND(D32*E32,0) -> 1064984 | G32: 258525 | H32: =+ROUND($D32*G32,0) -> 1034100 | I32: =IF(OR(G32>$E32,G32<$K$2),$K$1,"") | J32: 253200 | K32: =+ROUND($D32*J32,0) -> 1012800 | L32: =IF(OR(J32>$E32,J32<$K$2),$K$1,"") | M32: 251751.57 | N32: =+ROUND($D32*M32,0) -> 1007006 | O32: =IF(OR(M32>$E32,M32<$K$2),$K$1,"") | P32: 253721 | Q32: =+ROUND($D32*P32,0) -> 1014884 | R32: =IF(OR(P32>$E32,P32<$K$2),$K$1,"") | S32: 325698.73 | T32: =+ROUND($D32*S32,0) -> 1302795 | U32: =IF(OR(S32>$E32,S32<$K$2),$K$1,"") -> 0 | V32: 252214.84 | W32: =+ROUND($D32*V32,0) -> 1008859 | X32: =IF(OR(V32>$E32,V32<$K$2),$K$1,"") | Y32: 251203 | Z32: =+ROUND($D32*Y32,0) -> 1004812 | AA32: =IF(OR(Y32>$E32,Y32<$K$2),$K$1,"") | AB32: 250138 | AC32: =+ROUND($D32*AB32,0) -> 1000552 | AD32: =IF(OR(AB32>$E32,AB32<$K$2),$K$1,"") | AE32: 250604 | AF32: =+ROUND($D32*AE32,0) -> 1002416 | AG32: =IF(OR(AE32>$E32,AE32<$K$2),$K$1,"") | AH32: 249523 | AI32: =+ROUND($D32*AH32,0) -> 998092 | AJ32: =IF(OR(AH32>$E32,AH32<$K$2),$K$1,"") | AK32: 249393 | AL32: =+ROUND($D32*AK32,0) -> 997572 | AM32: =IF(OR(AK32>$E32,AK32<$K$2),$K$1,"") | AN32: 244946 | AO32: =+ROUND($D32*AN32,0) -> 979784 | AP32: =IF(OR(AN32>$E32,AN32<$K$2),$K$1,"") | AQ32: 254904 | AR32: =+ROUND($D32*AQ32,0) -> 1019616 | AS32: =IF(OR(AQ32>$E32,AQ32<$K$2),$K$1,"") | AT32: 263583.54 | AU32: =+ROUND($D32*AT32,0) -> 1054334 | AV32: =IF(OR(AT32>$E32,AT32<$K$2),$K$1,"") | AW32: 248100 | AX32: =+ROUND($D32*AW32,0) -> 992400 | AY32: =IF(OR(AW32>$E32,AW32<$K$2),$K$1,"") | AZ32: 260900 | BA32: =+ROUND($D32*AZ32,0) -> 1043600 | BB32: =IF(OR(AZ32>$E32,AZ32<$K$2),$K$1,"")
A33: 3.10 | B33: Suministro y aplicación de Inmunizante fungicida tipo Merulex I.F.A. o similar. Aplicación con brocha. Sección promedio de 0.06m x 0.14m 4 CARAS | C33: ml | D33: 2456.58 | E33: 4110 | F33: =+ROUND(D33*E33,0) -> 10096544 | G33: 3991 | H33: =+ROUND($D33*G33,0) -> 9804211 | I33: =IF(OR(G33>$E33,G33<$K$2),$K$1,"") | J33: 3909 | K33: =+ROUND($D33*J33,0) -> 9602771 | L33: =IF(OR(J33>$E33,J33<$K$2),$K$1,"") | M33: 3886.2516 | N33: =+ROUND($D33*M33,0) -> 9546888 | O33: =IF(OR(M33>$E33,M33<$K$2),$K$1,"") | P33: 3917 | Q33: =+ROUND($D33*P33,0) -> 9622424 | R33: =IF(OR(P33>$E33,P33<$K$2),$K$1,"") | S33: 5027.763 | T33: =+ROUND($D33*S33,0) -> 12351102 | U33: =IF(OR(S33>$E33,S33<$K$2),$K$1,"") -> 0 | V33: 3893.403 | W33: =+ROUND($D33*V33,0) -> 9564456 | X33: =IF(OR(V33>$E33,V33<$K$2),$K$1,"") | Y33: 3878 | Z33: =+ROUND($D33*Y33,0) -> 9526617 | AA33: =IF(OR(Y33>$E33,Y33<$K$2),$K$1,"") | AB33: 3861 | AC33: =+ROUND($D33*AB33,0) -> 9484855 | AD33: =IF(OR(AB33>$E33,AB33<$K$2),$K$1,"") | AE33: 3869 | AF33: =+ROUND($D33*AE33,0) -> 9504508 | AG33: =IF(OR(AE33>$E33,AE33<$K$2),$K$1,"") | AH33: 3852 | AI33: =+ROUND($D33*AH33,0) -> 9462746 | AJ33: =IF(OR(AH33>$E33,AH33<$K$2),$K$1,"") | AK33: 3850 | AL33: =+ROUND($D33*AK33,0) -> 9457833 | AM33: =IF(OR(AK33>$E33,AK33<$K$2),$K$1,"") | AN33: 3781 | AO33: =+ROUND($D33*AN33,0) -> 9288329 | AP33: =IF(OR(AN33>$E33,AN33<$K$2),$K$1,"") | AQ33: 3935 | AR33: =+ROUND($D33*AQ33,0) -> 9666642 | AS33: =IF(OR(AQ33>$E33,AQ33<$K$2),$K$1,"") | AT33: 4068.9 | AU33: =+ROUND($D33*AT33,0) -> 9995578 | AV33: =IF(OR(AT33>$E33,AT33<$K$2),$K$1,"") | AW33: 3800 | AX33: =+ROUND($D33*AW33,0) -> 9335004 | AY33: =IF(OR(AW33>$E33,AW33<$K$2),$K$1,"") | AZ33: 4000 | BA33: =+ROUND($D33*AZ33,0) -> 9826320 | BB33: =IF(OR(AZ33>$E33,AZ33<$K$2),$K$1,"")
A34: 3.11 | B34: Suministro e instalación de platina de refuerzo de unión entre elementos. Incluye platina de unión entre pendolón y tirantes, platina de unión entre tirantes y diagonales, 8 platinas por cercha en promedio e incluye 4 tornillos pasantes con tuerca, contratuerca y arandela. Platina de calibre 4 mm con área aproximada de 180 cm² | C34: unidad | D34: 384 | E34: 91306 | F34: =+ROUND(D34*E34,0) -> 35061504 | G34: 88658 | H34: =+ROUND($D34*G34,0) -> 34044672 | I34: =IF(OR(G34>$E34,G34<$K$2),$K$1,"") | J34: 86832 | K34: =+ROUND($D34*J34,0) -> 33343488 | L34: =IF(OR(J34>$E34,J34<$K$2),$K$1,"") | M34: 86335.301 | N34: =+ROUND($D34*M34,0) -> 33152756 | O34: =IF(OR(M34>$E34,M34<$K$2),$K$1,"") | P34: 87011 | Q34: =+ROUND($D34*P34,0) -> 33412224 | R34: =IF(OR(P34>$E34,P34<$K$2),$K$1,"") | S34: 111694.63 | T34: =+ROUND($D34*S34,0) -> 42890738 | U34: =IF(OR(S34>$E34,S34<$K$2),$K$1,"") -> 0 | V34: 86494.174 | W34: =+ROUND($D34*V34,0) -> 33213763 | X34: =IF(OR(V34>$E34,V34<$K$2),$K$1,"") | Y34: 86147 | Z34: =+ROUND($D34*Y34,0) -> 33080448 | AA34: =IF(OR(Y34>$E34,Y34<$K$2),$K$1,"") | AB34: 85782 | AC34: =+ROUND($D34*AB34,0) -> 32940288 | AD34: =IF(OR(AB34>$E34,AB34<$K$2),$K$1,"") | AE34: 85942 | AF34: =+ROUND($D34*AE34,0) -> 33001728 | AG34: =IF(OR(AE34>$E34,AE34<$K$2),$K$1,"") | AH34: 85571 | AI34: =+ROUND($D34*AH34,0) -> 32859264 | AJ34: =IF(OR(AH34>$E34,AH34<$K$2),$K$1,"") | AK34: 85526 | AL34: =+ROUND($D34*AK34,0) -> 32841984 | AM34: =IF(OR(AK34>$E34,AK34<$K$2),$K$1,"") | AN34: 84002 | AO34: =+ROUND($D34*AN34,0) -> 32256768 | AP34: =IF(OR(AN34>$E34,AN34<$K$2),$K$1,"") | AQ34: 87416 | AR34: =+ROUND($D34*AQ34,0) -> 33567744 | AS34: =IF(OR(AQ34>$E34,AQ34<$K$2),$K$1,"") | AT34: 90392.94 | AU34: =+ROUND($D34*AT34,0) -> 34710889 | AV34: =IF(OR(AT34>$E34,AT34<$K$2),$K$1,"") | AW34: 85100 | AX34: =+ROUND($D34*AW34,0) -> 32678400 | AY34: =IF(OR(AW34>$E34,AW34<$K$2),$K$1,"") | AZ34: 89400 | BA34: =+ROUND($D34*AZ34,0) -> 34329600 | BB34: =IF(OR(AZ34>$E34,AZ34<$K$2),$K$1,"")
B35: SUBTOTAL 3. CUBIERTAS | F35: =SUM(F23:F34) -> 172953384 | H35: =SUM(H23:H34) -> 167936758 | I35: =IF(OR(G35>$E35,G35<$K$2),$K$1,"") | K35: =SUM(K23:K34) -> 164479563 | L35: =IF(OR(J35>$E35,J35<$K$2),$K$1,"") | N35: =SUM(N23:N34) -> 163537800 | O35: =IF(OR(M35>$E35,M35<$K$2),$K$1,"") | Q35: =SUM(Q23:Q34) -> 164819005 | R35: =IF(OR(P35>$E35,P35<$K$2),$K$1,"") | T35: =SUM(T23:T34) -> 211573872 | U35: =IF(OR(S35>$E35,S35<$K$2),$K$1,"") | W35: =SUM(W23:W34) -> 163838739 | X35: =IF(OR(V35>$E35,V35<$K$2),$K$1,"") | Z35: =SUM(Z23:Z34) -> 162701909 | AA35: =IF(OR(Y35>$E35,Y35<$K$2),$K$1,"") | AC35: =SUM(AC23:AC34) -> 162487731 | AD35: =IF(OR(AB35>$E35,AB35<$K$2),$K$1,"") | AF35: =SUM(AF23:AF34) -> 162792313 | AG35: =IF(OR(AE35>$E35,AE35<$K$2),$K$1,"") | AI35: =SUM(AI23:AI34) -> 162089629 | AJ35: =IF(OR(AH35>$E35,AH35<$K$2),$K$1,"") | AL35: =SUM(AL23:AL34) -> 162004837 | AM35: =IF(OR(AK35>$E35,AK35<$K$2),$K$1,"") | AO35: =SUM(AO23:AO34) -> 159117379 | AP35: =IF(OR(AN35>$E35,AN35<$K$2),$K$1,"") | AR35: =SUM(AR23:AR34) -> 165586990 | AS35: =IF(OR(AQ35>$E35,AQ35<$K$2),$K$1,"") | AU35: =SUM(AU23:AU34) -> 171223848 | AV35: =IF(OR(AT35>$E35,AT35<$K$2),$K$1,"") | AX35: =SUM(AX23:AX34) -> 161205720 | AY35: =IF(OR(AW35>$E35,AW35<$K$2),$K$1,"") | BA35: =SUM(BA23:BA34) -> 169153081 | BB35: =IF(OR(AZ35>$E35,AZ35<$K$2),$K$1,"")
A36: 4 | B36: PAÑETES Y PINTURAS | I36: =IF(OR(G36>$E36,G36<$K$2),$K$1,"") | L36: =IF(OR(J36>$E36,J36<$K$2),$K$1,"") | O36: =IF(OR(M36>$E36,M36<$K$2),$K$1,"") | R36: =IF(OR(P36>$E36,P36<$K$2),$K$1,"") | U36: =IF(OR(S36>$E36,S36<$K$2),$K$1,"") | X36: =IF(OR(V36>$E36,V36<$K$2),$K$1,"") | AA36: =IF(OR(Y36>$E36,Y36<$K$2),$K$1,"") | AD36: =IF(OR(AB36>$E36,AB36<$K$2),$K$1,"") | AG36: =IF(OR(AE36>$E36,AE36<$K$2),$K$1,"") | AJ36: =IF(OR(AH36>$E36,AH36<$K$2),$K$1,"") | AM36: =IF(OR(AK36>$E36,AK36<$K$2),$K$1,"") | AP36: =IF(OR(AN36>$E36,AN36<$K$2),$K$1,"") | AS36: =IF(OR(AQ36>$E36,AQ36<$K$2),$K$1,"") | AV36: =IF(OR(AT36>$E36,AT36<$K$2),$K$1,"") | AY36: =IF(OR(AW36>$E36,AW36<$K$2),$K$1,"") | BB36: =IF(OR(AZ36>$E36,AZ36<$K$2),$K$1,"")
A37: 4.1 | B37: Resane de alero de cajón en pañete bajo esterilla. Incluye instalación de andamios, trabajo en altura. Área aproximada 1.8 m2 | C37: m2 | D37: 2 | E37: 32347 | F37: =+ROUND(D37*E37,0) -> 64694 | G37: 31409 | H37: =+ROUND($D37*G37,0) -> 62818 | I37: =IF(OR(G37>$E37,G37<$K$2),$K$1,"") | J37: 30762 | K37: =+ROUND($D37*J37,0) -> 61524 | L37: =IF(OR(J37>$E37,J37<$K$2),$K$1,"") | M37: 30586.029 | N37: =+ROUND($D37*M37,0) -> 61172 | O37: =IF(OR(M37>$E37,M37<$K$2),$K$1,"") | P37: 30825 | Q37: =+ROUND($D37*P37,0) -> 61650 | R37: =IF(OR(P37>$E37,P37<$K$2),$K$1,"") | S37: 39570.085 | T37: =+ROUND($D37*S37,0) -> 79140 | U37: =IF(OR(S37>$E37,S37<$K$2),$K$1,"") -> 0 | V37: 30642.313 | W37: =+ROUND($D37*V37,0) -> 61285 | X37: =IF(OR(V37>$E37,V37<$K$2),$K$1,"") | Y37: 30519 | Z37: =+ROUND($D37*Y37,0) -> 61038 | AA37: =IF(OR(Y37>$E37,Y37<$K$2),$K$1,"") | AB37: 30390 | AC37: =+ROUND($D37*AB37,0) -> 60780 | AD37: =IF(OR(AB37>$E37,AB37<$K$2),$K$1,"") | AE37: 30447 | AF37: =+ROUND($D37*AE37,0) -> 60894 | AG37: =IF(OR(AE37>$E37,AE37<$K$2),$K$1,"") | AH37: 30315 | AI37: =+ROUND($D37*AH37,0) -> 60630 | AJ37: =IF(OR(AH37>$E37,AH37<$K$2),$K$1,"") | AK37: 30299 | AL37: =+ROUND($D37*AK37,0) -> 60598 | AM37: =IF(OR(AK37>$E37,AK37<$K$2),$K$1,"") | AN37: 29759 | AO37: =+ROUND($D37*AN37,0) -> 59518 | AP37: =IF(OR(AN37>$E37,AN37<$K$2),$K$1,"") | AQ37: 30969 | AR37: =+ROUND($D37*AQ37,0) -> 61938 | AS37: =IF(OR(AQ37>$E37,AQ37<$K$2),$K$1,"") | AT37: 32023.53 | AU37: =+ROUND($D37*AT37,0) -> 64047 | AV37: =IF(OR(AT37>$E37,AT37<$K$2),$K$1,"") | AW37: 30100 | AX37: =+ROUND($D37*AW37,0) -> 60200 | AY37: =IF(OR(AW37>$E37,AW37<$K$2),$K$1,"") | AZ37: 31700 | BA37: =+ROUND($D37*AZ37,0) -> 63400 | BB37: =IF(OR(AZ37>$E37,AZ37<$K$2),$K$1,"")
A38: 4.2 | B38: Restitución de cielorraso en pañete bajo esterilla de guadua en área bajo limahoya suroccidental de patio intermedio | C38: m2 | D38: 1 | E38: 38792 | F38: =+ROUND(D38*E38,0) -> 38792 | G38: 37667 | H38: =+ROUND($D38*G38,0) -> 37667 | I38: =IF(OR(G38>$E38,G38<$K$2),$K$1,"") | J38: 36891 | K38: =+ROUND($D38*J38,0) -> 36891 | L38: =IF(OR(J38>$E38,J38<$K$2),$K$1,"") | M38: 36680.164 | N38: =+ROUND($D38*M38,0) -> 36680 | O38: =IF(OR(M38>$E38,M38<$K$2),$K$1,"") | P38: 36967 | Q38: =+ROUND($D38*P38,0) -> 36967 | R38: =IF(OR(P38>$E38,P38<$K$2),$K$1,"") | S38: 47454.254 | T38: =+ROUND($D38*S38,0) -> 47454 | U38: =IF(OR(S38>$E38,S38<$K$2),$K$1,"") -> 0 | V38: 36747.662 | W38: =+ROUND($D38*V38,0) -> 36748 | X38: =IF(OR(V38>$E38,V38<$K$2),$K$1,"") | Y38: 36600 | Z38: =+ROUND($D38*Y38,0) -> 36600 | AA38: =IF(OR(Y38>$E38,Y38<$K$2),$K$1,"") | AB38: 36445 | AC38: =+ROUND($D38*AB38,0) -> 36445 | AD38: =IF(OR(AB38>$E38,AB38<$K$2),$K$1,"") | AE38: 36513 | AF38: =+ROUND($D38*AE38,0) -> 36513 | AG38: =IF(OR(AE38>$E38,AE38<$K$2),$K$1,"") | AH38: 36355 | AI38: =+ROUND($D38*AH38,0) -> 36355 | AJ38: =IF(OR(AH38>$E38,AH38<$K$2),$K$1,"") | AK38: 36336 | AL38: =+ROUND($D38*AK38,0) -> 36336 | AM38: =IF(OR(AK38>$E38,AK38<$K$2),$K$1,"") | AN38: 35689 | AO38: =+ROUND($D38*AN38,0) -> 35689 | AP38: =IF(OR(AN38>$E38,AN38<$K$2),$K$1,"") | AQ38: 37139 | AR38: =+ROUND($D38*AQ38,0) -> 37139 | AS38: =IF(OR(AQ38>$E38,AQ38<$K$2),$K$1,"") | AT38: 38404.08 | AU38: =+ROUND($D38*AT38,0) -> 38404 | AV38: =IF(OR(AT38>$E38,AT38<$K$2),$K$1,"") | AW38: 36200 | AX38: =+ROUND($D38*AW38,0) -> 36200 | AY38: =IF(OR(AW38>$E38,AW38<$K$2),$K$1,"") | AZ38: 38000 | BA38: =+ROUND($D38*AZ38,0) -> 38000 | BB38: =IF(OR(AZ38>$E38,AZ38<$K$2),$K$1,"")
A39: 4.3 | B39: Pañete de muro de culata sobre cubierta en lindero oriental | C39: m2 | D39: 41.03 | E39: 40355 | F39: =+ROUND(D39*E39,0) -> 1655766 | G39: 39185 | H39: =+ROUND($D39*G39,0) -> 1607761 | I39: =IF(OR(G39>$E39,G39<$K$2),$K$1,"") | J39: 38378 | K39: =+ROUND($D39*J39,0) -> 1574649 | L39: =IF(OR(J39>$E39,J39<$K$2),$K$1,"") | M39: 38158.074 | N39: =+ROUND($D39*M39,0) -> 1565626 | O39: =IF(OR(M39>$E39,M39<$K$2),$K$1,"") | P39: 38457 | Q39: =+ROUND($D39*P39,0) -> 1577891 | R39: =IF(OR(P39>$E39,P39<$K$2),$K$1,"") | S39: 49366.271 | T39: =+ROUND($D39*S39,0) -> 2025498 | U39: =IF(OR(S39>$E39,S39<$K$2),$K$1,"") -> 0 | V39: 38228.291 | W39: =+ROUND($D39*V39,0) -> 1568507 | X39: =IF(OR(V39>$E39,V39<$K$2),$K$1,"") | Y39: 38075 | Z39: =+ROUND($D39*Y39,0) -> 1562217 | AA39: =IF(OR(Y39>$E39,Y39<$K$2),$K$1,"") | AB39: 37914 | AC39: =+ROUND($D39*AB39,0) -> 1555611 | AD39: =IF(OR(AB39>$E39,AB39<$K$2),$K$1,"") | AE39: 37984 | AF39: =+ROUND($D39*AE39,0) -> 1558484 | AG39: =IF(OR(AE39>$E39,AE39<$K$2),$K$1,"") | AH39: 37820 | AI39: =+ROUND($D39*AH39,0) -> 1551755 | AJ39: =IF(OR(AH39>$E39,AH39<$K$2),$K$1,"") | AK39: 37801 | AL39: =+ROUND($D39*AK39,0) -> 1550975 | AM39: =IF(OR(AK39>$E39,AK39<$K$2),$K$1,"") | AN39: 37127 | AO39: =+ROUND($D39*AN39,0) -> 1523321 | AP39: =IF(OR(AN39>$E39,AN39<$K$2),$K$1,"") | AQ39: 38636 | AR39: =+ROUND($D39*AQ39,0) -> 1585235 | AS39: =IF(OR(AQ39>$E39,AQ39<$K$2),$K$1,"") | AT39: 39951.45 | AU39: =+ROUND($D39*AT39,0) -> 1639208 | AV39: =IF(OR(AT39>$E39,AT39<$K$2),$K$1,"") | AW39: 37600 | AX39: =+ROUND($D39*AW39,0) -> 1542728 | AY39: =IF(OR(AW39>$E39,AW39<$K$2),$K$1,"") | AZ39: 39500 | BA39: =+ROUND($D39*AZ39,0) -> 1620685 | BB39: =IF(OR(AZ39>$E39,AZ39<$K$2),$K$1,"")
A40: 4.4 | B40: Pintura a la cal, dos manos, color natural (muros interior) | C40: m2 | D40: 1563.63 | E40: 25547 | F40: =+ROUND(D40*E40,0) -> 39946056 | G40: 24806 | H40: =+ROUND($D40*G40,0) -> 38787406 | I40: =IF(OR(G40>$E40,G40<$K$2),$K$1,"") | J40: 24295 | K40: =+ROUND($D40*J40,0) -> 37988391 | L40: =IF(OR(J40>$E40,J40<$K$2),$K$1,"") | M40: 24156.221 | N40: =+ROUND($D40*M40,0) -> 37771392 | O40: =IF(OR(M40>$E40,M40<$K$2),$K$1,"") | P40: 24345 | Q40: =+ROUND($D40*P40,0) -> 38066572 | R40: =IF(OR(P40>$E40,P40<$K$2),$K$1,"") | S40: 31251.645 | T40: =+ROUND($D40*S40,0) -> 48866010 | U40: =IF(OR(S40>$E40,S40<$K$2),$K$1,"") -> 0 | V40: 24200.673 | W40: =+ROUND($D40*V40,0) -> 37840898 | X40: =IF(OR(V40>$E40,V40<$K$2),$K$1,"") | Y40: 24104 | Z40: =+ROUND($D40*Y40,0) -> 37689738 | AA40: =IF(OR(Y40>$E40,Y40<$K$2),$K$1,"") | AB40: 24001 | AC40: =+ROUND($D40*AB40,0) -> 37528684 | AD40: =IF(OR(AB40>$E40,AB40<$K$2),$K$1,"") | AE40: 24046 | AF40: =+ROUND($D40*AE40,0) -> 37599047 | AG40: =IF(OR(AE40>$E40,AE40<$K$2),$K$1,"") | AH40: 23942 | AI40: =+ROUND($D40*AH40,0) -> 37436429 | AJ40: =IF(OR(AH40>$E40,AH40<$K$2),$K$1,"") | AK40: 23930 | AL40: =+ROUND($D40*AK40,0) -> 37417666 | AM40: =IF(OR(AK40>$E40,AK40<$K$2),$K$1,"") | AN40: 23503 | AO40: =+ROUND($D40*AN40,0) -> 36749996 | AP40: =IF(OR(AN40>$E40,AN40<$K$2),$K$1,"") | AQ40: 24459 | AR40: =+ROUND($D40*AQ40,0) -> 38244826 | AS40: =IF(OR(AQ40>$E40,AQ40<$K$2),$K$1,"") | AT40: 25291.53 | AU40: =+ROUND($D40*AT40,0) -> 39546595 | AV40: =IF(OR(AT40>$E40,AT40<$K$2),$K$1,"") | AW40: 23800 | AX40: =+ROUND($D40*AW40,0) -> 37214394 | AY40: =IF(OR(AW40>$E40,AW40<$K$2),$K$1,"") | AZ40: 25000 | BA40: =+ROUND($D40*AZ40,0) -> 39090750 | BB40: =IF(OR(AZ40>$E40,AZ40<$K$2),$K$1,"")
A41: 4.5 | B41: Pintura a la cal, dos manos, color natural (muros interior- filos) | C41: ml | D41: 496.49 | E41: 9399 | F41: =+ROUND(D41*E41,0) -> 4666510 | G41: 9126 | H41: =+ROUND($D41*G41,0) -> 4530968 | I41: =IF(OR(G41>$E41,G41<$K$2),$K$1,"") | J41: 8938 | K41: =+ROUND($D41*J41,0) -> 4437628 | L41: =IF(OR(J41>$E41,J41<$K$2),$K$1,"") | M41: 8887.3184 | N41: =+ROUND($D41*M41,0) -> 4412465 | O41: =IF(OR(M41>$E41,M41<$K$2),$K$1,"") | P41: 8957 | Q41: =+ROUND($D41*P41,0) -> 4447061 | R41: =IF(OR(P41>$E41,P41<$K$2),$K$1,"") | S41: 11497.797 | T41: =+ROUND($D41*S41,0) -> 5708541 | U41: =IF(OR(S41>$E41,S41<$K$2),$K$1,"") -> 0 | V41: 8903.6727 | W41: =+ROUND($D41*V41,0) -> 4420584 | X41: =IF(OR(V41>$E41,V41<$K$2),$K$1,"") | Y41: 8868 | Z41: =+ROUND($D41*Y41,0) -> 4402873 | AA41: =IF(OR(Y41>$E41,Y41<$K$2),$K$1,"") | AB41: 8830 | AC41: =+ROUND($D41*AB41,0) -> 4384007 | AD41: =IF(OR(AB41>$E41,AB41<$K$2),$K$1,"") | AE41: 8847 | AF41: =+ROUND($D41*AE41,0) -> 4392447 | AG41: =IF(OR(AE41>$E41,AE41<$K$2),$K$1,"") | AH41: 8809 | AI41: =+ROUND($D41*AH41,0) -> 4373580 | AJ41: =IF(OR(AH41>$E41,AH41<$K$2),$K$1,"") | AK41: 8804 | AL41: =+ROUND($D41*AK41,0) -> 4371098 | AM41: =IF(OR(AK41>$E41,AK41<$K$2),$K$1,"") | AN41: 8647 | AO41: =+ROUND($D41*AN41,0) -> 4293149 | AP41: =IF(OR(AN41>$E41,AN41<$K$2),$K$1,"") | AQ41: 8999 | AR41: =+ROUND($D41*AQ41,0) -> 4467914 | AS41: =IF(OR(AQ41>$E41,AQ41<$K$2),$K$1,"") | AT41: 9305.01 | AU41: =+ROUND($D41*AT41,0) -> 4619844 | AV41: =IF(OR(AT41>$E41,AT41<$K$2),$K$1,"") | AW41: 8800 | AX41: =+ROUND($D41*AW41,0) -> 4369112 | AY41: =IF(OR(AW41>$E41,AW41<$K$2),$K$1,"") | AZ41: 9200 | BA41: =+ROUND($D41*AZ41,0) -> 4567708 | BB41: =IF(OR(AZ41>$E41,AZ41<$K$2),$K$1,"")
A42: 4.6 | B42: Pintura a la cal, dos manos, para muros exteriores | C42: m2 | D42: 347.43 | E42: 34913 | F42: =+ROUND(D42*E42,0) -> 12129824 | G42: 33901 | H42: =+ROUND($D42*G42,0) -> 11778224 | I42: =IF(OR(G42>$E42,G42<$K$2),$K$1,"") | J42: 33202 | K42: =+ROUND($D42*J42,0) -> 11535371 | L42: =IF(OR(J42>$E42,J42<$K$2),$K$1,"") | M42: 33012.336 | N42: =+ROUND($D42*M42,0) -> 11469476 | O42: =IF(OR(M42>$E42,M42<$K$2),$K$1,"") | P42: 33271 | Q42: =+ROUND($D42*P42,0) -> 11559344 | R42: =IF(OR(P42>$E42,P42<$K$2),$K$1,"") | S42: 42709.073 | T42: =+ROUND($D42*S42,0) -> 14838413 | U42: =IF(OR(S42>$E42,S42<$K$2),$K$1,"") -> 0 | V42: 33073.085 | W42: =+ROUND($D42*V42,0) -> 11490582 | X42: =IF(OR(V42>$E42,V42<$K$2),$K$1,"") | Y42: 32940 | Z42: =+ROUND($D42*Y42,0) -> 11444344 | AA42: =IF(OR(Y42>$E42,Y42<$K$2),$K$1,"") | AB42: 32801 | AC42: =+ROUND($D42*AB42,0) -> 11396051 | AD42: =IF(OR(AB42>$E42,AB42<$K$2),$K$1,"") | AE42: 32862 | AF42: =+ROUND($D42*AE42,0) -> 11417245 | AG42: =IF(OR(AE42>$E42,AE42<$K$2),$K$1,"") | AH42: 32720 | AI42: =+ROUND($D42*AH42,0) -> 11367910 | AJ42: =IF(OR(AH42>$E42,AH42<$K$2),$K$1,"") | AK42: 32703 | AL42: =+ROUND($D42*AK42,0) -> 11362003 | AM42: =IF(OR(AK42>$E42,AK42<$K$2),$K$1,"") | AN42: 32120 | AO42: =+ROUND($D42*AN42,0) -> 11159452 | AP42: =IF(OR(AN42>$E42,AN42<$K$2),$K$1,"") | AQ42: 33426 | AR42: =+ROUND($D42*AQ42,0) -> 11613195 | AS42: =IF(OR(AQ42>$E42,AQ42<$K$2),$K$1,"") | AT42: 34563.87 | AU42: =+ROUND($D42*AT42,0) -> 12008525 | AV42: =IF(OR(AT42>$E42,AT42<$K$2),$K$1,"") | AW42: 32500 | AX42: =+ROUND($D42*AW42,0) -> 11291475 | AY42: =IF(OR(AW42>$E42,AW42<$K$2),$K$1,"") | AZ42: 34200 | BA42: =+ROUND($D42*AZ42,0) -> 11882106 | BB42: =IF(OR(AZ42>$E42,AZ42<$K$2),$K$1,"")
B43: SUBTOTAL 4. PAÑETES Y PINTURAS | F43: =SUM(F36:F42) -> 58501642 | H43: =SUM(H36:H42) -> 56804844 | I43: =IF(OR(G43>$E43,G43<$K$2),$K$1,"") | K43: =SUM(K36:K42) -> 55634454 | L43: =IF(OR(J43>$E43,J43<$K$2),$K$1,"") | N43: =SUM(N36:N42) -> 55316811 | O43: =IF(OR(M43>$E43,M43<$K$2),$K$1,"") | Q43: =SUM(Q36:Q42) -> 55749485 | R43: =IF(OR(P43>$E43,P43<$K$2),$K$1,"") | T43: =SUM(T36:T42) -> 71565056 | U43: =IF(OR(S43>$E43,S43<$K$2),$K$1,"") | W43: =SUM(W36:W42) -> 55418604 | X43: =IF(OR(V43>$E43,V43<$K$2),$K$1,"") | Z43: =SUM(Z36:Z42) -> 55196810 | AA43: =IF(OR(Y43>$E43,Y43<$K$2),$K$1,"") | AC43: =SUM(AC36:AC42) -> 54961578 | AD43: =IF(OR(AB43>$E43,AB43<$K$2),$K$1,"") | AF43: =SUM(AF36:AF42) -> 55064630 | AG43: =IF(OR(AE43>$E43,AE43<$K$2),$K$1,"") | AI43: =SUM(AI36:AI42) -> 54826659 | AJ43: =IF(OR(AH43>$E43,AH43<$K$2),$K$1,"") | AL43: =SUM(AL36:AL42) -> 54798676 | AM43: =IF(OR(AK43>$E43,AK43<$K$2),$K$1,"") | AO43: =SUM(AO36:AO42) -> 53821125 | AP43: =IF(OR(AN43>$E43,AN43<$K$2),$K$1,"") | AR43: =SUM(AR36:AR42) -> 56010247 | AS43: =IF(OR(AQ43>$E43,AQ43<$K$2),$K$1,"") | AU43: =SUM(AU36:AU42) -> 57916623 | AV43: =IF(OR(AT43>$E43,AT43<$K$2),$K$1,"") | AX43: =SUM(AX36:AX42) -> 54514109 | AY43: =IF(OR(AW43>$E43,AW43<$K$2),$K$1,"") | BA43: =SUM(BA36:BA42) -> 57262649 | BB43: =IF(OR(AZ43>$E43,AZ43<$K$2),$K$1,"")
A44: 5 | B44: INSTALACIONES ELÉCTRICAS | I44: =IF(OR(G44>$E44,G44<$K$2),$K$1,"") | L44: =IF(OR(J44>$E44,J44<$K$2),$K$1,"") | O44: =IF(OR(M44>$E44,M44<$K$2),$K$1,"") | R44: =IF(OR(P44>$E44,P44<$K$2),$K$1,"") | U44: =IF(OR(S44>$E44,S44<$K$2),$K$1,"") | X44: =IF(OR(V44>$E44,V44<$K$2),$K$1,"") | AA44: =IF(OR(Y44>$E44,Y44<$K$2),$K$1,"") | AD44: =IF(OR(AB44>$E44,AB44<$K$2),$K$1,"") | AG44: =IF(OR(AE44>$E44,AE44<$K$2),$K$1,"") | AJ44: =IF(OR(AH44>$E44,AH44<$K$2),$K$1,"") | AM44: =IF(OR(AK44>$E44,AK44<$K$2),$K$1,"") | AP44: =IF(OR(AN44>$E44,AN44<$K$2),$K$1,"") | AS44: =IF(OR(AQ44>$E44,AQ44<$K$2),$K$1,"") | AV44: =IF(OR(AT44>$E44,AT44<$K$2),$K$1,"") | AY44: =IF(OR(AW44>$E44,AW44<$K$2),$K$1,"") | BB44: =IF(OR(AZ44>$E44,AZ44<$K$2),$K$1,"")
A45: 5.1 | B45: Suministro e instalación de tablero de distribución principal, 208V-120V, totalizador 70A, breaker enchufable 20A 24 circuitos, barraje neutro y tierra, incluye accesorios de puesta a tierra y anclajes, puerta y chapa | C45: unidad | D45: 1 | E45: 1739411 | F45: =+ROUND(D45*E45,0) -> 1739411 | G45: 1688968 | H45: =+ROUND($D45*G45,0) -> 1688968 | I45: =IF(OR(G45>$E45,G45<$K$2),$K$1,"") | J45: 1654180 | K45: =+ROUND($D45*J45,0) -> 1654180 | L45: =IF(OR(J45>$E45,J45<$K$2),$K$1,"") | M45: 1644717.5 | N45: =+ROUND($D45*M45,0) -> 1644717 | O45: =IF(OR(M45>$E45,M45<$K$2),$K$1,"") | P45: 1657582 | Q45: =+ROUND($D45*P45,0) -> 1657582 | R45: =IF(OR(P45>$E45,P45<$K$2),$K$1,"") | S45: 2127821.5 | T45: =+ROUND($D45*S45,0) -> 2127821 | U45: =IF(OR(S45>$E45,S45<$K$2),$K$1,"") -> 0 | V45: 1647744 | W45: =+ROUND($D45*V45,0) -> 1647744 | X45: =IF(OR(V45>$E45,V45<$K$2),$K$1,"") | Y45: 1641134 | Z45: =+ROUND($D45*Y45,0) -> 1641134 | AA45: =IF(OR(Y45>$E45,Y45<$K$2),$K$1,"") | AB45: 1634177 | AC45: =+ROUND($D45*AB45,0) -> 1634177 | AD45: =IF(OR(AB45>$E45,AB45<$K$2),$K$1,"") | AE45: 1637220 | AF45: =+ROUND($D45*AE45,0) -> 1637220 | AG45: =IF(OR(AE45>$E45,AE45<$K$2),$K$1,"") | AH45: 1630159 | AI45: =+ROUND($D45*AH45,0) -> 1630159 | AJ45: =IF(OR(AH45>$E45,AH45<$K$2),$K$1,"") | AK45: 1629306 | AL45: =+ROUND($D45*AK45,0) -> 1629306 | AM45: =IF(OR(AK45>$E45,AK45<$K$2),$K$1,"") | AN45: 1600258 | AO45: =+ROUND($D45*AN45,0) -> 1600258 | AP45: =IF(OR(AN45>$E45,AN45<$K$2),$K$1,"") | AQ45: 1665312 | AR45: =+ROUND($D45*AQ45,0) -> 1665312 | AS45: =IF(OR(AQ45>$E45,AQ45<$K$2),$K$1,"") | AT45: 1722016.9 | AU45: =+ROUND($D45*AT45,0) -> 1722017 | AV45: =IF(OR(AT45>$E45,AT45<$K$2),$K$1,"") | AW45: 1621100 | AX45: =+ROUND($D45*AW45,0) -> 1621100 | AY45: =IF(OR(AW45>$E45,AW45<$K$2),$K$1,"") | AZ45: 1704600 | BA45: =+ROUND($D45*AZ45,0) -> 1704600 | BB45: =IF(OR(AZ45>$E45,AZ45<$K$2),$K$1,"")
A46: 5.2 | B46: Suministro e Instalación alimentador 3x4+1x4+8T desde TABLERO GENERAL a CONTADOR LSHF, incluye terminales, marcaciones, pruebas y puesta en marcha, segun diagrama unifilar. | C46: ml | D46: 15 | E46: 218296 | F46: =+ROUND(D46*E46,0) -> 3274440 | G46: 211965 | H46: =+ROUND($D46*G46,0) -> 3179475 | I46: =IF(OR(G46>$E46,G46<$K$2),$K$1,"") | J46: 207599 | K46: =+ROUND($D46*J46,0) -> 3113985 | L46: =IF(OR(J46>$E46,J46<$K$2),$K$1,"") | M46: 206411.97 | N46: =+ROUND($D46*M46,0) -> 3096179 | O46: =IF(OR(M46>$E46,M46<$K$2),$K$1,"") | P46: 208027 | Q46: =+ROUND($D46*P46,0) -> 3120405 | R46: =IF(OR(P46>$E46,P46<$K$2),$K$1,"") | S46: 267041.5 | T46: =+ROUND($D46*S46,0) -> 4005622 | U46: =IF(OR(S46>$E46,S46<$K$2),$K$1,"") -> 0 | V46: 206791.8 | W46: =+ROUND($D46*V46,0) -> 3101877 | X46: =IF(OR(V46>$E46,V46<$K$2),$K$1,"") | Y46: 205962 | Z46: =+ROUND($D46*Y46,0) -> 3089430 | AA46: =IF(OR(Y46>$E46,Y46<$K$2),$K$1,"") | AB46: 205089 | AC46: =+ROUND($D46*AB46,0) -> 3076335 | AD46: =IF(OR(AB46>$E46,AB46<$K$2),$K$1,"") | AE46: 205471 | AF46: =+ROUND($D46*AE46,0) -> 3082065 | AG46: =IF(OR(AE46>$E46,AE46<$K$2),$K$1,"") | AH46: 204585 | AI46: =+ROUND($D46*AH46,0) -> 3068775 | AJ46: =IF(OR(AH46>$E46,AH46<$K$2),$K$1,"") | AK46: 204478 | AL46: =+ROUND($D46*AK46,0) -> 3067170 | AM46: =IF(OR(AK46>$E46,AK46<$K$2),$K$1,"") | AN46: 200832 | AO46: =+ROUND($D46*AN46,0) -> 3012480 | AP46: =IF(OR(AN46>$E46,AN46<$K$2),$K$1,"") | AQ46: 208997 | AR46: =+ROUND($D46*AQ46,0) -> 3134955 | AS46: =IF(OR(AQ46>$E46,AQ46<$K$2),$K$1,"") | AT46: 216113.04 | AU46: =+ROUND($D46*AT46,0) -> 3241696 | AV46: =IF(OR(AT46>$E46,AT46<$K$2),$K$1,"") | AW46: 203500 | AX46: =+ROUND($D46*AW46,0) -> 3052500 | AY46: =IF(OR(AW46>$E46,AW46<$K$2),$K$1,"") | AZ46: 213900 | BA46: =+ROUND($D46*AZ46,0) -> 3208500 | BB46: =IF(OR(AZ46>$E46,AZ46<$K$2),$K$1,"")
A47: 5.3 | B47: Conductores baja tension (Incluye Suministro completo, montaje, conexionado, pruebas y puesta en marcha). 1x12F+1x12N+12T, CU, LSHF | C47: ml | D47: 1146 | E47: 47604 | F47: =+ROUND(D47*E47,0) -> 54554184 | G47: 46223 | H47: =+ROUND($D47*G47,0) -> 52971558 | I47: =IF(OR(G47>$E47,G47<$K$2),$K$1,"") | J47: 45271 | K47: =+ROUND($D47*J47,0) -> 51880566 | L47: =IF(OR(J47>$E47,J47<$K$2),$K$1,"") | M47: 45012.438 | N47: =+ROUND($D47*M47,0) -> 51584254 | O47: =IF(OR(M47>$E47,M47<$K$2),$K$1,"") | P47: 45365 | Q47: =+ROUND($D47*P47,0) -> 51988290 | R47: =IF(OR(P47>$E47,P47<$K$2),$K$1,"") | S47: 58233.973 | T47: =+ROUND($D47*S47,0) -> 66736133 | U47: =IF(OR(S47>$E47,S47<$K$2),$K$1,"") -> 0 | V47: 45095.269 | W47: =+ROUND($D47*V47,0) -> 51679179 | X47: =IF(OR(V47>$E47,V47<$K$2),$K$1,"") | Y47: 44914 | Z47: =+ROUND($D47*Y47,0) -> 51471444 | AA47: =IF(OR(Y47>$E47,Y47<$K$2),$K$1,"") | AB47: 44724 | AC47: =+ROUND($D47*AB47,0) -> 51253704 | AD47: =IF(OR(AB47>$E47,AB47<$K$2),$K$1,"") | AE47: 44807 | AF47: =+ROUND($D47*AE47,0) -> 51348822 | AG47: =IF(OR(AE47>$E47,AE47<$K$2),$K$1,"") | AH47: 44614 | AI47: =+ROUND($D47*AH47,0) -> 51127644 | AJ47: =IF(OR(AH47>$E47,AH47<$K$2),$K$1,"") | AK47: 44591 | AL47: =+ROUND($D47*AK47,0) -> 51101286 | AM47: =IF(OR(AK47>$E47,AK47<$K$2),$K$1,"") | AN47: 43796 | AO47: =+ROUND($D47*AN47,0) -> 50190216 | AP47: =IF(OR(AN47>$E47,AN47<$K$2),$K$1,"") | AQ47: 45576 | AR47: =+ROUND($D47*AQ47,0) -> 52230096 | AS47: =IF(OR(AQ47>$E47,AQ47<$K$2),$K$1,"") | AT47: 47127.96 | AU47: =+ROUND($D47*AT47,0) -> 54008642 | AV47: =IF(OR(AT47>$E47,AT47<$K$2),$K$1,"") | AW47: 44400 | AX47: =+ROUND($D47*AW47,0) -> 50882400 | AY47: =IF(OR(AW47>$E47,AW47<$K$2),$K$1,"") | AZ47: 46600 | BA47: =+ROUND($D47*AZ47,0) -> 53403600 | BB47: =IF(OR(AZ47>$E47,AZ47<$K$2),$K$1,"")
A48: 5.4 | B48: Tubería EMT Ø3/4". Incluye soportes, cajas de paso 2400, material menor, accesorios y demas elementos para un completo montaje. | C48: ml | D48: 25 | E48: 50144 | F48: =+ROUND(D48*E48,0) -> 1253600 | G48: 48690 | H48: =+ROUND($D48*G48,0) -> 1217250 | I48: =IF(OR(G48>$E48,G48<$K$2),$K$1,"") | J48: 47687 | K48: =+ROUND($D48*J48,0) -> 1192175 | L48: =IF(OR(J48>$E48,J48<$K$2),$K$1,"") | M48: 47414.161 | N48: =+ROUND($D48*M48,0) -> 1185354 | O48: =IF(OR(M48>$E48,M48<$K$2),$K$1,"") | P48: 47785 | Q48: =+ROUND($D48*P48,0) -> 1194625 | R48: =IF(OR(P48>$E48,P48<$K$2),$K$1,"") | S48: 61341.155 | T48: =+ROUND($D48*S48,0) -> 1533529 | U48: =IF(OR(S48>$E48,S48<$K$2),$K$1,"") -> 0 | V48: 47501.411 | W48: =+ROUND($D48*V48,0) -> 1187535 | X48: =IF(OR(V48>$E48,V48<$K$2),$K$1,"") | Y48: 47311 | Z48: =+ROUND($D48*Y48,0) -> 1182775 | AA48: =IF(OR(Y48>$E48,Y48<$K$2),$K$1,"") | AB48: 47110 | AC48: =+ROUND($D48*AB48,0) -> 1177750 | AD48: =IF(OR(AB48>$E48,AB48<$K$2),$K$1,"") | AE48: 47198 | AF48: =+ROUND($D48*AE48,0) -> 1179950 | AG48: =IF(OR(AE48>$E48,AE48<$K$2),$K$1,"") | AH48: 46994 | AI48: =+ROUND($D48*AH48,0) -> 1174850 | AJ48: =IF(OR(AH48>$E48,AH48<$K$2),$K$1,"") | AK48: 46970 | AL48: =+ROUND($D48*AK48,0) -> 1174250 | AM48: =IF(OR(AK48>$E48,AK48<$K$2),$K$1,"") | AN48: 46132 | AO48: =+ROUND($D48*AN48,0) -> 1153300 | AP48: =IF(OR(AN48>$E48,AN48<$K$2),$K$1,"") | AQ48: 48008 | AR48: =+ROUND($D48*AQ48,0) -> 1200200 | AS48: =IF(OR(AQ48>$E48,AQ48<$K$2),$K$1,"") | AT48: 49642.56 | AU48: =+ROUND($D48*AT48,0) -> 1241064 | AV48: =IF(OR(AT48>$E48,AT48<$K$2),$K$1,"") | AW48: 46700 | AX48: =+ROUND($D48*AW48,0) -> 1167500 | AY48: =IF(OR(AW48>$E48,AW48<$K$2),$K$1,"") | AZ48: 49100 | BA48: =+ROUND($D48*AZ48,0) -> 1227500 | BB48: =IF(OR(AZ48>$E48,AZ48<$K$2),$K$1,"")
A49: 5.5 | B49: Tubería EMT Ø1" Incluye soportes, cajas de paso, material menor, accesorios y demas elementos para un completo montaje. | C49: ml | D49: 45 | E49: 53441 | F49: =+ROUND(D49*E49,0) -> 2404845 | G49: 51891 | H49: =+ROUND($D49*G49,0) -> 2335095 | I49: =IF(OR(G49>$E49,G49<$K$2),$K$1,"") | J49: 50822 | K49: =+ROUND($D49*J49,0) -> 2286990 | L49: =IF(OR(J49>$E49,J49<$K$2),$K$1,"") | M49: 50531.672 | N49: =+ROUND($D49*M49,0) -> 2273925 | O49: =IF(OR(M49>$E49,M49<$K$2),$K$1,"") | P49: 50927 | Q49: =+ROUND($D49*P49,0) -> 2291715 | R49: =IF(OR(P49>$E49,P49<$K$2),$K$1,"") | S49: 65374.375 | T49: =+ROUND($D49*S49,0) -> 2941847 | U49: =IF(OR(S49>$E49,S49<$K$2),$K$1,"") -> 0 | V49: 50624.659 | W49: =+ROUND($D49*V49,0) -> 2278110 | X49: =IF(OR(V49>$E49,V49<$K$2),$K$1,"") | Y49: 50422 | Z49: =+ROUND($D49*Y49,0) -> 2268990 | AA49: =IF(OR(Y49>$E49,Y49<$K$2),$K$1,"") | AB49: 50208 | AC49: =+ROUND($D49*AB49,0) -> 2259360 | AD49: =IF(OR(AB49>$E49,AB49<$K$2),$K$1,"") | AE49: 50301 | AF49: =+ROUND($D49*AE49,0) -> 2263545 | AG49: =IF(OR(AE49>$E49,AE49<$K$2),$K$1,"") | AH49: 50084 | AI49: =+ROUND($D49*AH49,0) -> 2253780 | AJ49: =IF(OR(AH49>$E49,AH49<$K$2),$K$1,"") | AK49: 50058 | AL49: =+ROUND($D49*AK49,0) -> 2252610 | AM49: =IF(OR(AK49>$E49,AK49<$K$2),$K$1,"") | AN49: 49166 | AO49: =+ROUND($D49*AN49,0) -> 2212470 | AP49: =IF(OR(AN49>$E49,AN49<$K$2),$K$1,"") | AQ49: 51164 | AR49: =+ROUND($D49*AQ49,0) -> 2302380 | AS49: =IF(OR(AQ49>$E49,AQ49<$K$2),$K$1,"") | AT49: 52906.59 | AU49: =+ROUND($D49*AT49,0) -> 2380797 | AV49: =IF(OR(AT49>$E49,AT49<$K$2),$K$1,"") | AW49: 49800 | AX49: =+ROUND($D49*AW49,0) -> 2241000 | AY49: =IF(OR(AW49>$E49,AW49<$K$2),$K$1,"") | AZ49: 52300 | BA49: =+ROUND($D49*AZ49,0) -> 2353500 | BB49: =IF(OR(AZ49>$E49,AZ49<$K$2),$K$1,"")
A50: 5.6 | B50: Tubería EMT Ø1/2" Incluye soportes, cajas de paso, material menor, accesorios y demas elementos para un completo montaje. | C50: ml | D50: 210 | E50: 51425 | F50: =+ROUND(D50*E50,0) -> 10799250 | G50: 49934 | H50: =+ROUND($D50*G50,0) -> 10486140 | I50: =IF(OR(G50>$E50,G50<$K$2),$K$1,"") | J50: 48905 | K50: =+ROUND($D50*J50,0) -> 10270050 | L50: =IF(OR(J50>$E50,J50<$K$2),$K$1,"") | M50: 48625.423 | N50: =+ROUND($D50*M50,0) -> 10211339 | O50: =IF(OR(M50>$E50,M50<$K$2),$K$1,"") | P50: 49006 | Q50: =+ROUND($D50*P50,0) -> 10291260 | R50: =IF(OR(P50>$E50,P50<$K$2),$K$1,"") | S50: 62908.202 | T50: =+ROUND($D50*S50,0) -> 13210723 | U50: =IF(OR(S50>$E50,S50<$K$2),$K$1,"") -> 0 | V50: 48714.903 | W50: =+ROUND($D50*V50,0) -> 10230130 | X50: =IF(OR(V50>$E50,V50<$K$2),$K$1,"") | Y50: 48519 | Z50: =+ROUND($D50*Y50,0) -> 10188990 | AA50: =IF(OR(Y50>$E50,Y50<$K$2),$K$1,"") | AB50: 48314 | AC50: =+ROUND($D50*AB50,0) -> 10145940 | AD50: =IF(OR(AB50>$E50,AB50<$K$2),$K$1,"") | AE50: 48404 | AF50: =+ROUND($D50*AE50,0) -> 10164840 | AG50: =IF(OR(AE50>$E50,AE50<$K$2),$K$1,"") | AH50: 48195 | AI50: =+ROUND($D50*AH50,0) -> 10120950 | AJ50: =IF(OR(AH50>$E50,AH50<$K$2),$K$1,"") | AK50: 48170 | AL50: =+ROUND($D50*AK50,0) -> 10115700 | AM50: =IF(OR(AK50>$E50,AK50<$K$2),$K$1,"") | AN50: 47311 | AO50: =+ROUND($D50*AN50,0) -> 9935310 | AP50: =IF(OR(AN50>$E50,AN50<$K$2),$K$1,"") | AQ50: 49234 | AR50: =+ROUND($D50*AQ50,0) -> 10339140 | AS50: =IF(OR(AQ50>$E50,AQ50<$K$2),$K$1,"") | AT50: 50910.75 | AU50: =+ROUND($D50*AT50,0) -> 10691258 | AV50: =IF(OR(AT50>$E50,AT50<$K$2),$K$1,"") | AW50: 47900 | AX50: =+ROUND($D50*AW50,0) -> 10059000 | AY50: =IF(OR(AW50>$E50,AW50<$K$2),$K$1,"") | AZ50: 50300 | BA50: =+ROUND($D50*AZ50,0) -> 10563000 | BB50: =IF(OR(AZ50>$E50,AZ50<$K$2),$K$1,"")
A51: 5.7 | B51: Tubería EMT 1-1/2" Incluye soportes, cajas de paso, material menor, accesorios y demas elementos para un completo montaje. | C51: ml | D51: 55 | E51: 84269 | F51: =+ROUND(D51*E51,0) -> 4634795 | G51: 81825 | H51: =+ROUND($D51*G51,0) -> 4500375 | I51: =IF(OR(G51>$E51,G51<$K$2),$K$1,"") | J51: 80140 | K51: =+ROUND($D51*J51,0) -> 4407700 | L51: =IF(OR(J51>$E51,J51<$K$2),$K$1,"") | M51: 79681.396 | N51: =+ROUND($D51*M51,0) -> 4382477 | O51: =IF(OR(M51>$E51,M51<$K$2),$K$1,"") | P51: 80305 | Q51: =+ROUND($D51*P51,0) -> 4416775 | R51: =IF(OR(P51>$E51,P51<$K$2),$K$1,"") | S51: 103086.27 | T51: =+ROUND($D51*S51,0) -> 5669745 | U51: =IF(OR(S51>$E51,S51<$K$2),$K$1,"") -> 0 | V51: 79828.024 | W51: =+ROUND($D51*V51,0) -> 4390541 | X51: =IF(OR(V51>$E51,V51<$K$2),$K$1,"") | Y51: 79508 | Z51: =+ROUND($D51*Y51,0) -> 4372940 | AA51: =IF(OR(Y51>$E51,Y51<$K$2),$K$1,"") | AB51: 79171 | AC51: =+ROUND($D51*AB51,0) -> 4354405 | AD51: =IF(OR(AB51>$E51,AB51<$K$2),$K$1,"") | AE51: 79318 | AF51: =+ROUND($D51*AE51,0) -> 4362490 | AG51: =IF(OR(AE51>$E51,AE51<$K$2),$K$1,"") | AH51: 78976 | AI51: =+ROUND($D51*AH51,0) -> 4343680 | AJ51: =IF(OR(AH51>$E51,AH51<$K$2),$K$1,"") | AK51: 78935 | AL51: =+ROUND($D51*AK51,0) -> 4341425 | AM51: =IF(OR(AK51>$E51,AK51<$K$2),$K$1,"") | AN51: 77527 | AO51: =+ROUND($D51*AN51,0) -> 4263985 | AP51: =IF(OR(AN51>$E51,AN51<$K$2),$K$1,"") | AQ51: 80679 | AR51: =+ROUND($D51*AQ51,0) -> 4437345 | AS51: =IF(OR(AQ51>$E51,AQ51<$K$2),$K$1,"") | AT51: 83426.31 | AU51: =+ROUND($D51*AT51,0) -> 4588447 | AV51: =IF(OR(AT51>$E51,AT51<$K$2),$K$1,"") | AW51: 78500 | AX51: =+ROUND($D51*AW51,0) -> 4317500 | AY51: =IF(OR(AW51>$E51,AW51<$K$2),$K$1,"") | AZ51: 82500 | BA51: =+ROUND($D51*AZ51,0) -> 4537500 | BB51: =IF(OR(AZ51>$E51,AZ51<$K$2),$K$1,"")
A52: 5.8 | B52: Salida e instalacion de tomacorriente GFCI para vivienda, oficinas y de servicio, monofásico doble 2P+T, 15A-125V. | C52: unidad | D52: 2 | E52: 150113 | F52: =+ROUND(D52*E52,0) -> 300226 | G52: 145760 | H52: =+ROUND($D52*G52,0) -> 291520 | I52: =IF(OR(G52>$E52,G52<$K$2),$K$1,"") | J52: 142757 | K52: =+ROUND($D52*J52,0) -> 285514 | L52: =IF(OR(J52>$E52,J52<$K$2),$K$1,"") | M52: 141940.85 | N52: =+ROUND($D52*M52,0) -> 283882 | O52: =IF(OR(M52>$E52,M52<$K$2),$K$1,"") | P52: 143051 | Q52: =+ROUND($D52*P52,0) -> 286102 | R52: =IF(OR(P52>$E52,P52<$K$2),$K$1,"") | S52: 183633.23 | T52: =+ROUND($D52*S52,0) -> 367266 | U52: =IF(OR(S52>$E52,S52<$K$2),$K$1,"") -> 0 | V52: 142202.04 | W52: =+ROUND($D52*V52,0) -> 284404 | X52: =IF(OR(V52>$E52,V52<$K$2),$K$1,"") | Y52: 141632 | Z52: =+ROUND($D52*Y52,0) -> 283264 | AA52: =IF(OR(Y52>$E52,Y52<$K$2),$K$1,"") | AB52: 141031 | AC52: =+ROUND($D52*AB52,0) -> 282062 | AD52: =IF(OR(AB52>$E52,AB52<$K$2),$K$1,"") | AE52: 141294 | AF52: =+ROUND($D52*AE52,0) -> 282588 | AG52: =IF(OR(AE52>$E52,AE52<$K$2),$K$1,"") | AH52: 140684 | AI52: =+ROUND($D52*AH52,0) -> 281368 | AJ52: =IF(OR(AH52>$E52,AH52<$K$2),$K$1,"") | AK52: 140611 | AL52: =+ROUND($D52*AK52,0) -> 281222 | AM52: =IF(OR(AK52>$E52,AK52<$K$2),$K$1,"") | AN52: 138104 | AO52: =+ROUND($D52*AN52,0) -> 276208 | AP52: =IF(OR(AN52>$E52,AN52<$K$2),$K$1,"") | AQ52: 143718 | AR52: =+ROUND($D52*AQ52,0) -> 287436 | AS52: =IF(OR(AQ52>$E52,AQ52<$K$2),$K$1,"") | AT52: 148611.87 | AU52: =+ROUND($D52*AT52,0) -> 297224 | AV52: =IF(OR(AT52>$E52,AT52<$K$2),$K$1,"") | AW52: 139900 | AX52: =+ROUND($D52*AW52,0) -> 279800 | AY52: =IF(OR(AW52>$E52,AW52<$K$2),$K$1,"") | AZ52: 147100 | BA52: =+ROUND($D52*AZ52,0) -> 294200 | BB52: =IF(OR(AZ52>$E52,AZ52<$K$2),$K$1,"")
A53: 5.9 | B53: Salida e instalacion de tomacorriente doble 15 AMP. Incluye materiales e instalacion de salida electrica acorde al RETIE | C53: unidad | D53: 57 | E53: 96134 | F53: =+ROUND(D53*E53,0) -> 5479638 | G53: 93346 | H53: =+ROUND($D53*G53,0) -> 5320722 | I53: =IF(OR(G53>$E53,G53<$K$2),$K$1,"") | J53: 91423 | K53: =+ROUND($D53*J53,0) -> 5211111 | L53: =IF(OR(J53>$E53,J53<$K$2),$K$1,"") | M53: 90900.465 | N53: =+ROUND($D53*M53,0) -> 5181327 | O53: =IF(OR(M53>$E53,M53<$K$2),$K$1,"") | P53: 91611 | Q53: =+ROUND($D53*P53,0) -> 5221827 | R53: =IF(OR(P53>$E53,P53<$K$2),$K$1,"") | S53: 117600.72 | T53: =+ROUND($D53*S53,0) -> 6703241 | U53: =IF(OR(S53>$E53,S53<$K$2),$K$1,"") -> 0 | V53: 91067.738 | W53: =+ROUND($D53*V53,0) -> 5190861 | X53: =IF(OR(V53>$E53,V53<$K$2),$K$1,"") | Y53: 90702 | Z53: =+ROUND($D53*Y53,0) -> 5170014 | AA53: =IF(OR(Y53>$E53,Y53<$K$2),$K$1,"") | AB53: 90318 | AC53: =+ROUND($D53*AB53,0) -> 5148126 | AD53: =IF(OR(AB53>$E53,AB53<$K$2),$K$1,"") | AE53: 90486 | AF53: =+ROUND($D53*AE53,0) -> 5157702 | AG53: =IF(OR(AE53>$E53,AE53<$K$2),$K$1,"") | AH53: 90096 | AI53: =+ROUND($D53*AH53,0) -> 5135472 | AJ53: =IF(OR(AH53>$E53,AH53<$K$2),$K$1,"") | AK53: 90049 | AL53: =+ROUND($D53*AK53,0) -> 5132793 | AM53: =IF(OR(AK53>$E53,AK53<$K$2),$K$1,"") | AN53: 88443 | AO53: =+ROUND($D53*AN53,0) -> 5041251 | AP53: =IF(OR(AN53>$E53,AN53<$K$2),$K$1,"") | AQ53: 92039 | AR53: =+ROUND($D53*AQ53,0) -> 5246223 | AS53: =IF(OR(AQ53>$E53,AQ53<$K$2),$K$1,"") | AT53: 95172.66 | AU53: =+ROUND($D53*AT53,0) -> 5424842 | AV53: =IF(OR(AT53>$E53,AT53<$K$2),$K$1,"") | AW53: 89600 | AX53: =+ROUND($D53*AW53,0) -> 5107200 | AY53: =IF(OR(AW53>$E53,AW53<$K$2),$K$1,"") | AZ53: 94200 | BA53: =+ROUND($D53*AZ53,0) -> 5369400 | BB53: =IF(OR(AZ53>$E53,AZ53<$K$2),$K$1,"")
A54: 5.10 | B54: Salida e instalación de tomacorriente doble regulada 15 AMP. Incluye materiales e instalación de salida eléctrica acorde al RETIE | C54: unidad | D54: 11 | E54: 154770 | F54: =+ROUND(D54*E54,0) -> 1702470 | G54: 150282 | H54: =+ROUND($D54*G54,0) -> 1653102 | I54: =IF(OR(G54>$E54,G54<$K$2),$K$1,"") | J54: 147186 | K54: =+ROUND($D54*J54,0) -> 1619046 | L54: =IF(OR(J54>$E54,J54<$K$2),$K$1,"") | M54: 146344.32 | N54: =+ROUND($D54*M54,0) -> 1609788 | O54: =IF(OR(M54>$E54,M54<$K$2),$K$1,"") | P54: 147489 | Q54: =+ROUND($D54*P54,0) -> 1622379 | R54: =IF(OR(P54>$E54,P54<$K$2),$K$1,"") | S54: 189330.14 | T54: =+ROUND($D54*S54,0) -> 2082632 | U54: =IF(OR(S54>$E54,S54<$K$2),$K$1,"") -> 0 | V54: 146613.62 | W54: =+ROUND($D54*V54,0) -> 1612750 | X54: =IF(OR(V54>$E54,V54<$K$2),$K$1,"") | Y54: 146025 | Z54: =+ROUND($D54*Y54,0) -> 1606275 | AA54: =IF(OR(Y54>$E54,Y54<$K$2),$K$1,"") | AB54: 145406 | AC54: =+ROUND($D54*AB54,0) -> 1599466 | AD54: =IF(OR(AB54>$E54,AB54<$K$2),$K$1,"") | AE54: 145677 | AF54: =+ROUND($D54*AE54,0) -> 1602447 | AG54: =IF(OR(AE54>$E54,AE54<$K$2),$K$1,"") | AH54: 145049 | AI54: =+ROUND($D54*AH54,0) -> 1595539 | AJ54: =IF(OR(AH54>$E54,AH54<$K$2),$K$1,"") | AK54: 144973 | AL54: =+ROUND($D54*AK54,0) -> 1594703 | AM54: =IF(OR(AK54>$E54,AK54<$K$2),$K$1,"") | AN54: 142388 | AO54: =+ROUND($D54*AN54,0) -> 1566268 | AP54: =IF(OR(AN54>$E54,AN54<$K$2),$K$1,"") | AQ54: 148177 | AR54: =+ROUND($D54*AQ54,0) -> 1629947 | AS54: =IF(OR(AQ54>$E54,AQ54<$K$2),$K$1,"") | AT54: 153222.3 | AU54: =+ROUND($D54*AT54,0) -> 1685445 | AV54: =IF(OR(AT54>$E54,AT54<$K$2),$K$1,"") | AW54: 144200 | AX54: =+ROUND($D54*AW54,0) -> 1586200 | AY54: =IF(OR(AW54>$E54,AW54<$K$2),$K$1,"") | AZ54: 151600 | BA54: =+ROUND($D54*AZ54,0) -> 1667600 | BB54: =IF(OR(AZ54>$E54,AZ54<$K$2),$K$1,"")
A55: 5.11 | B55: Suministro einstalacion de Caja de Paso Metálica 30X30x15xcm | C55: unidad | D55: 15 | E55: 90089 | F55: =+ROUND(D55*E55,0) -> 1351335 | G55: 87476 | H55: =+ROUND($D55*G55,0) -> 1312140 | I55: =IF(OR(G55>$E55,G55<$K$2),$K$1,"") | J55: 85675 | K55: =+ROUND($D55*J55,0) -> 1285125 | L55: =IF(OR(J55>$E55,J55<$K$2),$K$1,"") | M55: 85184.555 | N55: =+ROUND($D55*M55,0) -> 1277768 | O55: =IF(OR(M55>$E55,M55<$K$2),$K$1,"") | P55: 85851 | Q55: =+ROUND($D55*P55,0) -> 1287765 | R55: =IF(OR(P55>$E55,P55<$K$2),$K$1,"") | S55: 110205.87 | T55: =+ROUND($D55*S55,0) -> 1653088 | U55: =IF(OR(S55>$E55,S55<$K$2),$K$1,"") -> 0 | V55: 85341.31 | W55: =+ROUND($D55*V55,0) -> 1280120 | X55: =IF(OR(V55>$E55,V55<$K$2),$K$1,"") | Y55: 84999 | Z55: =+ROUND($D55*Y55,0) -> 1274985 | AA55: =IF(OR(Y55>$E55,Y55<$K$2),$K$1,"") | AB55: 84639 | AC55: =+ROUND($D55*AB55,0) -> 1269585 | AD55: =IF(OR(AB55>$E55,AB55<$K$2),$K$1,"") | AE55: 84796 | AF55: =+ROUND($D55*AE55,0) -> 1271940 | AG55: =IF(OR(AE55>$E55,AE55<$K$2),$K$1,"") | AH55: 84431 | AI55: =+ROUND($D55*AH55,0) -> 1266465 | AJ55: =IF(OR(AH55>$E55,AH55<$K$2),$K$1,"") | AK55: 84386 | AL55: =+ROUND($D55*AK55,0) -> 1265790 | AM55: =IF(OR(AK55>$E55,AK55<$K$2),$K$1,"") | AN55: 82882 | AO55: =+ROUND($D55*AN55,0) -> 1243230 | AP55: =IF(OR(AN55>$E55,AN55<$K$2),$K$1,"") | AQ55: 86251 | AR55: =+ROUND($D55*AQ55,0) -> 1293765 | AS55: =IF(OR(AQ55>$E55,AQ55<$K$2),$K$1,"") | AT55: 89188.11 | AU55: =+ROUND($D55*AT55,0) -> 1337822 | AV55: =IF(OR(AT55>$E55,AT55<$K$2),$K$1,"") | AW55: 84000 | AX55: =+ROUND($D55*AW55,0) -> 1260000 | AY55: =IF(OR(AW55>$E55,AW55<$K$2),$K$1,"") | AZ55: 88200 | BA55: =+ROUND($D55*AZ55,0) -> 1323000 | BB55: =IF(OR(AZ55>$E55,AZ55<$K$2),$K$1,"")
A56: 5.12 | B56: Suministro e instalacion luminaria de emergencia, normalizacion, materiales menores, elementos de fijacion, caja de derivacion y demas elementos que sean necesarios para su correcto funcionamiento | C56: unidad | D56: 5 | E56: 191196 | F56: =+ROUND(D56*E56,0) -> 955980 | G56: 185651 | H56: =+ROUND($D56*G56,0) -> 928255 | I56: =IF(OR(G56>$E56,G56<$K$2),$K$1,"") | J56: 181827 | K56: =+ROUND($D56*J56,0) -> 909135 | L56: =IF(OR(J56>$E56,J56<$K$2),$K$1,"") | M56: 180787.29 | N56: =+ROUND($D56*M56,0) -> 903936 | O56: =IF(OR(M56>$E56,M56<$K$2),$K$1,"") | P56: 182201 | Q56: =+ROUND($D56*P56,0) -> 911005 | R56: =IF(OR(P56>$E56,P56<$K$2),$K$1,"") | S56: 233890.07 | T56: =+ROUND($D56*S56,0) -> 1169450 | U56: =IF(OR(S56>$E56,S56<$K$2),$K$1,"") -> 0 | V56: 181119.97 | W56: =+ROUND($D56*V56,0) -> 905600 | X56: =IF(OR(V56>$E56,V56<$K$2),$K$1,"") | Y56: 180393 | Z56: =+ROUND($D56*Y56,0) -> 901965 | AA56: =IF(OR(Y56>$E56,Y56<$K$2),$K$1,"") | AB56: 179629 | AC56: =+ROUND($D56*AB56,0) -> 898145 | AD56: =IF(OR(AB56>$E56,AB56<$K$2),$K$1,"") | AE56: 179963 | AF56: =+ROUND($D56*AE56,0) -> 899815 | AG56: =IF(OR(AE56>$E56,AE56<$K$2),$K$1,"") | AH56: 179187 | AI56: =+ROUND($D56*AH56,0) -> 895935 | AJ56: =IF(OR(AH56>$E56,AH56<$K$2),$K$1,"") | AK56: 179093 | AL56: =+ROUND($D56*AK56,0) -> 895465 | AM56: =IF(OR(AK56>$E56,AK56<$K$2),$K$1,"") | AN56: 175900 | AO56: =+ROUND($D56*AN56,0) -> 879500 | AP56: =IF(OR(AN56>$E56,AN56<$K$2),$K$1,"") | AQ56: 183051 | AR56: =+ROUND($D56*AQ56,0) -> 915255 | AS56: =IF(OR(AQ56>$E56,AQ56<$K$2),$K$1,"") | AT56: 189284.04 | AU56: =+ROUND($D56*AT56,0) -> 946420 | AV56: =IF(OR(AT56>$E56,AT56<$K$2),$K$1,"") | AW56: 178200 | AX56: =+ROUND($D56*AW56,0) -> 891000 | AY56: =IF(OR(AW56>$E56,AW56<$K$2),$K$1,"") | AZ56: 187300 | BA56: =+ROUND($D56*AZ56,0) -> 936500 | BB56: =IF(OR(AZ56>$E56,AZ56<$K$2),$K$1,"")
... A89: 5.45 | B89: Actualizacion caja grupo de medida | C89: Unidad | D89: 1 | E89: 410504 | F89: =+ROUND(D89*E89,0) -> 410504 | G89: 398599 | H89: =+ROUND($D89*G89,0) -> 398599 | I89: =IF(OR(G89>$E89,G89<$K$2),$K$1,"") | J89: 390389 | K89: =+ROUND($D89*J89,0) -> 390389 | L89: =IF(OR(J89>$E89,J89<$K$2),$K$1,"") | M89: 388156.16 | N89: =+ROUND($D89*M89,0) -> 388156 | O89: =IF(OR(M89>$E89,M89<$K$2),$K$1,"") | P89: 391192 | Q89: =+ROUND($D89*P89,0) -> 391192 | R89: =IF(OR(P89>$E89,P89<$K$2),$K$1,"") | S89: 502169.54 | T89: =+ROUND($D89*S89,0) -> 502170 | U89: =IF(OR(S89>$E89,S89<$K$2),$K$1,"") -> 0 | V89: 388870.44 | W89: =+ROUND($D89*V89,0) -> 388870 | X89: =IF(OR(V89>$E89,V89<$K$2),$K$1,"") | Y89: 387311 | Z89: =+ROUND($D89*Y89,0) -> 387311 | AA89: =IF(OR(Y89>$E89,Y89<$K$2),$K$1,"") | AB89: 385669 | AC89: =+ROUND($D89*AB89,0) -> 385669 | AD89: =IF(OR(AB89>$E89,AB89<$K$2),$K$1,"") | AE89: 386387 | AF89: =+ROUND($D89*AE89,0) -> 386387 | AG89: =IF(OR(AE89>$E89,AE89<$K$2),$K$1,"") | AH89: 384720 | AI89: =+ROUND($D89*AH89,0) -> 384720 | AJ89: =IF(OR(AH89>$E89,AH89<$K$2),$K$1,"") | AK89: 384519 | AL89: =+ROUND($D89*AK89,0) -> 384519 | AM89: =IF(OR(AK89>$E89,AK89<$K$2),$K$1,"") | AN89: 377664 | AO89: =+ROUND($D89*AN89,0) -> 377664 | AP89: =IF(OR(AN89>$E89,AN89<$K$2),$K$1,"") | AQ89: 393017 | AR89: =+ROUND($D89*AQ89,0) -> 393017 | AS89: =IF(OR(AQ89>$E89,AQ89<$K$2),$K$1,"") | AT89: 406398.96 | AU89: =+ROUND($D89*AT89,0) -> 406399 | AV89: =IF(OR(AT89>$E89,AT89<$K$2),$K$1,"") | AW89: 382600 | AX89: =+ROUND($D89*AW89,0) -> 382600 | AY89: =IF(OR(AW89>$E89,AW89<$K$2),$K$1,"") | AZ89: 402200 | BA89: =+ROUND($D89*AZ89,0) -> 402200 | BB89: =IF(OR(AZ89>$E89,AZ89<$K$2),$K$1,"")
B90: SUBTOTAL 5. INSTALACIONES ELÉCTRICAS | F90: =SUM(F44:F89) -> 228497795 | H90: =SUM(H44:H89) -> 221870568 | K90: =SUM(K44:K89) -> 217300576 | N90: =SUM(N44:N89) -> 216058374 | Q90: =SUM(Q44:Q89) -> 217749071 | T90: =SUM(T44:T89) -> 279521354 | W90: =SUM(W44:W89) -> 216455961 | Z90: =SUM(Z44:Z89) -> 215587182 | AC90: =SUM(AC44:AC89) -> 214673960 | AF90: =SUM(AF44:AF89) -> 215073446 | AI90: =SUM(AI44:AI89) -> 214145618 | AL90: =SUM(AL44:AL89) -> 214034018 | AO90: =SUM(AO44:AO89) -> 210218350 | AR90: =SUM(AR44:AR89) -> 218763690 | AU90: =SUM(AU44:AU89) -> 226212822 | AX90: =SUM(AX44:AX89) -> 213010400 | BA90: =SUM(BA44:BA89) -> 223760000
I91: =IF(OR(G91>$E91,G91<$K$2),$K$1,"") | L91: =IF(OR(J91>$E91,J91<$K$2),$K$1,"") | O91: =IF(OR(M91>$E91,M91<$K$2),$K$1,"") | R91: =IF(OR(P91>$E91,P91<$K$2),$K$1,"") | U91: =IF(OR(S91>$E91,S91<$K$2),$K$1,"") | X91: =IF(OR(V91>$E91,V91<$K$2),$K$1,"") | AA91: =IF(OR(Y91>$E91,Y91<$K$2),$K$1,"") | AD91: =IF(OR(AB91>$E91,AB91<$K$2),$K$1,"") | AG91: =IF(OR(AE91>$E91,AE91<$K$2),$K$1,"") | AJ91: =IF(OR(AH91>$E91,AH91<$K$2),$K$1,"") | AM91: =IF(OR(AK91>$E91,AK91<$K$2),$K$1,"") | AP91: =IF(OR(AN91>$E91,AN91<$K$2),$K$1,"") | AS91: =IF(OR(AQ91>$E91,AQ91<$K$2),$K$1,"") | AV91: =IF(OR(AT91>$E91,AT91<$K$2),$K$1,"") | AY91: =IF(OR(AW91>$E91,AW91<$K$2),$K$1,"") | BB91: =IF(OR(AZ91>$E91,AZ91<$K$2),$K$1,"") | BE91: =IF(OR(BC91>$E91,BC91<$K$2),$K$1,"") | BH91: =IF(OR(BF91>$E91,BF91<$K$2),$K$1,"") | BK91: =IF(OR(BI91>$E91,BI91<$K$2),$K$1,"")
B92: SUBTOTAL COSTOS DIRECTOS | F92: =+F90+F43+F35+F22+F13 -> 547319156 | H92: =+H90+H43+H35+H22+H13 -> 531444864 | I92: =IF(OR(G92>$E92,G92<$K$2),$K$1,"") | K92: =+K90+K43+K35+K22+K13 -> 520500019 | L92: =IF(OR(J92>$E92,J92<$K$2),$K$1,"") | N92: =+N90+N43+N35+N22+N13 -> 517523097 | O92: =IF(OR(M92>$E92,M92<$K$2),$K$1,"") | Q92: =+Q90+Q43+Q35+Q22+Q13 -> 521573906 | R92: =IF(OR(P92>$E92,P92<$K$2),$K$1,"") | T92: =+T90+T43+T35+T22+T13 -> 669535521 | U92: =IF(OR(S92>$E92,S92<$K$2),$K$1,"") | W92: =+W90+W43+W35+W22+W13 -> 518475432 | X92: =IF(OR(V92>$E92,V92<$K$2),$K$1,"") | Z92: =+Z90+Z43+Z35+Z22+Z13 -> 515709552 | AA92: =IF(OR(Y92>$E92,Y92<$K$2),$K$1,"") | AC92: =+AC90+AC43+AC35+AC22+AC13 -> 514204035 | AD92: =IF(OR(AB92>$E92,AB92<$K$2),$K$1,"") | AF92: =+AF90+AF43+AF35+AF22+AF13 -> 515163853 | AG92: =IF(OR(AE92>$E92,AE92<$K$2),$K$1,"") | AI92: =+AI90+AI43+AI35+AI22+AI13 -> 512940858 | AJ92: =IF(OR(AH92>$E92,AH92<$K$2),$K$1,"") | AL92: =+AL90+AL43+AL35+AL22+AL13 -> 512673690 | AM92: =IF(OR(AK92>$E92,AK92<$K$2),$K$1,"") | AO92: =+AO90+AO43+AO35+AO22+AO13 -> 503533948 | AP92: =IF(OR(AN92>$E92,AN92<$K$2),$K$1,"") | AR92: =+AR90+AR43+AR35+AR22+AR13 -> 524005389 | AS92: =IF(OR(AQ92>$E92,AQ92<$K$2),$K$1,"") | AU92: =+AU90+AU43+AU35+AU22+AU13 -> 541845966 | AV92: =IF(OR(AT92>$E92,AT92<$K$2),$K$1,"") | AX92: =+AX90+AX43+AX35+AX22+AX13 -> 510159256 | AY92: =IF(OR(AW92>$E92,AW92<$K$2),$K$1,"") | BA92: =+BA90+BA43+BA35+BA22+BA13 -> 535750300 | BB92: =IF(OR(AZ92>$E92,AZ92<$K$2),$K$1,"") | BD92: =+#REF!+#REF!+#REF!+#REF!+#REF!+#REF! -> #REF! | BE92: =IF(OR(BC92>$E92,BC92<$K$2),$K$1,"") | BG92: =+#REF!+#REF!+#REF!+#REF!+#REF!+#REF! -> #REF! | BH92: =IF(OR(BF92>$E92,BF92<$K$2),$K$1,"") | BJ92: =+#REF!+#REF!+#REF!+#REF!+#REF!+#REF! -> #REF! | BK92: =IF(OR(BI92>$E92,BI92<$K$2),$K$1,"")
B93: ADMINISTRACIÓN | E93: 0.22825804 | F93: =+ROUND(F92*E93,0) -> 124930000 | G93: 0.22825804 | H93: =+ROUND(H92*G93,0) -> 121306565 | I93: =IF(OR(G93>$E93,G93<$K$2),$K$1,"") | J93: 0.22825804 | K93: =+ROUND(K92*J93,0) -> 118808316 | L93: =IF(OR(J93>$E93,J93<$K$2),$K$1,"") | M93: 0.23 | N93: =+ROUND(N92*M93,0) -> 119030312 | O93: =IF(OR(M93>$E93,M93<$K$2),$K$1,"") -> 0 | P93: 0.22825804 | Q93: =+ROUND(Q92*P93,0) -> 119053440 | R93: =IF(OR(P93>$E93,P93<$K$2),$K$1,"") | T93: =+ROUND(T92*S93,0) -> 0 | U93: =IF(OR(S93>$E93,S93<$K$2),$K$1,"") | V93: 0.22825804 | W93: =+ROUND(W92*V93,0) -> 118346188 | X93: =IF(OR(V93>$E93,V93<$K$2),$K$1,"") | Y93: 0.24 | Z93: =+ROUND(Z92*Y93,0) -> 123770292 | AA93: =IF(OR(Y93>$E93,Y93<$K$2),$K$1,"") -> 0 | AB93: 0.23 | AC93: =+ROUND(AC92*AB93,0) -> 118266928 | AD93: =IF(OR(AB93>$E93,AB93<$K$2),$K$1,"") -> 0 | AE93: 0.22825804 | AF93: =+ROUND(AF92*AE93,0) -> 117590293 | AG93: =IF(OR(AE93>$E93,AE93<$K$2),$K$1,"") | AH93: 0.22825804 | AI93: =+ROUND(AI92*AH93,0) -> 117082877 | AJ93: =IF(OR(AH93>$E93,AH93<$K$2),$K$1,"") | AK93: 0.22825804 | AL93: =+ROUND(AL92*AK93,0) -> 117021894 | AM93: =IF(OR(AK93>$E93,AK93<$K$2),$K$1,"") | AN93: 0.22825804 | AO93: =+ROUND(AO92*AN93,0) -> 114935674 | AP93: =IF(OR(AN93>$E93,AN93<$K$2),$K$1,"") | AQ93: 0.22 | AR93: =+ROUND(AR92*AQ93,0) -> 115281186 | AS93: =IF(OR(AQ93>$E93,AQ93<$K$2),$K$1,"") | AT93: 0.23 | AU93: =+ROUND(AU92*AT93,0) -> 124624572 | AV93: =IF(OR(AT93>$E93,AT93<$K$2),$K$1,"") -> 0 | AW93: 0.23 | AX93: =+ROUND(AX92*AW93,0) -> 117336629 | AY93: =IF(OR(AW93>$E93,AW93<$K$2),$K$1,"") -> 0 | AZ93: 0.24 | BA93: =+ROUND(BA92*AZ93,0) -> 128580072 | BB93: =IF(OR(AZ93>$E93,AZ93<$K$2),$K$1,"") -> 0 | BC93: 0.29 | BD93: =+ROUND(BD92*BC93,0) -> #REF! | BE93: =IF(OR(BC93>$E93,BC93<$K$2),$K$1,"") -> 0 | BF93: 0.27 | BG93: =+ROUND(BG92*BF93,0) -> #REF! | BH93: =IF(OR(BF93>$E93,BF93<$K$2),$K$1,"") -> 0 | BI93: 0.27 | BJ93: =+ROUND(BJ92*BI93,0) -> #REF! | BK93: =IF(OR(BI93>$E93,BI93<$K$2),$K$1,"") -> 0
B94: IMPREVISTOS | E94: 0.02 | F94: =+ROUND(F92*E94,0) -> 10946383 | G94: 0.02 | H94: =+ROUND(H92*G94,0) -> 10628897 | I94: =IF(OR(G94>$E94,G94<$K$2),$K$1,"") | J94: 0.02 | K94: =+ROUND(K92*J94,0) -> 10410000 | L94: =IF(OR(J94>$E94,J94<$K$2),$K$1,"") | M94: 0.02 | N94: =+ROUND(N92*M94,0) -> 10350462 | O94: =IF(OR(M94>$E94,M94<$K$2),$K$1,"") | P94: 0.02 | Q94: =+ROUND(Q92*P94,0) -> 10431478 | R94: =IF(OR(P94>$E94,P94<$K$2),$K$1,"") | T94: =+ROUND(T92*S94,0) -> 0 | U94: =IF(OR(S94>$E94,S94<$K$2),$K$1,"") | V94: 0.02 | W94: =+ROUND(W92*V94,0) -> 10369509 | X94: =IF(OR(V94>$E94,V94<$K$2),$K$1,"") | Y94: 0.01 | Z94: =+ROUND(Z92*Y94,0) -> 5157096 | AA94: =IF(OR(Y94>$E94,Y94<$K$2),$K$1,"") | AB94: 0.02 | AC94: =+ROUND(AC92*AB94,0) -> 10284081 | AD94: =IF(OR(AB94>$E94,AB94<$K$2),$K$1,"") | AE94: 0.02 | AF94: =+ROUND(AF92*AE94,0) -> 10303277 | AG94: =IF(OR(AE94>$E94,AE94<$K$2),$K$1,"") | AH94: 0.02 | AI94: =+ROUND(AI92*AH94,0) -> 10258817 | AJ94: =IF(OR(AH94>$E94,AH94<$K$2),$K$1,"") | AK94: 0.02 | AL94: =+ROUND(AL92*AK94,0) -> 10253474 | AM94: =IF(OR(AK94>$E94,AK94<$K$2),$K$1,"") | AN94: 0.02 | AO94: =+ROUND(AO92*AN94,0) -> 10070679 | AP94: =IF(OR(AN94>$E94,AN94<$K$2),$K$1,"") | AQ94: 0.02 | AR94: =+ROUND(AR92*AQ94,0) -> 10480108 | AS94: =IF(OR(AQ94>$E94,AQ94<$K$2),$K$1,"") | AT94: 0.02 | AU94: =+ROUND(AU92*AT94,0) -> 10836919 | AV94: =IF(OR(AT94>$E94,AT94<$K$2),$K$1,"") | AW94: 0.02 | AX94: =+ROUND(AX92*AW94,0) -> 10203185 | AY94: =IF(OR(AW94>$E94,AW94<$K$2),$K$1,"") | AZ94: 0.01 | BA94: =+ROUND(BA92*AZ94,0) -> 5357503 | BB94: =IF(OR(AZ94>$E94,AZ94<$K$2),$K$1,"") | BC94: 0.01 | BD94: =+ROUND(BD92*BC94,0) -> #REF! | BE94: =IF(OR(BC94>$E94,BC94<$K$2),$K$1,"") | BF94: 0.03 | BG94: =+ROUND(BG92*BF94,0) -> #REF! | BH94: =IF(OR(BF94>$E94,BF94<$K$2),$K$1,"") -> 0 | BI94: 0.03 | BJ94: =+ROUND(BJ92*BI94,0) -> #REF! | BK94: =IF(OR(BI94>$E94,BI94<$K$2),$K$1,"") -> 0
B95: UTILIDAD | E95: 0.05 | F95: =+ROUND(F92*E95,0) -> 27365958 | G95: 0.05 | H95: =+ROUND(H92*G95,0) -> 26572243 | I95: =IF(OR(G95>$E95,G95<$K$2),$K$1,"") | J95: 0.05 | K95: =+ROUND(K92*J95,0) -> 26025001 | L95: =IF(OR(J95>$E95,J95<$K$2),$K$1,"") | M95: 0.05 | N95: =+ROUND(N92*M95,0) -> 25876155 | O95: =IF(OR(M95>$E95,M95<$K$2),$K$1,"") | P95: 0.05 | Q95: =+ROUND(Q92*P95,0) -> 26078695 | R95: =IF(OR(P95>$E95,P95<$K$2),$K$1,"") | T95: =+ROUND(T92*S95,0) -> 0 | U95: =IF(OR(S95>$E95,S95<$K$2),$K$1,"") | V95: 0.05 | W95: =+ROUND(W92*V95,0) -> 25923772 | X95: =IF(OR(V95>$E95,V95<$K$2),$K$1,"") | Y95: 0.05 | Z95: =+ROUND(Z92*Y95,0) -> 25785478 | AA95: =IF(OR(Y95>$E95,Y95<$K$2),$K$1,"") | AB95: 0.05 | AC95: =+ROUND(AC92*AB95,0) -> 25710202 | AD95: =IF(OR(AB95>$E95,AB95<$K$2),$K$1,"") | AE95: 0.05 | AF95: =+ROUND(AF92*AE95,0) -> 25758193 | AG95: =IF(OR(AE95>$E95,AE95<$K$2),$K$1,"") | AH95: 0.05 | AI95: =+ROUND(AI92*AH95,0) -> 25647043 | AJ95: =IF(OR(AH95>$E95,AH95<$K$2),$K$1,"") | AK95: 0.05 | AL95: =+ROUND(AL92*AK95,0) -> 25633685 | AM95: =IF(OR(AK95>$E95,AK95<$K$2),$K$1,"") | AN95: 0.05 | AO95: =+ROUND(AO92*AN95,0) -> 25176697 | AP95: =IF(OR(AN95>$E95,AN95<$K$2),$K$1,"") | AQ95: 0.05 | AR95: =+ROUND(AR92*AQ95,0) -> 26200269 | AS95: =IF(OR(AQ95>$E95,AQ95<$K$2),$K$1,"") | AT95: 0.05 | AU95: =+ROUND(AU92*AT95,0) -> 27092298 | AV95: =IF(OR(AT95>$E95,AT95<$K$2),$K$1,"") | AW95: 0.05 | AX95: =+ROUND(AX92*AW95,0) -> 25507963 | AY95: =IF(OR(AW95>$E95,AW95<$K$2),$K$1,"") | AZ95: 0.05 | BA95: =+ROUND(BA92*AZ95,0) -> 26787515 | BB95: =IF(OR(AZ95>$E95,AZ95<$K$2),$K$1,"") | BC95: 0.05 | BD95: =+ROUND(BD92*BC95,0) -> #REF! | BE95: =IF(OR(BC95>$E95,BC95<$K$2),$K$1,"") | BF95: 0.05 | BG95: =+ROUND(BG92*BF95,0) -> #REF! | BH95: =IF(OR(BF95>$E95,BF95<$K$2),$K$1,"") | BI95: 0.05 | BJ95: =+ROUND(BJ92*BI95,0) -> #REF! | BK95: =IF(OR(BI95>$E95,BI95<$K$2),$K$1,"")
B96: IVA SOBRE UTILIDAD | E96: 0.19 | F96: =+ROUND(F95*E96,0) -> 5199532 | G96: =+$E$96 -> 0.19 | H96: =+ROUND(H95*G96,0) -> 5048726 | I96: =IF(OR(G96>$E96,G96<$K$2),$K$1,"") | J96: =+$E$96 -> 0.19 | K96: =+ROUND(K95*J96,0) -> 4944750 | L96: =IF(OR(J96>$E96,J96<$K$2),$K$1,"") | M96: =+$E$96 -> 0.19 | N96: =+ROUND(N95*M96,0) -> 4916469 | O96: =IF(OR(M96>$E96,M96<$K$2),$K$1,"") | P96: =+$E$96 -> 0.19 | Q96: =+ROUND(Q95*P96,0) -> 4954952 | R96: =IF(OR(P96>$E96,P96<$K$2),$K$1,"") | S96: =+$E$96 -> 0.19 | T96: =+ROUND(T95*S96,0) -> 0 | U96: =IF(OR(S96>$E96,S96<$K$2),$K$1,"") | V96: =+$E$96 -> 0.19 | W96: =+ROUND(W95*V96,0) -> 4925517 | X96: =IF(OR(V96>$E96,V96<$K$2),$K$1,"") | Y96: =+$E$96 -> 0.19 | Z96: =+ROUND(Z95*Y96,0) -> 4899241 | AA96: =IF(OR(Y96>$E96,Y96<$K$2),$K$1,"") | AB96: =+$E$96 -> 0.19 | AC96: =+ROUND(AC95*AB96,0) -> 4884938 | AD96: =IF(OR(AB96>$E96,AB96<$K$2),$K$1,"") | AE96: =+$E$96 -> 0.19 | AF96: =+ROUND(AF95*AE96,0) -> 4894057 | AG96: =IF(OR(AE96>$E96,AE96<$K$2),$K$1,"") | AH96: =+$E$96 -> 0.19 | AI96: =+ROUND(AI95*AH96,0) -> 4872938 | AJ96: =IF(OR(AH96>$E96,AH96<$K$2),$K$1,"") | AK96: =+$E$96 -> 0.19 | AL96: =+ROUND(AL95*AK96,0) -> 4870400 | AM96: =IF(OR(AK96>$E96,AK96<$K$2),$K$1,"") | AN96: =+$E$96 -> 0.19 | AO96: =+ROUND(AO95*AN96,0) -> 4783572 | AP96: =IF(OR(AN96>$E96,AN96<$K$2),$K$1,"") | AQ96: =+$E$96 -> 0.19 | AR96: =+ROUND(AR95*AQ96,0) -> 4978051 | AS96: =IF(OR(AQ96>$E96,AQ96<$K$2),$K$1,"") | AT96: =+$E$96 -> 0.19 | AU96: =+ROUND(AU95*AT96,0) -> 5147537 | AV96: =IF(OR(AT96>$E96,AT96<$K$2),$K$1,"") | AW96: =+$E$96 -> 0.19 | AX96: =+ROUND(AX95*AW96,0) -> 4846513 | AY96: =IF(OR(AW96>$E96,AW96<$K$2),$K$1,"") | AZ96: =+$E$96 -> 0.19 | BA96: =+ROUND(BA95*AZ96,0) -> 5089628 | BB96: =IF(OR(AZ96>$E96,AZ96<$K$2),$K$1,"") | BC96: 0.19 | BD96: =+ROUND(BD95*BC96,0) -> #REF! | BE96: =IF(OR(BC96>$E96,BC96<$K$2),$K$1,"") | BF96: 0.19 | BG96: =+ROUND(BG95*BF96,0) -> #REF! | BH96: =IF(OR(BF96>$E96,BF96<$K$2),$K$1,"") | BI96: 0.19 | BJ96: =+ROUND(BJ95*BI96,0) -> #REF! | BK96: =IF(OR(BI96>$E96,BI96<$K$2),$K$1,"")
B97: SUBTOTAL COSTOS INDIRECTOS | F97: =SUM(F93:F96) -> 168441873 | H97: =SUM(H93:H96) -> 163556431 | I97: =IF(OR(G97>$E97,G97<$K$2),$K$1,"") | K97: =SUM(K93:K96) -> 160188067 | L97: =IF(OR(J97>$E97,J97<$K$2),$K$1,"") | N97: =SUM(N93:N96) -> 160173398 | O97: =IF(OR(M97>$E97,M97<$K$2),$K$1,"") | Q97: =SUM(Q93:Q96) -> 160518565 | R97: =IF(OR(P97>$E97,P97<$K$2),$K$1,"") | T97: =SUM(T93:T96) -> 0 | U97: =IF(OR(S97>$E97,S97<$K$2),$K$1,"") | W97: =SUM(W93:W96) -> 159564986 | X97: =IF(OR(V97>$E97,V97<$K$2),$K$1,"") | Z97: =SUM(Z93:Z96) -> 159612107 | AA97: =IF(OR(Y97>$E97,Y97<$K$2),$K$1,"") | AC97: =SUM(AC93:AC96) -> 159146149 | AD97: =IF(OR(AB97>$E97,AB97<$K$2),$K$1,"") | AF97: =SUM(AF93:AF96) -> 158545820 | AG97: =IF(OR(AE97>$E97,AE97<$K$2),$K$1,"") | AI97: =SUM(AI93:AI96) -> 157861675 | AJ97: =IF(OR(AH97>$E97,AH97<$K$2),$K$1,"") | AL97: =SUM(AL93:AL96) -> 157779453 | AM97: =IF(OR(AK97>$E97,AK97<$K$2),$K$1,"") | AO97: =SUM(AO93:AO96) -> 154966622 | AP97: =IF(OR(AN97>$E97,AN97<$K$2),$K$1,"") | AR97: =SUM(AR93:AR96) -> 156939614 | AS97: =IF(OR(AQ97>$E97,AQ97<$K$2),$K$1,"") | AU97: =SUM(AU93:AU96) -> 167701326 | AV97: =IF(OR(AT97>$E97,AT97<$K$2),$K$1,"") | AX97: =SUM(AX93:AX96) -> 157894290 | AY97: =IF(OR(AW97>$E97,AW97<$K$2),$K$1,"") | BA97: =SUM(BA93:BA96) -> 165814718 | BB97: =IF(OR(AZ97>$E97,AZ97<$K$2),$K$1,"") | BD97: =SUM(BD93:BD96) -> #REF! | BE97: =IF(OR(BC97>$E97,BC97<$K$2),$K$1,"") | BG97: =SUM(BG93:BG96) -> #REF! | BH97: =IF(OR(BF97>$E97,BF97<$K$2),$K$1,"") | BJ97: =SUM(BJ93:BJ96) -> #REF! | BK97: =IF(OR(BI97>$E97,BI97<$K$2),$K$1,"")
B98: Certificacion RETIE y RETILAP | C98: GL | D98: 1 | E98: 9000000 | F98: =+ROUND(D98*E98,0) -> 9000000 | G98: 8739000 | H98: =+ROUND($D98*G98,0) -> 8739000 | J98: 9000000 | K98: =+ROUND($D98*J98,0) -> 9000000 | M98: 9000000 | N98: =+ROUND($D98*M98,0) -> 9000000 | P98: 9000000 | Q98: =+ROUND($D98*P98,0) -> 9000000 | S98: 9000000 | T98: =+ROUND($D98*S98,0) -> 9000000 | V98: 8525700 | W98: =+ROUND($D98*V98,0) -> 8525700 | Y98: 8491500 | Z98: =+ROUND($D98*Y98,0) -> 8491500 | AB98: 9000000 | AC98: =+ROUND($D98*AB98,0) -> 9000000 | AD98: =IF(OR(AB98>$E98,AB98<$K$2),$K$1,"") | AE98: 9000000 | AF98: =+ROUND($D98*AE98,0) -> 9000000 | AH98: 9000000 | AI98: =+ROUND($D98*AH98,0) -> 9000000 | AK98: 9000000 | AL98: =+ROUND($D98*AK98,0) -> 9000000 | AN98: 9000000 | AO98: =+ROUND($D98*AN98,0) -> 9000000 | AQ98: 9000000 | AR98: =+ROUND($D98*AQ98,0) -> 9000000 | AU98: =+ROUND($D98*AT98,0) -> 0 | AV98: =IF(OR(AT98>$E98,AT98<$K$2),$K$1,"") | AW98: 8387454 | AX98: =+ROUND($D98*AW98,0) -> 8387454 | AZ98: 9000000 | BA98: =+ROUND($D98*AZ98,0) -> 9000000
B99: SUBTOTAL Certificacion RETIE y RETILAP CON IVA INCLUIDO | F99: =SUM(F98) -> 9000000 | H99: =SUM(H98) -> 8739000 | I99: =IF(OR(G99>$E99,G99<$K$2),$K$1,"") | K99: =SUM(K98) -> 9000000 | L99: =IF(OR(J99>$E99,J99<$K$2),$K$1,"") | N99: =SUM(N98) -> 9000000 | O99: =IF(OR(M99>$E99,M99<$K$2),$K$1,"") | Q99: =SUM(Q98) -> 9000000 | R99: =IF(OR(P99>$E99,P99<$K$2),$K$1,"") | T99: =SUM(T98) -> 9000000 | U99: =IF(OR(S99>$E99,S99<$K$2),$K$1,"") | W99: =SUM(W98) -> 8525700 | X99: =IF(OR(V99>$E99,V99<$K$2),$K$1,"") | Z99: =SUM(Z98) -> 8491500 | AA99: =IF(OR(Y99>$E99,Y99<$K$2),$K$1,"") | AC99: =SUM(AC98) -> 9000000 | AD99: =IF(OR(AB99>$E99,AB99<$K$2),$K$1,"") | AF99: =SUM(AF98) -> 9000000 | AG99: =IF(OR(AE99>$E99,AE99<$K$2),$K$1,"") | AI99: =SUM(AI98) -> 9000000 | AJ99: =IF(OR(AH99>$E99,AH99<$K$2),$K$1,"") | AL99: =SUM(AL98) -> 9000000 | AM99: =IF(OR(AK99>$E99,AK99<$K$2),$K$1,"") | AO99: =SUM(AO98) -> 9000000 | AP99: =IF(OR(AN99>$E99,AN99<$K$2),$K$1,"") | AR99: =SUM(AR98) -> 9000000 | AS99: =IF(OR(AQ99>$E99,AQ99<$K$2),$K$1,"") | AU99: =SUM(AU98) -> 0 | AV99: =IF(OR(AT99>$E99,AT99<$K$2),$K$1,"") | AX99: =SUM(AX98) -> 8387454 | AY99: =IF(OR(AW99>$E99,AW99<$K$2),$K$1,"") | BA99: =SUM(BA98) -> 9000000 | BB99: =IF(OR(AZ99>$E99,AZ99<$K$2),$K$1,"") | BD99: =SUM(BD95:BD98) -> #REF! | BE99: =IF(OR(BC99>$E99,BC99<$K$2),$K$1,"") | BG99: =SUM(BG95:BG98) -> #REF! | BH99: =IF(OR(BF99>$E99,BF99<$K$2),$K$1,"") | BJ99: =SUM(BJ95:BJ98) -> #REF! | BK99: =IF(OR(BI99>$E99,BI99<$K$2),$K$1,"")
B100: TOTAL OBRAS | F100: =+F92+F97+F99 -> 724761029 | H100: =+H92+H97+H99 -> 703740295 | I100: =IF(OR(G100>$E100,G100<$K$2),$K$1,"") | K100: =+K92+K97+K99 -> 689688086 | L100: =IF(OR(J100>$E100,J100<$K$2),$K$1,"") | N100: =+N92+N97+N99 -> 686696495 | O100: =IF(OR(M100>$E100,M100<$K$2),$K$1,"") | Q100: =+Q92+Q97+Q99 -> 691092471 | R100: =IF(OR(P100>$E100,P100<$K$2),$K$1,"") | T100: =+T92+T97+T99 -> 678535521 | U100: =IF(OR(S100>$E100,S100<$K$2),$K$1,"") | W100: =+W92+W97+W99 -> 686566118 | X100: =IF(OR(V100>$E100,V100<$K$2),$K$1,"") | Z100: =+Z92+Z97+Z99 -> 683813159 | AA100: =IF(OR(Y100>$E100,Y100<$K$2),$K$1,"") | AC100: =+AC92+AC97+AC99 -> 682350184 | AD100: =IF(OR(AB100>$E100,AB100<$K$2),$K$1,"") | AF100: =+AF92+AF97+AF99 -> 682709673 | AG100: =IF(OR(AE100>$E100,AE100<$K$2),$K$1,"") | AI100: =+AI92+AI97+AI99 -> 679802533 | AJ100: =IF(OR(AH100>$E100,AH100<$K$2),$K$1,"") | AL100: =+AL92+AL97+AL99 -> 679453143 | AM100: =IF(OR(AK100>$E100,AK100<$K$2),$K$1,"") | AO100: =+AO92+AO97+AO99 -> 667500570 | AP100: =IF(OR(AN100>$E100,AN100<$K$2),$K$1,"") | AR100: =+AR92+AR97+AR99 -> 689945003 | AS100: =IF(OR(AQ100>$E100,AQ100<$K$2),$K$1,"") | AU100: =+AU92+AU97+AU99 -> 709547292 | AV100: =IF(OR(AT100>$E100,AT100<$K$2),$K$1,"") | AX100: =+AX92+AX97+AX99 -> 676441000 | AY100: =IF(OR(AW100>$E100,AW100<$K$2),$K$1,"") | BA100: =+BA92+BA97+BA99 -> 710565018 | BB100: =IF(OR(AZ100>$E100,AZ100<$K$2),$K$1,"") | BD100: =+BD97+BD92 -> #REF! | BE100: =IF(OR(BC100>$E100,BC100<$K$2),$K$1,"") | BG100: =+BG97+BG92 -> #REF! | BH100: =IF(OR(BF100>$E100,BF100<$K$2),$K$1,"") | BJ100: =+BJ97+BJ92 -> #REF! | BK100: =IF(OR(BI100>$E100,BI100<$K$2),$K$1,"")
B101: COSTO TOTAL | F101: =+F100 -> 724761029 | H101: =+H100 -> 703740295 | I101: =IF(OR(G101>$E101,G101<$K$2),$K$1,"") | K101: =+K100 -> 689688086 | L101: =IF(OR(J101>$E101,J101<$K$2),$K$1,"") | N101: =+N100 -> 686696495 | O101: =IF(OR(M101>$E101,M101<$K$2),$K$1,"") | Q101: =+Q100 -> 691092471 | R101: =IF(OR(P101>$E101,P101<$K$2),$K$1,"") | T101: =+T100 -> 678535521 | U101: =IF(OR(S101>$E101,S101<$K$2),$K$1,"") | W101: =+W100 -> 686566118 | X101: =IF(OR(V101>$E101,V101<$K$2),$K$1,"") | Z101: =+Z100 -> 683813159 | AA101: =IF(OR(Y101>$E101,Y101<$K$2),$K$1,"") | AC101: =+AC100 -> 682350184 | AD101: =IF(OR(AB101>$E101,AB101<$K$2),$K$1,"") | AF101: =+AF100 -> 682709673 | AG101: =IF(OR(AE101>$E101,AE101<$K$2),$K$1,"") | AI101: =+AI100 -> 679802533 | AJ101: =IF(OR(AH101>$E101,AH101<$K$2),$K$1,"") | AL101: =+AL100 -> 679453143 | AM101: =IF(OR(AK101>$E101,AK101<$K$2),$K$1,"") | AO101: =+AO100 -> 667500570 | AP101: =IF(OR(AN101>$E101,AN101<$K$2),$K$1,"") | AR101: =+AR100 -> 689945003 | AS101: =IF(OR(AQ101>$E101,AQ101<$K$2),$K$1,"") | AU101: =+AU100 -> 709547292 | AV101: =IF(OR(AT101>$E101,AT101<$K$2),$K$1,"") | AX101: =+AX100 -> 676441000 | AY101: =IF(OR(AW101>$E101,AW101<$K$2),$K$1,"") | BA101: =+BA100 -> 710565018 | BB101: =IF(OR(AZ101>$E101,AZ101<$K$2),$K$1,"") | BD101: =+#REF!+BD100 -> #REF! | BE101: =IF(OR(BC101>$E101,BC101<$K$2),$K$1,"") | BG101: =+#REF!+BG100 -> #REF! | BJ101: =+#REF!+BJ100 -> #REF! | BK101: =IF(OR(BI101>$E101,BI101<$K$2),$K$1,"")
M102: el aiu (30%) es superior al establecido por la entidad (29,83%) | P102: para la operación aritmetica del AIU utiliza el % de las casillas establecido por la entidad | S102: Supera el valor unitario de alguno de los ítems ofrecidos con respecto al valor establecido para cada ítem del Presupuesto Oficial. No presento aiu | V102: para la operación aritmetica del AIU utiliza el % de las casillas establecido por la entidad | Y102: el aiu (30%) es superior al establecido por la entidad (29,83%) | AB102: el aiu (30%) es superior al establecido por la entidad (29,83%) | AH102: para la operación aritmetica del AIU utiliza el % de las casillas establecido por la entidad | AT102: el aiu (30%) es superior al establecido por la entidad (29,83%). no presento el valor del item Certificacion RETIE y RETILAP | AW102: el aiu (30%) es superior al establecido por la entidad (29,83%) | AZ102: el aiu (30%) es superior al establecido por la entidad (29,83%)
BC106: RECHAZADO. Numeral 1.15 CAUSALES DE RECHAZO. Literal E. Que al Proponente se le haya requerido con el propósito de subsanar o aclarar o aportar un documento de la propuesta y no lo efectúe dentro del plazo indicado o no lo realice correctamente o de acuerdo con lo solicitado, siempre que la subsanación, aclaración, subsane o aporte requerido sea necesario para cumplir con un requisito habilitante o aportándolos no lo haga de forma correcta, en los términos establecidos en la sección 1.6 del Pliego de Condiciones.

Sheet PRECIO ARTIF. BAJO
B1: =+SECOP!B1 -> CONSOLIDADO EVALUACIÓN TÉCNICA SELECCION ABREVIADA MC-SA-MC-0001-2026 - Realizar las obras de reparaciones locativas del inmueble Casa Museo Guillermo León Valencia de Popayán - Cauca, ubicado en el centro histórico declarado bien de interés cultural del ámbito nacional
A2: PRESUPUESTO OFICIAL | D2: =+'EVALUACIÓN OFERTAS'!F101 -> 724761029
A3: N° | B3: NOMBRE PROPONENTE | C3: OFERTA ECONÓMICA EN EXCEL / PDF | D3: VALOR OFERTADO | F3: PRECIO ARTIFICIALMENTE BAJO
A4: 1 | B4: =+SECOP!B3 -> CONSORCIO MANTENIMIENTOS | C4: =+SECOP!C3 -> 703740295 | D4: =+'EVALUACIÓN OFERTAS'!H101 -> 703740295 | F4: =1-(D4/$D$2) -> 0.029003676
A5: 2 | B5: =+SECOP!B4 -> GRUPO INARCO SAS | C5: =+SECOP!C4 -> 689688086 | D5: =+'EVALUACIÓN OFERTAS'!K101 -> 689688086 | F5: =1-(D5/$D$2) -> 0.048392424
A6: 3 | B6: =+SECOP!B5 -> CONSORCIO VENTURA & CO | C6: =+SECOP!C5 -> 686696495 | D6: =+'EVALUACIÓN OFERTAS'!N101 -> 686696495 | F6: =1-(D6/$D$2) -> 0.052520117
A7: 4 | B7: =+SECOP!B6 -> ID SAS | C7: =+SECOP!C6 -> 691092471 | D7: =+'EVALUACIÓN OFERTAS'!Q101 -> 691092471 | F7: =1-(D7/$D$2) -> 0.046454703 | AJ7: 6000000 | AM7: =2551*0.9667 -> 2466.0517 | AP7: 2428 | AS7: 2419 | AV7: 2376.0014 | AY7: 2551 | BB7: 2551 | BE7: 2434
A8: 5 | B8: =+SECOP!B7 -> CONSTRUSERVICIOS SAS | C8: =+SECOP!C7 -> 678535521 | D8: =+'EVALUACIÓN OFERTAS'!T101 -> 678535521 | F8: =1-(D8/$D$2) -> 0.063780344 | AJ8: 2000000 | AM8: =16927*0.9667 -> 16363.331 | AP8: 16111 | AS8: 16052 | AV8: 15765.808 | AY8: 16927 | BB8: 16927 | BE8: 16154
A9: 6 | B9: =+SECOP!B8 -> CONSORCIO NVP | C9: =+SECOP!C8 -> 6.8656612e+08 | D9: =+'EVALUACIÓN OFERTAS'!W101 -> 686566118 | F9: =1-(D9/$D$2) -> 0.052700007 | AM9: =1501727*0.9667 -> 1451719.5 | AP9: 1429344 | AS9: 1424088 | AV9: 1398708.5 | AY9: 1501727 | BB9: 1501727 | BE9: 1433113
A10: 7 | B10: =+SECOP!B9 -> CONSORCIO PATRIMONIAL LEON VALENCIA | C10: =+SECOP!C9 -> 683813159 | D10: =+'EVALUACIÓN OFERTAS'!Z101 -> 683813159 | F10: =1-(D10/$D$2) -> 0.056498443 | AM10: =98376*0.9667 -> 95100.079 | AP10: 93634 | AS10: 93290 | AV10: 91627.406 | AY10: 98376 | BB10: 98376 | BE10: 93881
A11: 8 | B11: =+SECOP!B10 -> UNION TEMPORAL SCG OBRAS | C11: =+SECOP!C10 -> 682350184 | D11: =+'EVALUACIÓN OFERTAS'!AC101 -> 682350184 | F11: =1-(D11/$D$2) -> 0.058517005
A12: 9 | B12: =+SECOP!B11 -> CONSTRUCCIONES E INVERSIONES ESTELAR SAS | C12: =+SECOP!C11 -> 682709673 | D12: =+'EVALUACIÓN OFERTAS'!AF101 -> 682709673 | F12: =1-(D12/$D$2) -> 0.058020995
A13: 10 | B13: =+SECOP!B12 -> CONSORCIO OBRAS Y SOLUCIONES DM | C13: =+SECOP!C12 -> 679802533 | D13: =+'EVALUACIÓN OFERTAS'!AI101 -> 679802533 | F13: =1-(D13/$D$2) -> 0.062032165 | AM13: =108616*0.9667 -> 104999.09 | AP13: 103381 | AS13: 103001 | AV13: 101164.94 | AY13: 98616 | BB13: 100616 | BE13: 103653
A14: 11 | B14: =+SECOP!B13 -> CONSORCIO C&C | C14: =+SECOP!C13 -> 679453143 | D14: =+'EVALUACIÓN OFERTAS'!AL101 -> 679453143 | F14: =1-(D14/$D$2) -> 0.062514242 | AM14: =14808*0.9667 -> 14314.894 | AP14: 14094 | AS14: 14042 | AV14: 13792.171 | AY14: 14808 | BB14: 14808 | BE14: 14131
A15: 12 | B15: =+SECOP!B14 -> ERJ INGENIERIA E INVERSIONES SAS | C15: =+SECOP!C14 -> 667500570 | D15: =+'EVALUACIÓN OFERTAS'!AO101 -> 667500570 | F15: =1-(D15/$D$2) -> 0.079005985 | AM15: =17652*0.9667 -> 17064.188 | AP15: 16801 | AS15: 16739 | AV15: 16441.073 | AY15: 17652 | BB15: 17652 | BE15: 16845
A16: 13 | B16: =+SECOP!B15 -> FUNDACION ESPELETIA | C16: =+SECOP!C15 -> 689945003 | D16: =+'EVALUACIÓN OFERTAS'!AR101 -> 689945003 | F16: =1-(D16/$D$2) -> 0.048037939 | AM16: =119826*0.9667 -> 115835.79 | AP16: 114050 | AS16: 113631 | AV16: 111605.94 | AY16: 119826 | BB16: 102826 | BE16: 114351
A17: 14 | B17: =+SECOP!B16 -> JOSE RAUL GONZALEZ RIVERA | C17: =+SECOP!C16 -> 709547292 | D17: =+'EVALUACIÓN OFERTAS'!AU101 -> 709547292 | F17: =1-(D17/$D$2) -> 0.020991384 | AM17: =168744*0.9667 -> 163124.82 | AP17: 160611 | AS17: 160020 | AV17: 157168.16 | AY17: 168744 | BB17: 166744 | BE17: 161034
A18: 15 | B18: =+SECOP!B17 -> UT CAMPEN MINCULTURA 2026 | C18: =+SECOP!C17 -> 676441000 | D18: =+'EVALUACIÓN OFERTAS'!AX101 -> 676441000 | F18: =1-(D18/$D$2) -> 0.066670291
A19: 16 | B19: =+SECOP!B18 -> ZILL | C19: =+SECOP!C18 -> 710565018 | D19: =+'EVALUACIÓN OFERTAS'!BA101 -> 710565018 | F19: =1-(D19/$D$2) -> 0.019587161
A20: 18 | B20: =+SECOP!B19 -> 0 | C20: =+SECOP!C19 -> 0 | F20: =1-(D20/$D$2) -> 1 | AM20: =183071*0.9667 -> 176974.74 | AP20: 174247 | AS20: 173606 | AV20: 170512.33 | AY20: 163071 | BB20: 176071 | BE20: 174706
A21: 19 | B21: =+SECOP!B20 -> 0 | C21: =+SECOP!C20 -> 0 | F21: =1-(D21/$D$2) -> 1 | AM21: =76671*0.9667 -> 74117.856 | AP21: 72975 | AS21: 72707 | AV21: 71411.369 | AY21: 76671 | BB21: 76671 | BE21: 73168
A23: ANÁLISIS PRECIO ARTIFICIALMENTE BAJO
A24: Con las ofertas presentadas se realizó una comparación, contrastando el valor de cada oferta con el valor del presupuesto oficial encontrado que ninguna de ellas es mayor del 8,0 % con respecto del costo estimado por la entidad. Por lo tanto se determinó que ninguna de ellas es artificialmente baja.

Sheet CONSOLIDADO GENERAL
C1: CONSOLIDADO GENERAL EVALUACIÓN TÉCNICA SELECCION ABREVIADA MC-SA-MC-0001-2026 - Realizar las obras de reparaciones locativas del inmueble Casa Museo Guillermo León Valencia de Popayán - Cauca, ubicado en el centro histórico declarado bien de interés cultural del ámbito nacional
A3: No | B3: PROPONENTE | C3: CRITERIOS HABILITANTES | G3: ASIGNACIÓN DE PUNTAJE | L3: OBSERVACIONES | N3: PRESUPUESTO OFICIAL | O3: =+'EVALUACIÓN OFERTAS'!F101 -> 724761029 | P3: TOTAL PUNTAJE | Q3: ORDEN ELEGIBILIDAD
C4: EXPERIENCIA | D4: CRPC | E4: FINANCIERO | F4: JURIDICO | G4: FACTOR DE CALIDAD | H4: APOYO A LA INDUSTRIA NACIONAL | I4: EMPRENDIMIENTOS Y EMPRESAS DE MUJERES | J4: MIPYME | K4: SUBTOTAL | N4: VALOR OFERTA | O4: ASIGNACIÓN DE PUNTAJE OFERTA ECONOMICA
A5: 1 | B5: =+SECOP!B3 -> CONSORCIO MANTENIMIENTOS | C5: HABILITADO | D5: HABILITADO | E5: HABILITADO | F5: HABILITADO | G5: 30 | H5: 20 | I5: 0.25 | J5: 0.25 | K5: =SUM(G5:J5) -> 50.5 | N5: =+SECOP!D3 -> 703740295 | O5: =+'EVALUACION ECONOMICA'!D15 -> 46.950954 | P5: =+O5+K5 -> 97.450954 | Q5: 7
A6: 2 | B6: =+SECOP!B4 -> GRUPO INARCO SAS | C6: HABILITADO | D6: HABILITADO | E6: HABILITADO | F6: HABILITADO | G6: 30 | H6: 20 | I6: 0.25 | J6: 0.25 | K6: =SUM(G6:J6) -> 50.5 | N6: =+SECOP!D4 -> 689688086 | O6: =+'EVALUACION ECONOMICA'!D16 -> 47.907567 | P6: =+O6+K6 -> 98.407567 | Q6: 5
A7: 3 | B7: =+SECOP!B5 -> CONSORCIO VENTURA & CO | C7: HABILITADO | D7: HABILITADO | E7: HABILITADO | F7: HABILITADO | G7: 30 | H7: 20 | I7: 0.25 | J7: 0.25 | K7: =SUM(G7:J7) -> 50.5 | L7: 1.15 CAUSALES DE RECHAZO_Q. Ofrecer como AIU un porcentaje cuya sumatoria sea superior al establecido por la Entidad en el Formulario 1 – Formulario de Presupuesto Oficial.
A8: 4 | B8: =+SECOP!B6 -> ID SAS | C8: HABILITADO | D8: NO HABILITADO | E8: NO HABILITADO | F8: NO HABILITADO | K8: =SUM(G8:J8) -> 0 | L8: 1.15 CAUSALES DE RECHAZO_D. Que al Proponente se le haya requerido con el propósito de subsanar o aclarar o aportar un documento de la propuesta y no lo efectúe dentro del plazo indicado o no lo realice correctamente o de acuerdo con lo solicitado, siempre que la subsanación, aclaración, aporte requerido sea necesario para cumplir con un requisito habilitante en los términos establecidos en la sección 1.6 del Documento Base. F. Que el Proponente no acredite la presentación de la información para renovar el Registro Único de Proponentes (RUP), a más tardar el quinto día hábil del mes de abril de cada año, o en la fecha que establezca la ley o el reglamento, si fuera una distinta. El proponente no subsanó, dentro de los términos establecidos, al verificar las bases oficiales, se evidenció que el Registro Único de Proponentes (RUP) no fue renovado en el plazo establecido. Lo anterio r, en contravención de lo dispuesto en el Decreto 1082 de 2015, que fija como fecha máxima de renovació n el quinto día hábil del mes de abril de cada año. Así mismo, el proponente no adjuntó el radicado que acreditara el trámite oportuno de renovación del RUP para la vigencia 2026 ante la Cámara de Comercio .
A9: 5 | B9: =+SECOP!B7 -> CONSTRUSERVICIOS SAS | C9: NO HABILITADO | D9: NO HABILITADO | E9: NO HABILITADO | F9: NO HABILITADO | K9: =SUM(G9:J9) -> 0 | L9: 1.15 CAUSALES DE RECHAZO_D. Que al Proponente se le haya requerido con el propósito de subsanar o aclarar o aportar un documento de la propuesta y no lo efectúe dentro del plazo indicado o no lo realice correctamente o de acuerdo con lo solicitado, siempre que la subsanación, aclaración, aporte requerido sea necesario para cumplir con un requisito habilitante en los términos establecidos en la sección 1.6 del Documento Base. F. Que el Proponente no acredite la presentación de la información para renovar el Registro Único de Proponentes (RUP), a más tardar el quinto día hábil del mes de abril de cada año, o en la fecha que establezca la ley o el reglamento, si fuera una distinta. O. Superar el valor unitario de alguno de los ítems ofrecidos con respecto al valor establecido para cada ítem del Presupuesto Oficial. Cualquiera de los ítems contenidos en el Formulario 1 – Presupuesto Oficial.P. No discriminar en la oferta económica el porcentaje de AIU en la forma como lo establece el Pliego de Condiciones y el Formulario 1 – Formulario de presupuesto oficial. El proponente no subsanó, dentro de los términos establecidos, al verificar las bases oficiales, se evidenció que el Registro Único de Proponentes (RUP) fue renovado el 27 de abril de 2026, es decir, con posterioridad al plazo establecido. Lo anterior, en contravención de lo dispuesto en el Decreto 1082 de 2015, que fija como fecha máxima de renovación el quinto día hábil del mes de abril de cada año. Así mismo, el proponente no adjuntó el radicado que acreditara el trámite oportuno de renovación del RUP para la vigencia 2026 ante la Cámara de Comercio .
A10: 6 | B10: =+SECOP!B8 -> CONSORCIO NVP | C10: HABILITADO | D10: NO HABILITADO | E10: NO HABILITADO | F10: NO HABILITADO | K10: =SUM(G10:J10) -> 0 | L10: 1.15 CAUSALES DE RECHAZO_D. Que al Proponente se le haya requerido con el propósito de subsanar o aclarar o aportar un documento de la propuesta y no lo efectúe dentro del plazo indicado o no lo realice correctamente o de acuerdo con lo solicitado, siempre que la subsanación, aclaración, aporte requerido sea necesario para cumplir con un requisito habilitante en los términos establecidos en la sección 1.6 del Documento Base. F. Que el Proponente no acredite la presentación de la información para renovar el Registro Único de Proponentes (RUP), a más tardar el quinto día hábil del mes de abril de cada año, o en la fecha que establezca la ley o el reglamento, si fuera una distinta. El proponente no subsanó, dentro de los términos establecidos, al verificar las bases oficiales, se evidenció que el Registro Único de Proponentes (RUP) del consorciado NÉSTOR ADEL VARGAS PEDROZA no fue renovado dentro de los plazos establecidos, ni se adjuntó el radicado que acreditara el trámite oportuno de renovación para la vigencia 2026 ante la Cámara de Comercio .
A11: 7 | B11: =+SECOP!B9 -> CONSORCIO PATRIMONIAL LEON VALENCIA | C11: HABILITADO | D11: HABILITADO | E11: HABILITADO | F11: HABILITADO | G11: 30 | H11: 20 | I11: 0.25 | K11: =SUM(G11:J11) -> 50.25 | L11: 1.15 CAUSALES DE RECHAZO_Q. Ofrecer como AIU un porcentaje cuya sumatoria sea superior al establecido por la Entidad en el Formulario 1 – Formulario de Presupuesto Oficial.
A12: 8 | B12: =+SECOP!B10 -> UNION TEMPORAL SCG OBRAS | C12: HABILITADO | D12: NO HABILITADO | E12: HABILITADO | F12: HABILITADO | K12: =SUM(G12:J12) -> 0 | L12: 1.15 CAUSALES DE RECHAZO_Q. Ofrecer como AIU un porcentaje cuya sumatoria sea superior al establecido por la Entidad en el Formulario 1 – Formulario de Presupuesto Oficial.Y. No informar todos los Contratos que el Proponente tenga en ejecución antes del cierre, necesarios para acreditar su capacidad residual conforme a la sección 3.10.
A13: 9 | B13: =+SECOP!B11 -> CONSTRUCCIONES E INVERSIONES ESTELAR SAS | C13: HABILITADO | D13: HABILITADO | E13: HABILITADO | F13: HABILITADO | G13: 30 | H13: 20 | J13: 0.25 | K13: =SUM(G13:J13) -> 50.25 | N13: =+SECOP!D11 -> 682709673 | O13: =+'EVALUACION ECONOMICA'!D23 -> 48.397261 | P13: =+O13+K13 -> 98.647261 | Q13: 4
A14: 10 | B14: =+SECOP!B12 -> CONSORCIO OBRAS Y SOLUCIONES DM | C14: HABILITADO | D14: HABILITADO | E14: HABILITADO | F14: HABILITADO | G14: 30 | H14: 20 | I14: 0.25 | J14: 0.25 | K14: =SUM(G14:J14) -> 50.5 | N14: =+SECOP!D12 -> 679802533 | O14: =+'EVALUACION ECONOMICA'!D24 -> 48.604229 | P14: =+O14+K14 -> 99.104229 | Q14: 3
A15: 11 | B15: =+SECOP!B13 -> CONSORCIO C&C | C15: HABILITADO | D15: HABILITADO | E15: HABILITADO | F15: HABILITADO | G15: 30 | H15: 20 | I15: 0.25 | J15: 0.25 | K15: =SUM(G15:J15) -> 50.5 | N15: =+SECOP!D13 -> 679453143 | O15: =+'EVALUACION ECONOMICA'!D25 -> 48.629223 | P15: =+O15+K15 -> 99.129223 | Q15: 2
A16: 12 | B16: =+SECOP!B14 -> ERJ INGENIERIA E INVERSIONES SAS | C16: HABILITADO | D16: HABILITADO | E16: HABILITADO | F16: HABILITADO | G16: 30 | H16: 20 | I16: 0.25 | J16: 0.25 | K16: =SUM(G16:J16) -> 50.5 | N16: =+SECOP!D14 -> 667500570 | O16: =+'EVALUACION ECONOMICA'!D26 -> 49.5 | P16: =+O16+K16 -> 100 | Q16: 1
A17: 13 | B17: =+SECOP!B15 -> FUNDACION ESPELETIA | C17: HABILITADO | D17: HABILITADO | E17: HABILITADO | F17: HABILITADO | G17: 30 | H17: 20 | I17: 0.25 | J17: 0.25 | K17: =SUM(G17:J17) -> 50.5 | N17: =+SECOP!D15 -> 689945003 | O17: =+'EVALUACION ECONOMICA'!D27 -> 47.889727 | P17: =+O17+K17 -> 98.389727 | Q17: 6
A18: 14 | B18: =+SECOP!B16 -> JOSE RAUL GONZALEZ RIVERA | C18: NO HABILITADO | D18: HABILITADO | E18: HABILITADO | F18: HABILITADO | K18: =SUM(G18:J18) -> 0 | L18: El proponente NO CUMPLE con el requisito de experiencia previsto en el proceso. 1.15 CAUSALES DE RECHAZO_N. No ofrecer el valor de un precio unitario u ofrecerlo en cero (0) pesos. Q. Ofrecer como AIU un porcentaje cuya sumatoria sea superior al establecido por la Entidad en el Formulario 1 – Formulario de Presupuesto Oficial.
A19: 15 | B19: =+SECOP!B17 -> UT CAMPEN MINCULTURA 2026 | C19: NO HABILITADO | D19: HABILITADO | E19: HABILITADO | F19: HABILITADO | K19: =SUM(G19:J19) -> 0 | L19: Teniendo en cuenta que la experiencia aportada por el consorciado ENERGY CG COLOMBIA SAS con un porcentaje de participación en este proceso del 49,50%, no es válida por no cumplir con ninguno de los parámetros requeridos en el documento base; el proponente UNION TEMPORAL CAMPEN MINCULTURA 2026 NO CUMPLE con lo estipulado para la Experiencia acreditada por proponentes plurales: iii) sin perjuicio de lo anterior, solo uno (1) de los integrantes, si así lo considera pertinente, podrá no acreditar experiencia. En este último caso, el porcentaje de participación del integrante que no aporta experiencia en la estructura plural no podrá superar el diez por ciento (10 %). 1.15 CAUSALES DE RECHAZO_Q. Ofrecer como AIU un porcentaje cuya sumatoria sea superior al establecido por la Entidad en el Formulario 1 – Formulario de Presupuesto Oficial.
A20: 16 | B20: =+SECOP!B18 -> ZILL | C20: NO HABILITADO | D20: NO HABILITADO | E20: NO HABILITADO | F20: NO HABILITADO | K20: =SUM(G20:J20) -> 0 | L20: 1.15 CAUSALES DE RECHAZO_D. Que al Proponente se le haya requerido con el propósito de subsanar o aclarar o aportar un documento de la propuesta y no lo efectúe dentro del plazo indicado o no lo realice correctamente o de acuerdo con lo solicitado, siempre que la subsanación, aclaración, aporte requerido sea necesario para cumplir con un requisito habilitante en los términos establecidos en la sección 1.6 del Documento Base. F. Que el Proponente no acredite la presentación de la información para renovar el Registro Único de Proponentes (RUP), a más tardar el quinto día hábil del mes de abril de cada año, o en la fecha que establezca la ley o el reglamento, si fuera una distinta. Q. Ofrecer como AIU un porcentaje cuya sumatoria sea superior al establecido por la Entidad en el Formulario 1 – Formulario de Presupuesto Oficial. El proponente no subsanó, dentro de los términos establecidos, al verificar las bases oficiales, se evidenció que el Registro Único de Proponentes (RUP) no fue renovado en el plazo establecido. Lo anterio r, en contravención de lo dispuesto en el Decreto 1082 de 2015, que fija como fecha máxima de renovació n el quinto día hábil del mes de abril de cada año. El proponente no adjuntó el radicado que acreditara el trámite oportuno de renovació n del RUP para la vigencia 2026 ante la Cámara de Comercio .
B27: MONICA ORDUÑA MONSALVE Directora de Patrimonio y Memoria | H27: YAMID ALEXANDER PATIÑO Grupo de Patrimonio Cultural Inmueble Urbano - PCIU - Coordinador | M27: Claudia Zoraya Guerrero Sarmiento Grupo de Patrimonio Cultural Inmueble Urbano - PCIU

Sheet EVALUACION ECONOMICA
B2: MINISTERIO DE LAS CULTURAS, LAS ARTES Y LOS SABERES
D5: FECHA DE EVALUACIÓN: 4 de mayo de 2026
A7: EVALUACIÓN EXPERIENCIA PROPONENTE- PONDERABLE
A8: MENOR VALOR
A10: PRESUPUESTO OFICIAL | C10: 724761029 | D10: Tasa de Cambio Representativa del Mercado - TRM
A11: PUNTAJE MÁXIMO | C11: 49.5 | D11: FECHA | E11: COP
A12: MENOR VALOR | C12: =MIN(C15:C30) -> 667500570 | D12: 46142 | E12: 3621.86
A14: No. | B14: PROPONENTE QUE PRESENTÓ PROPUESTA | C14: VALOR OFERTA ECONÓMICA | D14: PUNTAJE | E14: OBSERVACIONES
A15: 1 | B15: CONSORCIO MANTENIMIENTOS | C15: 703740295 | D15: =ROUND(($C$11*$C$12)/C15,7) -> 46.950954 | E15: HABILITADO
A16: 2 | B16: GRUPO INARCO SAS | C16: 689688086 | D16: =ROUND(($C$11*$C$12)/C16,7) -> 47.907567 | E16: HABILITADO
A17: 3 | B17: CONSORCIO VENTURA & CO | E17: 1.15 CAUSALES DE RECHAZO_Q. Ofrecer como AIU un porcentaje cuya sumatoria sea superior al establecido por la Entidad en el Formulario 1 – Formulario de Presupuesto Oficial.
A18: 4 | B18: ID SAS | E18: NO HABILITADO
A19: 5 | B19: CONSTRUSERVICIOS SAS | E19: NO HABILITADO
A20: 6 | B20: CONSORCIO NVP | E20: NO HABILITADO
A21: 7 | B21: CONSORCIO PATRIMONIAL LEON VALENCIA | E21: 1.15 CAUSALES DE RECHAZO_Q. Ofrecer como AIU un porcentaje cuya sumatoria sea superior al establecido por la Entidad en el Formulario 1 – Formulario de Presupuesto Oficial.
A22: 8 | B22: UNION TEMPORAL SCG OBRAS | E22: NO HABILITADO
A23: 9 | B23: CONSTRUCCIONES E INVERSIONES ESTELAR SAS | C23: 682709673 | D23: =ROUND(($C$11*$C$12)/C23,7) -> 48.397261 | E23: HABILITADO
A24: 10 | B24: CONSORCIO OBRAS Y SOLUCIONES DM | C24: 679802533 | D24: =ROUND(($C$11*$C$12)/C24,7) -> 48.604229 | E24: HABILITADO
A25: 11 | B25: CONSORCIO C&C | C25: 679453143 | D25: =ROUND(($C$11*$C$12)/C25,7) -> 48.629223 | E25: HABILITADO
A26: 12 | B26: ERJ INGENIERIA E INVERSIONES SAS | C26: 667500570 | D26: =ROUND(($C$11*$C$12)/C26,7) -> 49.5 | E26: HABILITADO
A27: 13 | B27: FUNDACION ESPELETIA | C27: 689945003 | D27: =ROUND(($C$11*$C$12)/C27,7) -> 47.889727 | E27: HABILITADO
A28: 14 | B28: JOSE RAUL GONZALEZ RIVERA | E28: NO HABILITADO
A29: 15 | B29: UT CAMPEN MINCULTURA 2026 | E29: NO HABILITADO
A30: 16 | B30: ZILL | E30: NO HABILITADO
